Workbook

Sheet Estructura codificación
A1: N1 Técnica | C1: N2 Órgano | E1: N3 Prueba | G1: N4 Procedimiento | I1: CODIFICACIÓN: ESTRUCTURA JERÁRQUICA
A2: 0 | B2: 0 | I2: VARIOS
A3: 0 | B3: 1 | I3: RX SIMPLE
A4: 0 | B4: 2 | I4: MAMOGRAFÍA E INTERVENCIONISMO DE MAMA
A5: 0 | B5: 3 | I5: RADIOLOGÍA CONVENCIONAL CON CONTRASTE
A6: 0 | B6: 4 | I6: ECOGRAFÍA
A7: 0 | B7: 5 | I7: TOMOGRAFÍA COMPUTARIZADA
A8: 0 | B8: 6 | I8: RESONANCIA MAGNÉTICA
A9: 0 | B9: 7 | I9: INTERVENCIONISMO GENERAL
A10: 0 | B10: 8 | I10: NEUROVASCULAR E INTERVENCIONISTA
A11: 0 | B11: 9 | I11: VASCULAR E INTERVENCIONISTA
I12: Órganos o Sistemas
C13: 0 | D13: 0 | I13: MAMA
C14: 0 | D14: 1 | I14: TÓRAX
C15: 0 | D15: 2 | I15: CORAZÓN
C16: 0 | D16: 3 | I16: ABDOMEN
C17: 0 | D17: 4 | I17: CRÁNEO, CARA Y CUELLO
C18: 0 | D18: 5 | I18: COLUMNA
C19: 0 | D19: 6 | I19: MUSCULOESQUELÉTICO
C20: 0 | D20: 7 | I20: VASCULAR
C21: 0 | D21: 8 | I21: PEDIATRÍA
C22: 0 | D22: 9 | I22: MULTISISTEMA

Sheet Resumen de exportación
B3: Este documento se ha exportado desde Numbers. Cada tabla se ha convertido en una hoja de cálculo de Excel. Los demás objetos de las hojas de Numbers se han colocado en distintas hojas de cálculo. Recuerda que el cálculo de fórmulas puede ser diferente en Excel.
B7: Nombre de hoja de Numbers | C7: Nombre de tabla de Numbers | D7: Nombre de hoja de cálculo de Excel
B9: Participantes
C10: Tabla 1 | D10: Participantes
B11: Estructura codificación
C12: Tabla 1 | D12: Estructura codificación
B13: Leyenda
C14: Tabla 1 | D14: Leyenda
B15: Radiología simple.
C16: Tabla 1 | D16: Radiología simple.
B17: Unidad de Mama
C18: Tabla 1 | D18: Unidad de Mama
B19: Rad. Conv. con contraste
C20: Tabla 1 | D20: Rad. Conv. con contraste
B21: Especificos de pediatría.
C22: Tabla 1 | D22: Especificos de pediatría.
B23: Ecografía
C24: Tabla 1 | D24: Ecografía
B25: Especificos Pediatría
C26: Tabla 1 | D26: Especificos Pediatría
B27: Interv. General
C28: Tabla 1 | D28: Interv. General
B29: Neurovas. Interv.
C30: Tabla 1 | D30: Neurovas. Interv.
B31: Vascular intervenci.
C32: Tabla 1 | D32: Vascular intervenci.
B33: TC
C34: Tabla 1 | D34: TC
B35: RM
C36: Tabla 1 | D36: RM
B37: Varios
C38: Tabla 1 | D38: Varios
B39: datos lista validación
C40: Tabla 1 | D40: datos lista validación

Sheet Epígrafes del catálogo
A1: En el actual catálogo se han empleado las siguientes definiciones y epígrafes:
A3: PRUEBA | B3: Referencia nominal a incluir en la aplicación de solicitudes de estudios de imagen (petitorio). En términos de gestión de admisión la solicitud de una prueba genera una propuesta. Una prueba puede corresponder a uno o más variantes de procedimientos.
A5: PROCEDIMIENTO | B5: Referencia nominal a incluir en el Servidor de Información Radiológica (RIS/SIR) para gestión de agendas y control de actividad en la que se define su TOS y TM. No pueden existir dos procedimientos iguales. Su numeración se incluye en la cabecera DICOM del estudio.
A7: DECISION | B7: Decisión del comité respecto a permanencia, modificación o exclusión de un determinado procedimiento en su última revisión
A9: DESCRIPCION PROCEDIMIENTO | B9: El objeto de la descripción es delimitar las condiciones de adquisicón para facilitar su comparabilidad en términos de dosis, coste y criterios de calidad
A11: UAR (Unida Actividad Relativa) | B11: Estimación de actividad para comparar complejidad UAR= Tiempo profesional en proporción con respecto al requerido para realizar una radiografía PA y lateral de tórax
A13: índice de complejidad | B13: Clasificador de actividad basado en UAR. Se consideran standard aquellas <4 UAR, avanzadas aquellas entre 4-9 UAR y complejas aquellas >10 UAR
A15: URV (Unidad Relativa Valor) | B15: URV = tiempo profesional+ coste de material + costeamortización
A17: TIEMPO OCUPACIÓN SALA (TOS) | B17: Estimación en minutos del tiempo empleado por los profesionales intervientes en completar una determinada prueba o procedimiento.
A19: TIEMPO MÉDICO (TM) | B19: Estimación en minutos del tiempo empleado por los facultativos intervientes en completar las tareas relacionadas con una determinada prueba o procedimiento.
A21: Nº FE ADQ | B21: Número de profesionales facultativos especialistas que se recomiendan necesarios para llevar a cabo un determinado procedimiento diagnóstico o terapéutico
A23: Nº DUE | B23: Número de diplomados universitarios de enfermeria que se recomiendan necesarios para llevar a cabo un determinado procedimiento diagnóstico o terapéutico
A25: Nº TSID | B25: Número de profesionales Técnicos Superiores de Imagen para el Diaagnóstico n a que se recomiendan necesarios para llevar a cabo un determinado procedimiento diagnóstico o terapéutico
... A31: NA | B31: No aplica

Sheet Participantes
A1: Nombre y Apellido | B1: Cargo | C1: Representante de | D1: Teléfono | E1: e-mail | F1: Centro de trabajo
A2: Tomas Ripolles Gonzalez | C2: SEUS | E2: ripolles_tom@gva.es | F2: Hospital Universitario Dr. Peset .Valencia
A3: Mar Perez -Peña | C3: SEUS | E3: mar_perez@yahoo.com | F3: Hospital Álvarez-Buylla. Mieres. Asturias
A4: Jose Luis Del Cura | C4: SEUS | E4: joseluis.delcurarodriguez@osakidetza.eus | F4: Hospital Universitario Donosti. Donosti
A5: Santiago Mendez Alonso | C5: SERVEI | E5: smendez.sma@gmail.com | F5: Hospital Universitario Puerta de Hierro Majadahonda. Madrid
A6: Jose Andrés Guirola | C6: SERVEI | F6: Hospital Clínico Universitario Lozano Blesa. Zaragoza
A7: Joaquim Piqueras Padellans | C7: SERPE | E7: joaquim.piqueras@vallhebron.cat | F7: Hospital Universitario Vall d'hebró. Barcelona.
A8: Raquel Prada González | C8: SERME | E8: rachelprad@gmail.com | F8: Hospital Ribera Povisa. Vigo
A9: Ana Isabel García | C9: SERME | E9: garciaai@hotmail.com | F9: Hospital Clínic. Barcelona
A10: Juan Calvo Blanco | C10: SERAU | E10: juan.calvobla@gmail.com | F10: Hospital Universitario Central de Asturias. Oviedo
A11: Elena Martinez Chamorro | C11: SERAU | E11: elenamartinezcha@hotmail.com | F11: Hospital Universitario 12 de Octubre. Madrid
A12: Luis Concepción Aramendía | B12: Responsable Asuntos Profesionales SERAM | C12: SERAM | D12: 638142193 | E12: asuntos.profesionales@gmail.com | F12: Hospital General Universitario Dr. Balmis. Alicante
A13: Jose Carmelo Albillos Merino | C13: SERAM | E13: jcarmelo.albillos@salud.madrid.org | F13: Hospital Universitario 12 de Octubre. Madrid
A14: Andres Gonzalez Mandy | C14: SENR/GENI | E14: agonzalezmandly@gmail.com | F14: Hospital Universitario Marques de Valdecilla. Santander
A15: Teresa Cabada Giadás | C15: SENR | E15: teresa.cabada.giadas@navarra.es | F15: Hospital Universitario Navarra. Navarra
A16: Carlos Delgado Sánchez-Gracián | C16: SEICAT | E16: cdelgado@povisa.es | F16: Hospital Ribera Povisa. Vigo
A17: Alberto Hidalgo | C17: SEICAT | E17: alhidalgop@gmail.com | F17: Hospital Josep Trueta. Girona
A18: Maria Rosa Cozculluela | C18: SEGECA | F18: Hospital de Tudela. Navarra
A19: Miguel Angel Trapero García | C19: SEGECA | E19: matrapero@fhalcorcon.es | F19: Hospital Fuenlabrada. Madrid
A20: Sara Lojo Lendoiro | C20: SEGECA | E20: sara.lojo.lendoiro@gmail.com | F20: Hospital Álvaro Cunqueiro. Vigo
A21: Mariana Rovira Cañellas | C21: SEGECA | E21: mrovirac@lcr.cat | F21: Hospital del Mar. Barcelona
A22: Fatima Matute | C22: SEGECA | E22: fatimamatute@yahoo.es ; fatimamatuterx@gmail.com | F22: Hospital Clínico. Madrid
A23: María Isabel Romero Manjón | C23: SEGECA | E23: isabelromami@gmail.com | F23: Hospital Virgen de las Nieves. Granada
A24: Jose María Maiques | C24: SEGECA | E24: jmaiques@psmar.cat | F24: Hospital del Mar. Barcelona.
A25: Pilar Alonso Bartolome | C25: SEDIM | E25: palonsobartolo@gmail.com | F25: Hospital Universitario Marques de Valdecilla. Santander
A26: Lucia Grana Lopez | C26: SEDIM | E26: lucia.grana.lopez@sergas.es ; grana.lopez.lucia@gmail.com | F26: Hospital Universitario Lucus Agustí. Lugo
A27: Jordi Rimola | C27: SEDIA | E27: jrimola@clinic.cat | F27: Hospital Clínic. Barcelona
A28: Gonzalo Tardáguila de la Fuente | C28: SEDIA | E28: gtardaguila@povisa.es | F28: Hospital Ribera Povisa. Vigo

Sheet Codificación cambios
A2: Pruebas, exploraciones, códigos,
A3: en letra verde los que se incluyen o se modifican respecto al catálogo 2016 | L3: MAMOGRAFÍA UNILATERAL CON CONTRASTE
A4: en letra roja los que se elimina respecto al catálogo 2016 o no se acepta su inclusión en el catálogo 2024 | L4: MASTOIDES CUATRO PROYECCIONES
A7: UAR
A8: fondo rojo bajan respecto a versión 2016
A9: fondo verde aumentan respecto a versión 2016
A11: Tiempos:
A12: fondo azul bajan respecto a versión 2016
A13: fondo fucsia suben respecto a versión 2026

Sheet Leyenda
A2: Utilizaremos casilla de color blanco y letra en negro para el catalogo SERAM 2016 + SERMAS 2016
A3: Utilizaremos casillas de color blanco y letra de color VERDE para las solicitudes de inclusión
A4: Utilizaremos casillas de color blanco y letra de color ROJO para las solicitudes de exclusión
C6: Representantes de referencia
C7: Restantes incluidos en primera hoja
A8: Se añade una columna nueva SEC. PROPONE, para indicar que sección realiza la propuesta. | B8: SEICAT | C8: Dr. Hidalgo, Alberto
B9: SERPE | C9: Dr. Piqueras, Joaquim
B10: SERME | C10: Dra. García, Isabel
B11: SENRGENI | C11: Dr. Gonzalez, Andres
B12: SERAU | C12: Dra. Martinez Chamorro, Elena
B13: SEGECA | C13: Dra. Romero, Isabel; Dr. Maiques, Joe
B14: SEDIM | C14: Dra. Graña, Lucia
B15: SERVEI | C15: Dr. Mendez, Santiago
B16: SEUS | C16: Dr. Tomás Ripollés
B17: SENRDX | C17: Dra. Cabadas, Teresa
A18: Realzado verde si se necesita clarificación de esta cuestion por parte del que hace la propuesta en la reunión conjunta con el grupo de trabajo
A19: Realzado en amarillo, superposición de propuestas que requiere consenso
A20: Revisado por equipo coordinador

Sheet Rsimple Descript WIP
A1: REVISADA
N2: OMC | V2: CATÁLOGO PRUEBAS Y PROCEDIMIENTOS SERAM 2024
I3: =CONCATENATE(A3,B3,C3,D3,E3,F3,G3,H3) | T3: RADIOLOGÍA SIMPLE
A4: N1 Técnica | C4: N2 Órgano | E4: N3 Prueba | G4: N4 Procedimiento | I4: COD 2015 | J4: COD 2009 | K4: COD 2009 | L4: GRP ORD. | M4: Descriptor | N4: Complejidad | O4: Anestesia | P4: CIEP 9 | Q4: VALORACIÓN | R4: SEC. PROPONE | S4: Código 2023 | T4: PROCEDIMIENTO | U4: DECISION | V4: DESCRIPCION PROCEDIMIENTO (WIP) | X4: URA | Y4: URV | Z4: TIEMPO OCUPACIÓN SALA | AA4: TIEMPO MÉDICO | AB4: Nº FE ADQ | AC4: Nº DUE | AD4: Nº TSID | AE4: Nº TCAE | AF4: Coste TER | AG4: Coste DUE | AH4: Coste médico | AI4: Coste TCAE | AJ4: Coste total personal | AK4: URA | AL4: Coste equipos | AM4: Coste contraste | AN4: Coste fungible | AO4: Coste PACS | AP4: Coste total | AQ4: URV | AR4: NDR (WIP) | AS4: Recomendación de uso | AV4: Criterios de Calidad
I5: =CONCATENATE(A5,B5,C5,D5,E5,F5,G5,H5) | R5: SERAM | T5: Pediatría: factor de corrección TOS x 1,4; URA y URV x 1,2
I6: =CONCATENATE(A6,B6,C6,D6,E6,F6,G6,H6) | J6: 10 | R6: SERAM | T6: RADIOLOGÍA DE TÓRAX | W6: RADIOLOGÍA DE TÓRAX
A7: 0 | B7: 1 | C7: 0 | D7: 1 | E7: 0 | F7: 1 | G7: 0 | H7: 1 | I7: =CONCATENATE(A7,B7,C7,D7,E7,F7,G7,H7) -> 01010101 | K7: 70101 | L7: 30102 | M7: Radiología simple_tronco | R7: SERAM | T7: TÓRAX PA | U7: Mantener | V7: Una adquisción radiográfica colimada de la región torácica en bipedestación e inspiración máxima. En el caso de maniobra de espiración para detección de nuemotórax/atrapamiento aéreo debe marcarse sobre la imagen. | W7: TÓRAX, PA | X7: =AK7 -> 0.94137467 | Y7: =AQ7 -> 0.92810386 | Z7: 5 | AA7: 5 | AB7: 0 | AC7: 0 | AD7: 1 | AE7: 0 | AF7: 1.6392142 | AG7: 0 | AH7: 3.6251131 | AJ7: =SUM(AF7,AG7,AH7:AI7) -> 5.2643273 | AK7: =AJ7/AJ$8 -> 0.94137467 | AL7: 1.428413 | AM7: 0 | AN7: 0 | AO7: 1.2272304 | AP7: =SUM(AJ7,AL7,AM7,AN7,AO7) -> 7.9199707 | AQ7: =AP7/AP$8 -> 0.92810386 | AS7: Estándar
A8: 0 | B8: 1 | C8: 0 | D8: 1 | E8: 0 | F8: 2 | G8: 0 | H8: 1 | I8: =CONCATENATE(A8,B8,C8,D8,E8,F8,G8,H8) -> 01010201 | K8: 70102 | L8: 30102 | M8: Radiología simple_tronco | R8: SERAM | T8: TÓRAX PA Y LAT | U8: Mantener | V8: Dos adquisiciones radiográficas ortogonales colimadas de la región torácica tomadas en bipedstación e inspiración máxima | W8: TÓRAX, PA Y LAT | X8: =AK8 -> 1 | Y8: =AQ8 -> 1 | Z8: 6 | AA8: 5 | AB8: 0 | AC8: 0 | AD8: 1 | AE8: 0 | AF8: 1.967057 | AG8: 0 | AH8: 3.6251131 | AJ8: =SUM(AF8,AG8,AH8:AI8) -> 5.5921701 | AK8: =AJ8/AJ8 -> 1 | AL8: 1.7140956 | AM8: 0 | AN8: 0 | AO8: 1.2272304 | AP8: =SUM(AJ8,AL8,AM8,AN8,AO8) -> 8.5334961 | AQ8: =AP8/AP$8 -> 1 | AS8: Estándar
A9: 0 | B9: 1 | C9: 0 | D9: 1 | E9: 0 | F9: 3 | G9: 0 | H9: 1 | I9: =CONCATENATE(A9,B9,C9,D9,E9,F9,G9,H9) -> 01010301 | K9: 70103 | R9: SERAM | T9: PROYEC. ESPECIALES DE TÓRAX: DECÚBITOS, LORDÓTICAS | U9: Mantener | V9: Una adquisición radiográfica adicional de la región torácica para facilitar la delimitación de patologías como el derrame o niveles hidroaéreos (decúbito), detección de patología apical (lordóticas) | W9: PROYEC. ESPECIALES DE TÓRAX: DECÚBITOS, LORDÓTICAS | X9: =AK9 -> 0.94137467 | Y9: =AQ9 -> 0.92810386 | Z9: 5 | AA9: 5 | AB9: 0 | AC9: 0 | AD9: 1 | AE9: 0 | AF9: 1.6392142 | AG9: 0 | AH9: 3.6251131 | AJ9: =SUM(AF9,AG9,AH9:AI9) -> 5.2643273 | AK9: =AJ9/AJ8 -> 0.94137467 | AL9: 1.428413 | AM9: 0 | AN9: 0 | AO9: 1.2272304 | AP9: =SUM(AJ9,AL9,AM9,AN9,AO9) -> 7.9199707 | AQ9: =AP9/AP$8 -> 0.92810386 | AS9: Estándar
A10: 0 | B10: 1 | C10: 0 | D10: 1 | E10: 0 | F10: 4 | G10: 0 | H10: 1 | I10: =CONCATENATE(A10,B10,C10,D10,E10,F10,G10,H10) -> 01010401 | K10: 70106 | R10: SERAM | T10: PARRILLA COSTAL AP Y OBLICUAS | U10: Mantener | V10: Dos adquisiciones radiográficas con distinta oblicuidad colimadas sobre la pared torácica sintomática | W10: PARRILLA COSTAL AP Y OBLICUAS | X10: =AK10 -> 1 | Y10: =AQ10 -> 1 | Z10: 6 | AA10: 5 | AC10: 0 | AD10: 1 | AE10: 0 | AF10: 1.967057 | AG10: 0 | AH10: 3.6251131 | AJ10: =SUM(AF10,AG10,AH10:AI10) -> 5.5921701 | AK10: =AJ10/AJ8 -> 1 | AL10: 1.7140956 | AM10: 0 | AN10: 0 | AO10: 1.2272304 | AP10: =SUM(AJ10,AL10,AM10,AN10,AO10) -> 8.5334961 | AQ10: =AP10/AP$8 -> 1 | AS10: Estándar
A11: 0 | B11: 1 | C11: 0 | D11: 1 | E11: 0 | F11: 5 | G11: 0 | H11: 1 | I11: =CONCATENATE(A11,B11,C11,D11,E11,F11,G11,H11) -> 01010501 | K11: 70113 | R11: SERAM | T11: FLUOROSCOPIA DE TÓRAX | U11: Mantener | V11: Exploración fluoroscópica para visualización del movimiento diafragmático | W11: FLUOROSCOPIA DE TÓRAX | X11: =AK11 -> 1.8827493 | Y11: =AQ11 -> 1.8659604 | Z11: 10 | AA11: 10 | AC11: 0 | AD11: 1 | AE11: 0 | AF11: 3.2784284 | AG11: 0 | AH11: 7.2502262 | AJ11: =SUM(AF11,AG11,AH11:AI11) -> 10.528655 | AK11: =AJ11/AJ$8 -> 1.8827493 | AL11: 4.1672809 | AM11: 0 | AN11: 0 | AO11: 1.2272304 | AP11: =SUM(AJ11,AL11,AM11,AN11,AO11) -> 15.923166 | AQ11: =AP11/AP$8 -> 1.8659604 | AS11: Estándar
I12: =CONCATENATE(A12,B12,C12,D12,E12,F12,G12,H12) | AS12: Estándar
I13: =CONCATENATE(A13,B13,C13,D13,E13,F13,G13,H13) | J13: 50 | R13: SERAM | T13: RADIOLOGÍA DE ABDOMEN | W13: RADIOLOGÍA DE ABDOMEN | AS13: Estándar
A14: 0 | B14: 1 | C14: 0 | D14: 3 | E14: 0 | F14: 1 | G14: 0 | H14: 1 | I14: =CONCATENATE(A14,B14,C14,D14,E14,F14,G14,H14) -> 01030101 | K14: 70501 | L14: 30102 | M14: Radiología simple_tronco | R14: SERAM | T14: ABDOMEN SIMPLE AP | U14: Mantener | V14: Una adquisición radiográfica desde la región diafragmática hasta la sinfisis del pubis en respiración sostenida. | W14: ABDOMEN SIMPLE AP | X14: =AK14 -> 1 | Y14: =AQ14 -> 1 | Z14: 6 | AA14: 5 | AC14: 0 | AD14: 1 | AE14: 0 | AF14: 1.967057 | AG14: 0 | AH14: 3.6251131 | AJ14: =SUM(AF14,AG14,AH14) -> 5.5921701 | AK14: =AJ14/AJ$8 -> 1 | AL14: 1.7140956 | AM14: 0 | AN14: 0 | AO14: 1.2272304 | AP14: =SUM(AJ14,AL14,AM14,AN14,AO14) -> 8.5334961 | AQ14: =AP14/AP$8 -> 1 | AS14: Estándar
A15: 0 | B15: 1 | C15: 0 | D15: 3 | E15: 0 | F15: 2 | G15: 0 | H15: 1 | I15: =CONCATENATE(A15,B15,C15,D15,E15,F15,G15,H15) -> 01030201 | K15: 70502 | L15: 30102 | M15: Radiología simple_tronco | R15: SERAM | T15: ABDOMEN SIMPLE AP Y BIPE O DECÚBITO | U15: Mantener | V15: Dos adquisciones radiográfica incluyendo desde la región diafragmática hasta la sinfisis del pubis en respiración sostenida con el objeto de evaluar la presencia de perforación u obstrucción intestinal. | W15: ABDOMEN SIMPLE AP Y BIPE O DECÚBITO | X15: =AK15 -> 1.351752 | Y15: =AQ15 -> 1.4313768 | Z15: 12 | AA15: 5 | AC15: 0 | AD15: 1 | AE15: 0 | AF15: 3.934114 | AG15: 0 | AH15: 3.6251131 | AJ15: =SUM(AF15,AG15,AH15) -> 7.5592271 | AK15: =AJ15/AJ$8 -> 1.351752 | AL15: 3.4281912 | AM15: 0 | AN15: 0 | AO15: 1.2272304 | AP15: =SUM(AJ15,AL15,AM15,AN15,AO15) -> 12.214649 | AQ15: =AP15/AP$8 -> 1.4313768 | AS15: Estándar
I16: =CONCATENATE(A16,B16,C16,D16,E16,F16,G16,H16) | U16: Mantener | V16: Solicitar CI para Rx en embarazada? | X16: =AK16 -> 0 | Y16: =AQ16 -> 0 | AC16: 0 | AD16: 1 | AE16: 0 | AS16: Estándar
I17: =CONCATENATE(A17,B17,C17,D17,E17,F17,G17,H17) | J17: 20 | R17: SERAM | T17: RADIOLOGÍA DE CRÁNEO Y CARA | W17: RADIOLOGÍA DE CRÁNEO Y CARA | AS17: Estándar
A18: 0 | B18: 1 | C18: 0 | D18: 4 | E18: 0 | F18: 1 | G18: 0 | H18: 1 | I18: =CONCATENATE(A18,B18,C18,D18,E18,F18,G18,H18) -> 01040101 | K18: 70206 | L18: 30101 | M18: Radiología simple_Cabeza | R18: SERAM | T18: CRÁNEO AP Y LAT | U18: Mantener | V18: Dos adquisiciones radiográficas ortogonales colimadas del cráneo | W18: CRÁNEO AP Y LAT | X18: =AK18 -> 1 | Y18: =AQ18 -> 1 | Z18: 6 | AA18: 5 | AC18: 0 | AD18: 1 | AE18: 0 | AF18: 1.967057 | AG18: 0 | AH18: 3.6251131 | AJ18: =SUM(AF18,AG18,AH18) -> 5.5921701 | AK18: =AJ18/AJ$8 -> 1 | AL18: 1.7140956 | AM18: 0 | AN18: 0 | AO18: 1.2272304 | AP18: =SUM(AJ18,AL18,AM18,AN18,AO18) -> 8.5334961 | AQ18: =AP18/AP$8 -> 1 | AS18: Estándar
A19: 0 | B19: 1 | C19: 0 | D19: 4 | E19: 0 | F19: 2 | G19: 0 | H19: 1 | I19: =CONCATENATE(A19,B19,C19,D19,E19,F19,G19,H19) -> 01040201 | K19: 70205 | L19: 30101 | M19: Radiología simple_Cabeza | R19: SERAM | T19: ÓRBITAS Y MACIZO FACIAL | U19: Mantener | V19: Una adquisición radiográfica del área facial | W19: ÓRBITAS Y MACIZO FACIAL | X19: =AK19 -> 1 | Y19: =AQ19 -> 1 | Z19: 6 | AA19: 5 | AC19: 0 | AD19: 1 | AE19: 0 | AF19: 1.967057 | AG19: 0 | AH19: 3.6251131 | AJ19: =SUM(AF19,AG19,AH19) -> 5.5921701 | AK19: =AJ19/AJ$8 -> 1 | AL19: 1.7140956 | AM19: 0 | AN19: 0 | AO19: 1.2272304 | AP19: =SUM(AJ19,AL19,AM19,AN19,AO19) -> 8.5334961 | AQ19: =AP19/AP$8 -> 1 | AS19: Estándar
A20: 0 | B20: 1 | C20: 0 | D20: 4 | E20: 0 | F20: 3 | G20: 0 | H20: 1 | I20: =CONCATENATE(A20,B20,C20,D20,E20,F20,G20,H20) -> 01040301 | K20: 70202 | R20: SERME/SENR | T20: MASTOIDES CUATRO PROYECCIONES | U20: Eliminar | W20: MASTOIDES CUATRO PROYECCIONES | X20: =AK20 -> 1.4690027 | Y20: =AQ20 -> 1.5751691 | Z20: 14 | AA20: 5 | AC20: 0 | AD20: 1 | AE20: 0 | AF20: 4.5897997 | AG20: 0 | AH20: 3.6251131 | AJ20: =SUM(AF20,AG20,AH20) -> 8.2149128 | AK20: =AJ20/AJ$8 -> 1.4690027 | AL20: 3.9995565 | AM20: 0 | AN20: 0 | AO20: 1.2272304 | AP20: =SUM(AJ20,AL20,AM20,AN20,AO20) -> 13.4417 | AQ20: =AP20/AP$8 -> 1.5751691 | AS20: Estándar
A21: 0 | B21: 1 | C21: 0 | D21: 4 | E21: 0 | F21: 4 | G21: 0 | H21: 1 | I21: =CONCATENATE(A21,B21,C21,D21,E21,F21,G21,H21) -> 01040401 | K21: 70203 | L21: 30101 | M21: Radiología simple_Cabeza | R21: SERAM | T21: SENOS PARANASALES | U21: Mantener | V21: Una adquisición radiográfica del área facial con angulación para mejor delimitación de un áreas de los senos paranasales | W21: SENOS PARANASALES | X21: =AK21 -> 1 | Y21: =AQ21 -> 1 | Z21: 6 | AA21: 5 | AC21: 0 | AD21: 1 | AE21: 0 | AF21: 1.967057 | AG21: 0 | AH21: 3.6251131 | AJ21: =SUM(AF21,AG21,AH21) -> 5.5921701 | AK21: =AJ21/AJ$8 -> 1 | AL21: 1.7140956 | AM21: 0 | AN21: 0 | AO21: 1.2272304 | AP21: =SUM(AJ21,AL21,AM21,AN21,AO21) -> 8.5334961 | AQ21: =AP21/AP$8 -> 1 | AS21: Estándar
A22: 0 | B22: 1 | C22: 0 | D22: 4 | E22: 0 | F22: 5 | G22: 0 | H22: 1 | I22: =CONCATENATE(A22,B22,C22,D22,E22,F22,G22,H22) -> 01040501 | K22: 70204 | L22: 30101 | M22: Radiología simple_Cabeza | R22: SERAM | T22: HUESOS PROPIOS DE LA NARIZ | U22: Mantener | V22: Una adquisición radiográfica lateral del área facial | W22: HUESOS PROPIOS DE LA NARIZ | X22: =AK22 -> 0.94137467 | Y22: =AQ22 -> 0.92810386 | Z22: 5 | AA22: 5 | AC22: 0 | AD22: 1 | AE22: 0 | AF22: 1.6392142 | AG22: 0 | AH22: 3.6251131 | AJ22: =SUM(AF22,AG22,AH22) -> 5.2643273 | AK22: =AJ22/AJ$8 -> 0.94137467 | AL22: 1.428413 | AM22: 0 | AN22: 0 | AO22: 1.2272304 | AP22: =SUM(AJ22,AL22,AM22,AN22,AO22) -> 7.9199707 | AQ22: =AP22/AP$8 -> 0.92810386 | AS22: Estándar
A23: 0 | B23: 1 | C23: 0 | D23: 4 | E23: 0 | F23: 6 | G23: 0 | H23: 1 | I23: =CONCATENATE(A23,B23,C23,D23,E23,F23,G23,H23) -> 01040601 | K23: 70201 | L23: 30101 | M23: Radiología simple_Cabeza | R23: SERAM | T23: MANDÍBULA DOS PROYECCIONES | U23: Mantener | V23: Dos adquisiciones radiográficas ortogonales colimadas | W23: MANDÍBULA DOS PROYECCIONES | X23: =AK23 -> 1 | Y23: =AQ23 -> 1 | Z23: 6 | AA23: 5 | AC23: 0 | AD23: 1 | AE23: 0 | AF23: 1.967057 | AG23: 0 | AH23: 3.6251131 | AJ23: =SUM(AF23,AG23,AH23) -> 5.5921701 | AK23: =AJ23/AJ$8 -> 1 | AL23: 1.7140956 | AM23: 0 | AN23: 0 | AO23: 1.2272304 | AP23: =SUM(AJ23,AL23,AM23,AN23,AO23) -> 8.5334961 | AQ23: =AP23/AP$8 -> 1 | AS23: Estándar
A24: 0 | B24: 1 | C24: 0 | D24: 4 | E24: 0 | F24: 7 | G24: 0 | H24: 1 | I24: =CONCATENATE(A24,B24,C24,D24,E24,F24,G24,H24) -> 01040701 | K24: 70207 | L24: 30101 | M24: Radiología simple_Cabeza | R24: SERAM | T24: ARTICULACIÓN TEMPOROMANDIBULAR (BA/BC) BILATERAL | U24: Mantener | V24: Dos adquisiciones radiográficas colimadas sobre la respectiva articulación temporomandibular (ATM) en situación de apertura bucal (BA) o de cierre bucal (BC) | W24: ARTICULACIÓN TEMPOROMANDIBULAR (BA/BC) BILATERAL | X24: =AK24 -> 1 | Y24: =AQ24 -> 1 | Z24: 6 | AA24: 5 | AC24: 0 | AD24: 1 | AE24: 0 | AF24: 1.967057 | AG24: 0 | AH24: 3.6251131 | AJ24: =SUM(AF24,AG24,AH24) -> 5.5921701 | AK24: =AJ24/AJ$8 -> 1 | AL24: 1.7140956 | AM24: 0 | AN24: 0 | AO24: 1.2272304 | AP24: =SUM(AJ24,AL24,AM24,AN24,AO24) -> 8.5334961 | AQ24: =AP24/AP$8 -> 1 | AS24: Estándar
A25: 0 | B25: 1 | C25: 0 | D25: 4 | E25: 0 | F25: 8 | G25: 0 | H25: 1 | I25: =CONCATENATE(A25,B25,C25,D25,E25,F25,G25,H25) -> 01040801 | K25: 70215 | L25: 30101 | M25: Radiología simple_Cabeza | R25: SERAM | T25: CUELLO PARTES BLANDAS / CAVUM | U25: Mantener | V25: Una adquisición radiográfica lateral del cuello con ajuste técnico para delmitación de partes blandas | W25: CUELLO PARTES BLANDAS/ CAVUM | X25: =AK25 -> 1 | Y25: =AQ25 -> 1 | Z25: 6 | AA25: 5 | AC25: 0 | AD25: 1 | AE25: 0 | AF25: 1.967057 | AG25: 0 | AH25: 3.6251131 | AJ25: =SUM(AF25,AG25,AH25) -> 5.5921701 | AK25: =AJ25/AJ$8 -> 1 | AL25: 1.7140956 | AM25: 0 | AN25: 0 | AO25: 1.2272304 | AP25: =SUM(AJ25,AL25,AM25,AN25,AO25) -> 8.5334961 | AQ25: =AP25/AP$8 -> 1 | AS25: Estándar
I26: =CONCATENATE(A26,B26,C26,D26,E26,F26,G26,H26) | AS26: Estándar
I27: =CONCATENATE(A27,B27,C27,D27,E27,F27,G27,H27) | J27: 21 | R27: SERAM | T27: ORTOPANTOMOGRAFÍA Y CEFALOMETRÍA | W27: ORTOPANTOMOGRAFÍA CEFALOMETRÍA | AS27: Estándar
A28: 0 | B28: 1 | C28: 0 | D28: 4 | E28: 0 | F28: 9 | G28: 0 | H28: 1 | I28: =CONCATENATE(A28,B28,C28,D28,E28,F28,G28,H28) -> 01040901 | K28: 70211 | R28: SERAM | T28: ORTOPANTOMOGRAFÍA | U28: Mantener | V28: Una adquisción radiográfica panorámica que incluye la totalidad de la mandibula, dentadura y porcion adyacente de los senos maxilares | W28: ORTOPANTOMOGRAFÍA | X28: =AK28 -> 1.1172507 | Y28: =AQ28 -> 0.9644247 | Z28: 8 | AA28: 5 | AC28: 0 | AD28: 1 | AE28: 0 | AF28: 2.6227427 | AG28: 0 | AH28: 3.6251131 | AJ28: =SUM(AF28,AG28,AH28) -> 6.2478558 | AK28: =AJ28/AJ$8 -> 1.1172507 | AL28: 0.75482825 | AM28: 0 | AN28: 0 | AO28: 1.2272304 | AP28: =SUM(AJ28,AL28,AM28,AN28,AO28) -> 8.2299144 | AQ28: =AP28/AP$8 -> 0.9644247 | AS28: Estándar
A29: 0 | B29: 1 | C29: 0 | D29: 4 | E29: 1 | F29: 0 | G29: 0 | H29: 1 | I29: =CONCATENATE(A29,B29,C29,D29,E29,F29,G29,H29) -> 01041001 | K29: 70212 | R29: SERAM | T29: CEFALOMETRÍA | U29: Mantener | V29: Una adquisición radiográfica en proyección lateral de la región cráneo facial completa y sinclítica para delimitación de medidas de referencia entre estructuras anatómicas. | W29: CEFALOMETRÍA | X29: =AK29 -> 1.1172507 | Y29: =AQ29 -> 0.9644247 | Z29: 8 | AA29: 5 | AC29: 0 | AD29: 1 | AE29: 0 | AF29: 2.6227427 | AG29: 0 | AH29: 3.6251131 | AJ29: =SUM(AF29,AG29,AH29) -> 6.2478558 | AK29: =AJ29/AJ$8 -> 1.1172507 | AL29: 0.75482825 | AM29: 0 | AN29: 0 | AO29: 1.2272304 | AP29: =SUM(AJ29,AL29,AM29,AN29,AO29) -> 8.2299144 | AQ29: =AP29/AP$8 -> 0.9644247 | AS29: Estándar
A30: 0 | B30: 1 | C30: 0 | D30: 4 | E30: 1 | F30: 1 | G30: 0 | H30: 1 | I30: =CONCATENATE(A30,B30,C30,D30,E30,F30,G30,H30) -> 01041101 | K30: 70213 | R30: SERAM | T30: DENTAL INDIVIDUAL, INTRABUCAL | U30: Mantener | V30: Una adquisición radiográfica sobre una pieza dental de referencia. | W30: DENTAL INDIVIDUAL, INTRABUCAL | X30: =AK30 -> 1.1172507 | Y30: =AQ30 -> 0.9644247 | Z30: 8 | AA30: 5 | AC30: 0 | AD30: 1 | AE30: 0 | AF30: 2.6227427 | AG30: 0 | AH30: 3.6251131 | AJ30: =SUM(AF30,AG30,AH30) -> 6.2478558 | AK30: =AJ30/AJ$8 -> 1.1172507 | AL30: 0.75482825 | AM30: 0 | AN30: 0 | AO30: 1.2272304 | AP30: =SUM(AJ30,AL30,AM30,AN30,AO30) -> 8.2299144 | AQ30: =AP30/AP$8 -> 0.9644247 | AS30: Estándar
AS31: Estándar
R32: SENR | T32: TC HAZ CONico (CBCT) | AS32: Estándar
A33: 0 | B33: 1 | C33: 0 | D33: 9 | E33: 0 | F33: 5 | G33: 0 | H33: 1 | R33: SENR | T33: CBCT OTRA ANATOMÍA | U33: Incluir | V33: 1 serie de imágenes obtenidas con tomografía de haz cónico en una región anatómica determinada que permite su reconstrucción multiplanar | W33: CBCT OTRA ANATOMÍA | Z33: Pedir SENR | AA33: Pedir SENR | AC33: 0 | AD33: 1 | AE33: 0 | AS33: Estándar
R34: SENR | T34: CBCT FACIAL/SENOS | U34: Incluir | V34: 1 serie de imágenes obtenidas con tomografía de haz cónico en la región facial que permite su reconstrucción multiplanar | W34: CBCT FACIAL/SENOS | Z34: Pedir SENR | AA34: Pedir SENR | AC34: 0 | AD34: 1 | AE34: 0 | AS34: Estándar
R35: SENR | T35: CBCT PEÑASCO | U35: Incluir | V35: 1 serie de imágenes obtenidas con tomografía de haz cónico en la base de cráneo para estudio del hueso temporal y que permite su reconstrucción multiplanar | W35: CBCT PEÑASCO | Z35: Pedir SENR | AA35: Pedir SENR | AC35: 0 | AD35: 1 | AE35: 0 | AS35: Estándar
R36: SENR | T36: CBCT maxilar/mandibular/ATM | U36: Incluir | V36: 1 serie de imágenes obtenidas con tomografía de haz cónico en la región maxilar/mandibular y que permite su reconstrucción multiplanar | W36: CBCT maxilar/mandibular/ATM | Z36: Pedir SENR | AA36: Pedir SENR | AC36: 0 | AD36: 1 | AE36: 0 | AS36: Estándar
AS37: Estándar
I38: =CONCATENATE(A38,B38,C38,D38,E38,F38,G38,H38)
I39: =CONCATENATE(A39,B39,C39,D39,E39,F39,G39,H39) | J39: 30 | R39: SERAM | T39: RADIOLOGÍA DE COLUMNA | W39: RADIOLOGÍA DE COLUMNA | AS39: Estándar
A40: 0 | B40: 1 | C40: 0 | D40: 5 | E40: 0 | F40: 1 | G40: 0 | H40: 1 | I40: =CONCATENATE(A40,B40,C40,D40,E40,F40,G40,H40) -> 01050101 | K40: 70208 | L40: 30102 | M40: Radiología simple_tronco | R40: SERAM | T40: COLUMNA CERVICAL AP Y LAT | U40: Mantener | V40: Dos adquisiciones radiográficas ortogonales (AP/LAT) colimadas obtenidas sobre la columna cervical | W40: COLUMNA CERVICAL AP Y LAT. | X40: =AK40 -> 1 | Y40: =AQ40 -> 1 | Z40: 6 | AA40: 5 | AC40: 0 | AD40: 1 | AE40: 0 | AF40: 1.967057 | AG40: 0 | AH40: 3.6251131 | AJ40: =SUM(AF40,AG40,AH40) -> 5.5921701 | AK40: =AJ40/AJ$8 -> 1 | AL40: 1.7140956 | AM40: 0 | AN40: 0 | AO40: 1.2272304 | AP40: =SUM(AJ40,AL40,AM40,AN40,AO40) -> 8.5334961 | AQ40: =AP40/AP$8 -> 1 | AS40: Estándar
A41: 0 | B41: 1 | C41: 0 | D41: 5 | E41: 0 | F41: 2 | G41: 0 | H41: 1 | I41: =CONCATENATE(A41,B41,C41,D41,E41,F41,G41,H41) -> 01050201 | K41: 70209 | L41: 30102 | M41: Radiología simple_tronco | R41: SERAM | T41: COLUMNA CERVICAL OBLICUAS | U41: Mantener | V41: Dos adquisiciones radiográficas ortogonales (OD/OI) colimadas obtenidas sobre la columna cervical para delimitar los agujeros de conjunción | W41: COLUMNA CERVICAL OBLICUAS | X41: =AK41 -> 1.1172507 | Y41: =AQ41 -> 1.1437923 | Z41: 8 | AA41: 5 | AC41: 0 | AD41: 1 | AE41: 0 | AF41: 2.6227427 | AG41: 0 | AH41: 3.6251131 | AJ41: =SUM(AF41,AG41,AH41) -> 6.2478558 | AK41: =AJ41/AJ$8 -> 1.1172507 | AL41: 2.2854608 | AM41: 0 | AN41: 0 | AO41: 1.2272304 | AP41: =SUM(AJ41,AL41,AM41,AN41,AO41) -> 9.760547 | AQ41: =AP41/AP$8 -> 1.1437923 | AS41: Estándar
A42: 0 | B42: 1 | C42: 0 | D42: 5 | E42: 0 | F42: 3 | G42: 0 | H42: 1 | I42: =CONCATENATE(A42,B42,C42,D42,E42,F42,G42,H42) -> 01050301 | K42: 70210 | L42: 30102 | M42: Radiología simple_tronco | R42: SERAM | T42: COLUMNA CERVICAL FLEXO-EXT | U42: Mantener | V42: Dos adquisiciones radiográficas colimadas obtenidas sobre la columna cervical en situación de flexión y extensión máxima. | W42: COLUMNA CERVICAL FLEXO-EXT. | X42: =AK42 -> 1.1172507 | Y42: =AQ42 -> 1.1437923 | Z42: 8 | AA42: 5 | AC42: 0 | AD42: 1 | AE42: 0 | AF42: 2.6227427 | AG42: 0 | AH42: 3.6251131 | AJ42: =SUM(AF42,AG42,AH42) -> 6.2478558 | AK42: =AJ42/AJ$8 -> 1.1172507 | AL42: 2.2854608 | AM42: 0 | AN42: 0 | AO42: 1.2272304 | AP42: =SUM(AJ42,AL42,AM42,AN42,AO42) -> 9.760547 | AQ42: =AP42/AP$8 -> 1.1437923 | AS42: Estándar
A43: 0 | B43: 1 | C43: 0 | D43: 5 | E43: 0 | F43: 4 | G43: 0 | H43: 1 | I43: =CONCATENATE(A43,B43,C43,D43,E43,F43,G43,H43) -> 01050401 | K43: XXXXX | L43: 30102 | M43: Radiología simple_tronco | R43: SERAM | T43: COLUMNA CERVICAL TRANSORAL | U43: Mantener | V43: Una adquisición en plano frontal colimada sobre la región oral con maniobra de boca abierta para delimitar la apófisis odontoides | W43: COLUMNA CERVICAL TRANSORAL | X43: =AK43 -> 1 | Y43: =AQ43 -> 1 | Z43: 6 | AA43: 5 | AC43: 0 | AD43: 1 | AE43: 0 | AF43: 1.967057 | AG43: 0 | AH43: 3.6251131 | AJ43: =SUM(AF43,AG43,AH43) -> 5.5921701 | AK43: =AJ43/AJ$8 -> 1 | AL43: 1.7140956 | AM43: 0 | AN43: 0 | AO43: 1.2272304 | AP43: =SUM(AJ43,AL43,AM43,AN43,AO43) -> 8.5334961 | AQ43: =AP43/AP$8 -> 1 | AS43: Estándar
A44: 0 | B44: 1 | C44: 0 | D44: 5 | E44: 0 | F44: 5 | G44: 0 | H44: 1 | I44: =CONCATENATE(A44,B44,C44,D44,E44,F44,G44,H44) -> 01050501 | K44: 70302 | L44: 30102 | M44: Radiología simple_tronco | R44: SERAM | T44: COLUMNA DORSAL A-P Y LAT | U44: Mantener | V44: Dos adquisiciones radiográficas ortogonales (AP/LAT) colimadas obtenidas sobre la columna dorsal | W44: COLUMNA DORSAL, A-P Y LAT. | X44: =AK44 -> 1.1172507 | Y44: =AQ44 -> 1.1437923 | Z44: 8 | AA44: 5 | AC44: 0 | AD44: 1 | AE44: 0 | AF44: 2.6227427 | AG44: 0 | AH44: 3.6251131 | AJ44: =SUM(AF44,AG44,AH44) -> 6.2478558 | AK44: =AJ44/AJ$8 -> 1.1172507 | AL44: 2.2854608 | AM44: 0 | AN44: 0 | AO44: 1.2272304 | AP44: =SUM(AJ44,AL44,AM44,AN44,AO44) -> 9.760547 | AQ44: =AP44/AP$8 -> 1.1437923 | AS44: Estándar
A45: 0 | B45: 1 | C45: 0 | D45: 5 | E45: 0 | F45: 6 | G45: 0 | H45: 1 | I45: =CONCATENATE(A45,B45,C45,D45,E45,F45,G45,H45) -> 01050601 | K45: 70304 | L45: 30102 | M45: Radiología simple_tronco | R45: SERAM | T45: COLUMNA LUMBOSACRA AP Y LAT | U45: Mantener | V45: Dos adquisiciones radiográficas ortogonales (AP/LAT) colimadas obtenidas sobre la columna lumbosacra | W45: COLUMNA LUMBOSACRA, AP y LAT. | X45: =AK45 -> 1.1172507 | Y45: =AQ45 -> 1.1437923 | Z45: 8 | AA45: 5 | AC45: 0 | AD45: 1 | AE45: 0 | AF45: 2.6227427 | AG45: 0 | AH45: 3.6251131 | AJ45: =SUM(AF45,AG45,AH45) -> 6.2478558 | AK45: =AJ45/AJ$8 -> 1.1172507 | AL45: 2.2854608 | AM45: 0 | AN45: 0 | AO45: 1.2272304 | AP45: =SUM(AJ45,AL45,AM45,AN45,AO45) -> 9.760547 | AQ45: =AP45/AP$8 -> 1.1437923 | AS45: Estándar
A46: 0 | B46: 1 | C46: 0 | D46: 5 | E46: 0 | F46: 7 | G46: 0 | H46: 1 | I46: =CONCATENATE(A46,B46,C46,D46,E46,F46,G46,H46) -> 01050701 | K46: 70305 | L46: 30102 | M46: Radiología simple_tronco | R46: SERAM | T46: COLUMNA LUMBOSACRA AP, LAT Y OBLICUAS | U46: Mantener | V46: Cuatro adquisiciones radiográficas ortogonales (AP/LAT/OD/OI) colimadas obtenidas sobre la columna lumbosacra, las proyecciones oblicuas para mejor delimitación de los elementos posteriores y agujeros de conjunción | W46: COLUMNA LUMBOSACRA AP, LAT Y OBLICUAS | X46: =AK46 -> 1.4690027 | Y46: =AQ46 -> 1.5751691 | Z46: 14 | AA46: 5 | AC46: 0 | AD46: 1 | AE46: 0 | AF46: 4.5897997 | AG46: 0 | AH46: 3.6251131 | AJ46: =SUM(AF46,AG46,AH46) -> 8.2149128 | AK46: =AJ46/AJ$8 -> 1.4690027 | AL46: 3.9995565 | AM46: 0 | AN46: 0 | AO46: 1.2272304 | AP46: =SUM(AJ46,AL46,AM46,AN46,AO46) -> 13.4417 | AQ46: =AP46/AP$8 -> 1.5751691 | AS46: Estándar
A47: 0 | B47: 1 | C47: 0 | D47: 5 | E47: 0 | F47: 8 | G47: 0 | H47: 1 | I47: =CONCATENATE(A47,B47,C47,D47,E47,F47,G47,H47) -> 01050801 | K47: 70314 | L47: 30102 | M47: Radiología simple_tronco | R47: SERAM | T47: COLUMNA LUMBOSACRA FLEXO-EXT | U47: Mantener | V47: Dos adquisiciones radiográficas colimadas obtenidas sobre la columna lumbar en situación de flexión y extensión máxima. | W47: COLUMNA LUMBOSACRA FLEXO-EXT. | X47: =AK47 -> 1.1172507 | Y47: =AQ47 -> 1.1437923 | Z47: 8 | AA47: 5 | AC47: 0 | AD47: 1 | AE47: 0 | AF47: 2.6227427 | AG47: 0 | AH47: 3.6251131 | AJ47: =SUM(AF47,AG47,AH47) -> 6.2478558 | AK47: =AJ47/AJ$8 -> 1.1172507 | AL47: 2.2854608 | AM47: 0 | AN47: 0 | AO47: 1.2272304 | AP47: =SUM(AJ47,AL47,AM47,AN47,AO47) -> 9.760547 | AQ47: =AP47/AP$8 -> 1.1437923 | AS47: Estándar
A48: 0 | B48: 1 | C48: 0 | D48: 5 | E48: 0 | F48: 9 | G48: 0 | H48: 1 | I48: =CONCATENATE(A48,B48,C48,D48,E48,F48,G48,H48) -> 01050901 | K48: 70306 | L48: 30102 | M48: Radiología simple_tronco | R48: SERAM | T48: SACROCOXIS AP Y LAT | U48: Mantener | V48: Dos adquisiciones radiográficas ortogonales (AP/LAT) colimadas obtenidas sobre la región sacrococcigea | W48: SACROCOXIS, AP y LAT. | X48: =AK48 -> 1.1172507 | Y48: =AQ48 -> 1.1437923 | Z48: 8 | AA48: 5 | AC48: 0 | AD48: 1 | AE48: 0 | AF48: 2.6227427 | AG48: 0 | AH48: 3.6251131 | AJ48: =SUM(AF48,AG48,AH48) -> 6.2478558 | AK48: =AJ48/AJ$8 -> 1.1172507 | AL48: 2.2854608 | AM48: 0 | AN48: 0 | AO48: 1.2272304 | AP48: =SUM(AJ48,AL48,AM48,AN48,AO48) -> 9.760547 | AQ48: =AP48/AP$8 -> 1.1437923 | AS48: Estándar
I49: =CONCATENATE(A49,B49,C49,D49,E49,F49,G49,H49)
I50: =CONCATENATE(A50,B50,C50,D50,E50,F50,G50,H50) | J50: 32 | R50: SERAM | T50: COLUMNA TOTAL/MEDICIÓN DE MIEMBROS (TELERRADIOGRAFIA) | W50: COLUMNA TOTAL/MEDICIÓN DE MIEMBROS (TELERRADIOGRAFIA)
A51: 0 | B51: 1 | C51: 0 | D51: 5 | E51: 1 | F51: 0 | G51: 0 | H51: 1 | I51: =CONCATENATE(A51,B51,C51,D51,E51,F51,G51,H51) -> 01051001 | K51: 70321 | R51: SERAM | T51: TELERRADIOGRAFÍA COLUMNA TOTAL, 1 PROYECCIÓN | U51: Mantener | V51: Imagen panorámica en una proyección (AP o lateral) obtenida con una o múltiples adquisiciones radiográficas incluyendo la columna en la totalidad de su extensión | W51: TELERRADIOGRAFÍA COLUMNA TOTAL, 1 PROYECCIÓN | X51: =AK51 -> 1.2 | Y51: =AQ51 -> 1.2 | Z51: 7 | AA51: 5 | AC51: 0 | AD51: 1 | AE51: 0 | AF51: 2.2948998 | AG51: 0 | AH51: 3.6251131 | AJ51: =SUM(AF51,AG51,AH51) -> 5.920013 | AK51: 1.2 | AL51: 1.9997782 | AM51: 0 | AN51: 0 | AO51: 1.2272304 | AP51: =SUM(AJ51,AL51,AM51,AN51,AO51) -> 9.1470216 | AQ51: 1.2 | AS51: Estándar
A52: 0 | B52: 1 | C52: 0 | D52: 5 | E52: 1 | F52: 1 | G52: 0 | H52: 1 | I52: =CONCATENATE(A52,B52,C52,D52,E52,F52,G52,H52) -> 01051101 | K52: 70322 | R52: SERAM | T52: TELERRADIOGRAFÍA COLUMNA TOTAL AP Y LAT | U52: Mantener | V52: Imágenes panorámicas en dos proyecciones ortogonales (AP/LAT) obtenidas mediante múltiples adquisiciones radiográficas incluyendo la columna en la totalidad de su extensión | W52: TELERRADIOGRAFÍA COLUMNA TOTAL AP Y LAT | X52: =AK52 -> 2 | Y52: =AQ52 -> 2 | Z52: 12 | AA52: 5 | AC52: 0 | AD52: 1 | AE52: 0 | AF52: 3.934114 | AG52: 0 | AH52: 3.6251131 | AJ52: =SUM(AF52,AG52,AH52) -> 7.5592271 | AK52: 2 | AL52: 3.4281912 | AM52: 0 | AN52: 0 | AO52: 1.2272304 | AP52: =SUM(AJ52,AL52,AM52,AN52,AO52) -> 12.214649 | AQ52: 2 | AS52: Estándar
A53: 0 | B53: 1 | C53: 0 | D53: 5 | E53: 1 | F53: 2 | G53: 0 | H53: 1 | I53: =CONCATENATE(A53,B53,C53,D53,E53,F53,G53,H53) -> 01051201 | K53: 70323 | R53: SERAM | T53: COLUMNA TOTAL: TEST DE BENDING | U53: Mantener | V53: Imágenes panorámicas en proyección AP o PA obtenidas mediante múltiples adquisiciones radiográficas incluyendo la columna en la totalidad de su extensión mientras se mantiene una maniobra de flexión lateral | W53: COLUMNA TOTAL: TEST DE BENDING | X53: =AK53 -> 2 | Y53: =AQ53 -> 2 | Z53: 12 | AA53: 5 | AC53: 0 | AD53: 1 | AE53: 0 | AF53: 3.934114 | AG53: 0 | AH53: 3.6251131 | AJ53: =SUM(AF53,AG53,AH53) -> 7.5592271 | AK53: 2 | AL53: 3.4281912 | AM53: 0 | AN53: 0 | AO53: 1.2272304 | AP53: =SUM(AJ53,AL53,AM53,AN53,AO53) -> 12.214649 | AQ53: 2 | AS53: Estándar
A54: 0 | B54: 1 | C54: 0 | D54: 5 | E54: 1 | F54: 3 | G54: 0 | H54: 1 | I54: =CONCATENATE(A54,B54,C54,D54,E54,F54,G54,H54) -> 01051301 | K54: 70324 | R54: SERAM | T54: TELERRADIOGRAFÍA MIEMBROS INFERIORES | U54: Mantener | V54: Imagen panorámica en una proyección (AP) obtenida con una o múltiples adquisiciones radiográficas incluyendo la pelvis y ambos miembros inferiores en la totalidad de su extensión | W54: TELERRADIOGRAFÍA MIEMBROS INFERIORES | X54: =AK54 -> 2 | Y54: =AQ54 -> 2 | Z54: 7 | AA54: 5 | AC54: 0 | AD54: 1 | AE54: 0 | AF54: 2.2948998 | AG54: 0 | AH54: 3.6251131 | AJ54: =SUM(AF54,AG54,AH54) -> 5.920013 | AK54: 2 | AL54: 1.9997782 | AM54: 0 | AN54: 0 | AO54: 1.2272304 | AP54: =SUM(AJ54,AL54,AM54,AN54,AO54) -> 9.1470216 | AQ54: 2 | AS54: Estándar
I55: =CONCATENATE(A55,B55,C55,D55,E55,F55,G55,H55) | X55: =AK55 -> 0 | Y55: =AQ55 -> 0
I56: =CONCATENATE(A56,B56,C56,D56,E56,F56,G56,H56) | J56: 40 | R56: SERAM | T56: RADIOLOGÍA DE EXTREMIDADES SUPERIORES | W56: RADIOLOGÍA DE EXTREMIDADES SUPERIORES
A57: 0 | B57: 1 | C57: 0 | D57: 6 | E57: 0 | F57: 1 | G57: 0 | H57: 1 | I57: =CONCATENATE(A57,B57,C57,D57,E57,F57,G57,H57) -> 01060101 | K57: 70401 | L57: 30103 | M57: Radiología simple_Miembros | R57: SERAM | T57: CLAVÍCULA | U57: Mantener | V57: Una adquisición radiográfica en proyección AP colimada y centrada sobre la clavícula sintomática | W57: CLAVÍCULA | X57: =AK57 -> 1.0586253 | Y57: =AQ57 -> 1.0718961 | Z57: 7 | AA57: 5 | AC57: 0 | AD57: 1 | AE57: 0 | AF57: 2.2948998 | AG57: 0 | AH57: 3.6251131 | AJ57: =SUM(AF57,AG57,AH57) -> 5.920013 | AK57: =AJ57/AJ$8 -> 1.0586253 | AL57: 1.9997782 | AM57: 0 | AN57: 0 | AO57: 1.2272304 | AP57: =SUM(AJ57,AL57,AM57,AN57,AO57) -> 9.1470216 | AQ57: =AP57/AP$8 -> 1.0718961 | AS57: Estándar
A58: 0 | B58: 1 | C58: 0 | D58: 6 | E58: 0 | F58: 2 | G58: 0 | H58: 1 | I58: =CONCATENATE(A58,B58,C58,D58,E58,F58,G58,H58) -> 01060201 | K58: 70416 | L58: 30103 | M58: Radiología simple_Miembros | R58: SERAM | T58: ARTICULACIÓN ESTERNOCLAVICULAR | U58: Mantener | V58: Una adquisición radiográfica en proyección AP colimada y centrada sobre la articulación acromio clavicular sintomática | W58: ARTICULACIÓN ESTERNO CLAVICULAR | X58: =AK58 -> 1.0586253 | Y58: =AQ58 -> 1.0718961 | Z58: 7 | AA58: 5 | AC58: 0 | AD58: 1 | AE58: 0 | AF58: 2.2948998 | AG58: 0 | AH58: 3.6251131 | AJ58: =SUM(AF58,AG58,AH58) -> 5.920013 | AK58: =AJ58/AJ$8 -> 1.0586253 | AL58: 1.9997782 | AM58: 0 | AN58: 0 | AO58: 1.2272304 | AP58: =SUM(AJ58,AL58,AM58,AN58,AO58) -> 9.1470216 | AQ58: =AP58/AP$8 -> 1.0718961 | AS58: Estándar
A59: 0 | B59: 1 | C59: 0 | D59: 6 | E59: 0 | F59: 3 | G59: 0 | H59: 1 | I59: =CONCATENATE(A59,B59,C59,D59,E59,F59,G59,H59) -> 01060301 | K59: 70402 | L59: 30103 | M59: Radiología simple_Miembros | R59: SERAM | T59: ESCÁPULA AP Y EN "Y" | U59: Mantener | V59: Una adquisición en proyección AP de la región escapulohumeral con el paciente orientado a 30 grados respecto del detector | W59: ESCÁPULA AP y EN "Y" | X59: =AK59 -> 1.0586253 | Y59: =AQ59 -> 1.0718961 | Z59: 7 | AA59: 5 | AC59: 0 | AD59: 1 | AE59: 0 | AF59: 2.2948998 | AG59: 0 | AH59: 3.6251131 | AJ59: =SUM(AF59,AG59,AH59) -> 5.920013 | AK59: =AJ59/AJ$8 -> 1.0586253 | AL59: 1.9997782 | AM59: 0 | AN59: 0 | AO59: 1.2272304 | AP59: =SUM(AJ59,AL59,AM59,AN59,AO59) -> 9.1470216 | AQ59: =AP59/AP$8 -> 1.0718961 | AS59: Estándar
A60: 0 | B60: 1 | C60: 0 | D60: 6 | E60: 0 | F60: 4 | G60: 0 | H60: 1 | I60: =CONCATENATE(A60,B60,C60,D60,E60,F60,G60,H60) -> 01060401 | K60: 70312 | L60: 30103 | M60: Radiología simple_Miembros | R60: SERAM | T60: ESTERNÓN | U60: Mantener | V60: Una adquisición radiográfica lateral colimada de la región esternal | W60: ESTERNÓN | X60: =AK60 -> 1.1172507 | Y60: =AQ60 -> 1.1437923 | Z60: 8 | AA60: 5 | AC60: 0 | AD60: 1 | AE60: 0 | AF60: 2.6227427 | AG60: 0 | AH60: 3.6251131 | AJ60: =SUM(AF60,AG60,AH60) -> 6.2478558 | AK60: =AJ60/AJ$8 -> 1.1172507 | AL60: 2.2854608 | AM60: 0 | AN60: 0 | AO60: 1.2272304 | AP60: =SUM(AJ60,AL60,AM60,AN60,AO60) -> 9.760547 | AQ60: =AP60/AP$8 -> 1.1437923 | AS60: Estándar
A61: 0 | B61: 1 | C61: 0 | D61: 6 | E61: 0 | F61: 5 | G61: 0 | H61: 1 | I61: =CONCATENATE(A61,B61,C61,D61,E61,F61,G61,H61) -> 01060501 | K61: 70403 | L61: 30103 | M61: Radiología simple_Miembros | R61: SERAM | T61: HOMBRO AP Y AXIAL | U61: Mantener | V61: Dos adquisiciones radiográficas (AP) colimadas obtenidas sobre la región humeral, una de ellas con angulación de tubo y paciente (axial) | W61: HOMBRO AP y AXIAL | X61: =AK61 -> 1.0586253 | Y61: =AQ61 -> 1.0718961 | Z61: 7 | AA61: 5 | AC61: 0 | AD61: 1 | AE61: 0 | AF61: 2.2948998 | AG61: 0 | AH61: 3.6251131 | AJ61: =SUM(AF61,AG61,AH61) -> 5.920013 | AK61: =AJ61/AJ$8 -> 1.0586253 | AL61: 1.9997782 | AM61: 0 | AN61: 0 | AO61: 1.2272304 | AP61: =SUM(AJ61,AL61,AM61,AN61,AO61) -> 9.1470216 | AQ61: =AP61/AP$8 -> 1.0718961 | AS61: Estándar
A62: 0 | B62: 1 | C62: 0 | D62: 6 | E62: 0 | F62: 6 | G62: 0 | H62: 1 | I62: =CONCATENATE(A62,B62,C62,D62,E62,F62,G62,H62) -> 01060601 | K62: XXXXXX | L62: 30103 | M62: Radiología simple_Miembros | R62: SERAM | T62: HOMBRO ROTACIONES | U62: Mantener | V62: Una o dos adquisiciones adicionalesen proyección AP del hombro realizando en cada una de ellas el paciente una maniobra de rotación interna o externa del hombro espectivamente | W62: HOMBRO ROTACIONES | X62: =AK62 -> 1.0586253 | Y62: =AQ62 -> 1.0718961 | Z62: 7 | AA62: 5 | AC62: 0 | AD62: 1 | AE62: 0 | AF62: 2.2948998 | AG62: 0 | AH62: 3.6251131 | AJ62: =SUM(AF62,AG62,AH62) -> 5.920013 | AK62: =AJ62/AJ$8 -> 1.0586253 | AL62: 1.9997782 | AM62: 0 | AN62: 0 | AO62: 1.2272304 | AP62: =SUM(AJ62,AL62,AM62,AN62,AO62) -> 9.1470216 | AQ62: =AP62/AP$8 -> 1.0718961 | AS62: Complementaria
A63: 0 | B63: 1 | C63: 0 | D63: 6 | E63: 0 | F63: 7 | G63: 0 | H63: 1 | I63: =CONCATENATE(A63,B63,C63,D63,E63,F63,G63,H63) -> 01060701 | K63: 70417 | L63: 30103 | M63: Radiología simple_Miembros | R63: SERAM | T63: HOMBRO DESFILADERO SUBACROMIAL | U63: Mantener | V63: Una adquisición radiográfica complementaria realizada en adquisición PA con ángulo de incidencia oblicuo para mejor delimitación del espacio subacromial | W63: HOMBRO, DESFILADERO SUBACROMIAL | X63: =AK63 -> 1.0586253 | Y63: =AQ63 -> 1.0718961 | Z63: 7 | AA63: 5 | AC63: 0 | AD63: 1 | AE63: 0 | AF63: 2.2948998 | AG63: 0 | AH63: 3.6251131 | AJ63: =SUM(AF63,AG63,AH63) -> 5.920013 | AK63: =AJ63/AJ$8 -> 1.0586253 | AL63: 1.9997782 | AM63: 0 | AN63: 0 | AO63: 1.2272304 | AP63: =SUM(AJ63,AL63,AM63,AN63,AO63) -> 9.1470216 | AQ63: =AP63/AP$8 -> 1.0718961 | AS63: Complementaria
A64: 0 | B64: 1 | C64: 0 | D64: 6 | E64: 0 | F64: 8 | G64: 0 | H64: 1 | I64: =CONCATENATE(A64,B64,C64,D64,E64,F64,G64,H64) -> 01060801 | K64: 70405 | L64: 30103 | M64: Radiología simple_Miembros | R64: SERAM | T64: HÚMERO AP Y LAT | U64: Mantener | V64: Dos adquisiciones radiográficas ortogonales (AP/LAT) colimadas obtenidas sobre la región humeral | W64: HÚMERO AP y LAT. | X64: =AK64 -> 1 | Y64: =AQ64 -> 1 | Z64: 6 | AA64: 5 | AC64: 0 | AD64: 1 | AE64: 0 | AF64: 1.967057 | AG64: 0 | AH64: 3.6251131 | AJ64: =SUM(AF64,AG64,AH64) -> 5.5921701 | AK64: =AJ64/AJ$8 -> 1 | AL64: 1.7140956 | AM64: 0 | AN64: 0 | AO64: 1.2272304 | AP64: =SUM(AJ64,AL64,AM64,AN64,AO64) -> 8.5334961 | AQ64: =AP64/AP$8 -> 1 | AS64: Estándar
A65: 0 | B65: 1 | C65: 0 | D65: 6 | E65: 0 | F65: 9 | G65: 0 | H65: 1 | I65: =CONCATENATE(A65,B65,C65,D65,E65,F65,G65,H65) -> 01060901 | K65: 70418 | L65: 30103 | M65: Radiología simple_Miembros | R65: SERAM | T65: HÚMERO AP Y TRANSTORÁCICA | U65: Mantener | V65: Dos adquisiciones radiográficas (AP) colimadas obtenidas sobre la región humeral, una de ellas con angulación de tubo y paciente (transtorácica) | W65: HÚMERO AP y TRANSTORÁCICA | X65: =AK65 -> 1 | Y65: =AQ65 -> 1 | Z65: 6 | AA65: 5 | AC65: 0 | AD65: 1 | AE65: 0 | AF65: 1.967057 | AG65: 0 | AH65: 3.6251131 | AJ65: =SUM(AF65,AG65,AH65) -> 5.5921701 | AK65: =AJ65/AJ$8 -> 1 | AL65: 1.7140956 | AM65: 0 | AN65: 0 | AO65: 1.2272304 | AP65: =SUM(AJ65,AL65,AM65,AN65,AO65) -> 8.5334961 | AQ65: =AP65/AP$8 -> 1 | AS65: Estándar
A66: 0 | B66: 1 | C66: 0 | D66: 6 | E66: 1 | F66: 0 | G66: 0 | H66: 1 | I66: =CONCATENATE(A66,B66,C66,D66,E66,F66,G66,H66) -> 01061001 | K66: 70406 | L66: 30103 | M66: Radiología simple_Miembros | R66: SERAM | T66: CODO AP Y LAT | U66: Mantener | V66: Dos adquisiciones radiográficas ortogonales (AP/LAT) colimadas obtenidas sobre la región del codo | W66: CODO, AP Y LAT | X66: =AK66 -> 1 | Y66: =AQ66 -> 1 | Z66: 6 | AA66: 5 | AC66: 0 | AD66: 1 | AE66: 0 | AF66: 1.967057 | AG66: 0 | AH66: 3.6251131 | AJ66: =SUM(AF66,AG66,AH66) -> 5.5921701 | AK66: =AJ66/AJ$8 -> 1 | AL66: 1.7140956 | AM66: 0 | AN66: 0 | AO66: 1.2272304 | AP66: =SUM(AJ66,AL66,AM66,AN66,AO66) -> 8.5334961 | AQ66: =AP66/AP$8 -> 1 | AS66: Estándar
A67: 0 | B67: 1 | C67: 0 | D67: 6 | E67: 1 | F67: 1 | G67: 0 | H67: 1 | I67: =CONCATENATE(A67,B67,C67,D67,E67,F67,G67,H67) -> 01061101 | K67: 70407 | L67: 30103 | M67: Radiología simple_Miembros | R67: SERAM | T67: ANTEBRAZO AP Y LAT | U67: Mantener | V67: Dos adquisiciones radiográficas ortogonales (AP/LAT) colimadas obtenidas sobre el antebrazo | W67: ANTEBRAZO AP y LAT | X67: =AK67 -> 0.94137467 | Y67: =AQ67 -> 0.92810386 | Z67: 5 | AA67: 5 | AC67: 0 | AD67: 1 | AE67: 0 | AF67: 1.6392142 | AG67: 0 | AH67: 3.6251131 | AJ67: =SUM(AF67,AG67,AH67) -> 5.2643273 | AK67: =AJ67/AJ$8 -> 0.94137467 | AL67: 1.428413 | AM67: 0 | AN67: 0 | AO67: 1.2272304 | AP67: =SUM(AJ67,AL67,AM67,AN67,AO67) -> 7.9199707 | AQ67: =AP67/AP$8 -> 0.92810386 | AS67: Estándar
A68: 0 | B68: 1 | C68: 0 | D68: 6 | E68: 1 | F68: 2 | G68: 0 | H68: 1 | I68: =CONCATENATE(A68,B68,C68,D68,E68,F68,G68,H68) -> 01061201 | K68: 70408 | L68: 30103 | M68: Radiología simple_Miembros | R68: SERAM | T68: MUÑECA AP Y LAT | U68: Mantener | V68: Dos adquisiciones radiográficas ortogonales (AP/LAT) colimadas obtenidas sobre la muñeca | W68: MUÑECA, AP Y LAT | X68: =AK68 -> 0.94137467 | Y68: =AQ68 -> 0.92810386 | Z68: 5 | AA68: 5 | AC68: 0 | AD68: 1 | AE68: 0 | AF68: 1.6392142 | AG68: 0 | AH68: 3.6251131 | AJ68: =SUM(AF68,AG68,AH68) -> 5.2643273 | AK68: =AJ68/AJ$8 -> 0.94137467 | AL68: 1.428413 | AM68: 0 | AN68: 0 | AO68: 1.2272304 | AP68: =SUM(AJ68,AL68,AM68,AN68,AO68) -> 7.9199707 | AQ68: =AP68/AP$8 -> 0.92810386 | AS68: Estándar
A69: 0 | B69: 1 | C69: 0 | D69: 6 | E69: 1 | F69: 3 | G69: 0 | H69: 1 | I69: =CONCATENATE(A69,B69,C69,D69,E69,F69,G69,H69) -> 01061301 | K69: 70419 | L69: 30103 | M69: Radiología simple_Miembros | R69: SERAM | T69: MUÑECA DINÁMICAS | U69: Mantener | V69: Una o más adquisiciones radográficas adicionales en proyección AP colimadas obtenidas sobre la muñeca/mano con desviación radial y/o cubital | W69: MUÑECA, DINÁMICAS | X69: =AK69 -> 0.94137467 | Y69: =AQ69 -> 0.92810386 | Z69: 5 | AA69: 5 | AC69: 0 | AD69: 1 | AE69: 0 | AF69: 1.6392142 | AG69: 0 | AH69: 3.6251131 | AJ69: =SUM(AF69,AG69,AH69) -> 5.2643273 | AK69: =AJ69/AJ$8 -> 0.94137467 | AL69: 1.428413 | AM69: 0 | AN69: 0 | AO69: 1.2272304 | AP69: =SUM(AJ69,AL69,AM69,AN69,AO69) -> 7.9199707 | AQ69: =AP69/AP$8 -> 0.92810386 | AS69: Complementaria
A70: 0 | B70: 1 | C70: 0 | D70: 6 | E70: 1 | F70: 4 | G70: 0 | H70: 1 | I70: =CONCATENATE(A70,B70,C70,D70,E70,F70,G70,H70) -> 01061401 | K70: 70409 | L70: 30103 | M70: Radiología simple_Miembros | R70: SERAM | T70: MUÑECA ESCAFOIDES | U70: Mantener | V70: Una o más adquisiciones radográficas adicionales con maniobras como desviación cubital o pronación parcial para mejor delimitación del escafoides | W70: MUÑECA ESCAFOIDES | X70: =AK70 -> 1.0586253 | Y70: =AQ70 -> 1.0718961 | Z70: 7 | AA70: 5 | AC70: 0 | AD70: 1 | AE70: 0 | AF70: 2.2948998 | AG70: 0 | AH70: 3.6251131 | AJ70: =SUM(AF70,AG70,AH70) -> 5.920013 | AK70: =AJ70/AJ$8 -> 1.0586253 | AL70: 1.9997782 | AM70: 0 | AN70: 0 | AO70: 1.2272304 | AP70: =SUM(AJ70,AL70,AM70,AN70,AO70) -> 9.1470216 | AQ70: =AP70/AP$8 -> 1.0718961 | AS70: Complementaria
A71: 0 | B71: 1 | C71: 0 | D71: 6 | E71: 1 | F71: 5 | G71: 0 | H71: 1 | I71: =CONCATENATE(A71,B71,C71,D71,E71,F71,G71,H71) -> 01061501 | K71: 70411 | L71: 30103 | M71: Radiología simple_Miembros | R71: SERAM | T71: AMBAS MANOS AP Y OBLICUAS | U71: Mantener | V71: Dos adquisiciones radiográficas (AP/OBLICUA) colimadas obtenidas sobre ambas manos a la vez | W71: AMBAS MANOS AP Y OBLICUAS | X71: =AK71 -> 1 | Y71: =AQ71 -> 1 | Z71: 6 | AA71: 5 | AC71: 0 | AD71: 1 | AE71: 0 | AF71: 1.967057 | AG71: 0 | AH71: 3.6251131 | AJ71: =SUM(AF71,AG71,AH71) -> 5.5921701 | AK71: =AJ71/AJ$8 -> 1 | AL71: 1.7140956 | AM71: 0 | AN71: 0 | AO71: 1.2272304 | AP71: =SUM(AJ71,AL71,AM71,AN71,AO71) -> 8.5334961 | AQ71: =AP71/AP$8 -> 1 | AS71: Estándar
A72: 0 | B72: 1 | C72: 0 | D72: 6 | E72: 1 | F72: 6 | G72: 0 | H72: 1 | I72: =CONCATENATE(A72,B72,C72,D72,E72,F72,G72,H72) -> 01061601 | K72: 70412 | L72: 30103 | M72: Radiología simple_Miembros | R72: SERAM | T72: MANO PA Y OBLICUA | U72: Mantener | V72: Dos adquisiciones radiográficas (AP/OBLICUA) colimadas obtenidas sobre la mano sintomática | W72: MANO, PA Y OBLICUA | X72: =AK72 -> 0.94137467 | Y72: =AQ72 -> 0.92810386 | Z72: 5 | AA72: 5 | AC72: 0 | AD72: 1 | AE72: 0 | AF72: 1.6392142 | AG72: 0 | AH72: 3.6251131 | AJ72: =SUM(AF72,AG72,AH72) -> 5.2643273 | AK72: =AJ72/AJ$8 -> 0.94137467 | AL72: 1.428413 | AM72: 0 | AN72: 0 | AO72: 1.2272304 | AP72: =SUM(AJ72,AL72,AM72,AN72,AO72) -> 7.9199707 | AQ72: =AP72/AP$8 -> 0.92810386 | AS72: Estándar
A73: 0 | B73: 1 | C73: 0 | D73: 6 | E73: 1 | F73: 7 | G73: 0 | H73: 1 | I73: =CONCATENATE(A73,B73,C73,D73,E73,F73,G73,H73) -> 01061701 | K73: 70413 | L73: 30103 | M73: Radiología simple_Miembros | R73: SERAM | T73: DEDOS AP Y LAT | U73: Mantener | V73: Dos adquisiciones radiográficas colimadas obtenidas sobre uno o la totalidad de los dedos de una mano | W73: DEDOS, AP Y LAT | X73: =AK73 -> 0.94137467 | Y73: =AQ73 -> 0.92810386 | Z73: 5 | AA73: 5 | AC73: 0 | AD73: 1 | AE73: 0 | AF73: 1.6392142 | AG73: 0 | AH73: 3.6251131 | AJ73: =SUM(AF73,AG73,AH73) -> 5.2643273 | AK73: =AJ73/AJ$8 -> 0.94137467 | AL73: 1.428413 | AM73: 0 | AN73: 0 | AO73: 1.2272304 | AP73: =SUM(AJ73,AL73,AM73,AN73,AO73) -> 7.9199707 | AQ73: =AP73/AP$8 -> 0.92810386 | AS73: Estándar
I74: =CONCATENATE(A74,B74,C74,D74,E74,F74,G74,H74)
I75: =CONCATENATE(A75,B75,C75,D75,E75,F75,G75,H75) | J75: 42 | R75: SERAM | T75: RADIOLOGÍA DE EXTREMIDADES INFERIORES | W75: RADIOLOGÍA DE EXTREMIDADES INFERIORES
A76: 0 | B76: 1 | C76: 0 | D76: 6 | E76: 1 | F76: 8 | G76: 0 | H76: 1 | I76: =CONCATENATE(A76,B76,C76,D76,E76,F76,G76,H76) -> 01061801 | K76: 70307 | L76: 30103 | M76: Radiología simple_Miembros | R76: SERAM | T76: PELVIS AP | U76: Mantener | V76: Una adquisición radiográfica en proyección AP colimada sobre la pelvis | W76: PELVIS, AP | X76: =AK76 -> 1 | Y76: =AQ76 -> 1 | Z76: 6 | AA76: 5 | AC76: 0 | AD76: 1 | AE76: 0 | AF76: 1.967057 | AG76: 0 | AH76: 3.6251131 | AJ76: =SUM(AF76,AG76,AH76) -> 5.5921701 | AK76: =AJ76/AJ$8 -> 1 | AL76: 1.7140956 | AM76: 0 | AN76: 0 | AO76: 1.2272304 | AP76: =SUM(AJ76,AL76,AM76,AN76,AO76) -> 8.5334961 | AQ76: =AP76/AP$8 -> 1 | AS76: Estándar
A77: 0 | B77: 1 | C77: 0 | D77: 6 | E77: 1 | F77: 9 | G77: 0 | H77: 1 | I77: =CONCATENATE(A77,B77,C77,D77,E77,F77,G77,H77) -> 01061901 | K77: 70308 | L77: 30103 | M77: Radiología simple_Miembros | R77: SERAM | T77: PELVIS AP Y OBLICUAS | U77: Mantener | V77: Dos o tres adquisiciones radiográficas colimadas obtenidas sobre la pelvis | W77: PELVIS AP Y OBLICUAS | X77: =AK77 -> 1.351752 | Y77: =AQ77 -> 1.4313768 | Z77: 12 | AA77: 5 | AC77: 0 | AD77: 1 | AE77: 0 | AF77: 3.934114 | AG77: 0 | AH77: 3.6251131 | AJ77: =SUM(AF77,AG77,AH77) -> 7.5592271 | AK77: =AJ77/AJ$8 -> 1.351752 | AL77: 3.4281912 | AM77: 0 | AN77: 0 | AO77: 1.2272304 | AP77: =SUM(AJ77,AL77,AM77,AN77,AO77) -> 12.214649 | AQ77: =AP77/AP$8 -> 1.4313768 | AS77: Estándar
A78: 0 | B78: 1 | C78: 0 | D78: 6 | E78: 2 | F78: 0 | G78: 0 | H78: 1 | I78: =CONCATENATE(A78,B78,C78,D78,E78,F78,G78,H78) -> 01062001 | K78: 70309 | L78: 30103 | M78: Radiología simple_Miembros | R78: SERAM | T78: SACROILÍACAS PA | U78: Mantener | V78: Una adquisición radiográfica PA en decúbito prono colimada sobre la región central de la pelvis- sacro | W78: SACROILÍACAS PA. | X78: =AK78 -> 1 | Y78: =AQ78 -> 1 | Z78: 6 | AA78: 5 | AC78: 0 | AD78: 1 | AE78: 0 | AF78: 1.967057 | AG78: 0 | AH78: 3.6251131 | AJ78: =SUM(AF78,AG78,AH78) -> 5.5921701 | AK78: =AJ78/AJ$8 -> 1 | AL78: 1.7140956 | AM78: 0 | AN78: 0 | AO78: 1.2272304 | AP78: =SUM(AJ78,AL78,AM78,AN78,AO78) -> 8.5334961 | AQ78: =AP78/AP$8 -> 1 | AS78: Estándar
A79: 0 | B79: 1 | C79: 0 | D79: 6 | E79: 2 | F79: 1 | G79: 0 | H79: 1 | I79: =CONCATENATE(A79,B79,C79,D79,E79,F79,G79,H79) -> 01062101 | K79: 70310 | L79: 30103 | M79: Radiología simple_Miembros | R79: SERAM | T79: SACROILÍACAS PA Y OBLICUAS | U79: Mantener | V79: Una adquisición radiográfica PA en decúbito prono colimada sobre la región central de la pelvis- sacro y una o dos adicionales en proyección oblicua | W79: SACROILÍACAS PA Y OBLICUAS | X79: =AK79 -> 1.4690027 | Y79: =AQ79 -> 1.5751691 | Z79: 14 | AA79: 5 | AC79: 0 | AD79: 1 | AE79: 0 | AF79: 4.5897997 | AG79: 0 | AH79: 3.6251131 | AJ79: =SUM(AF79,AG79,AH79) -> 8.2149128 | AK79: =AJ79/AJ$8 -> 1.4690027 | AL79: 3.9995565 | AM79: 0 | AN79: 0 | AO79: 1.2272304 | AP79: =SUM(AJ79,AL79,AM79,AN79,AO79) -> 13.4417 | AQ79: =AP79/AP$8 -> 1.5751691 | AS79: Estándar
A80: 0 | B80: 1 | C80: 0 | D80: 6 | E80: 2 | F80: 2 | G80: 0 | H80: 1 | I80: =CONCATENATE(A80,B80,C80,D80,E80,F80,G80,H80) -> 01062201 | K80: 70421 | L80: 30103 | M80: Radiología simple_Miembros | R80: SERAM | T80: CADERA AP | U80: Mantener | V80: Una adquisición radiográfica en proyección AP colimada sobre la articulación coxofemoral sintomática | W80: CADERA AP | X80: =AK80 -> 1 | Y80: =AQ80 -> 1 | Z80: 6 | AA80: 5 | AC80: 0 | AD80: 1 | AE80: 0 | AF80: 1.967057 | AG80: 0 | AH80: 3.6251131 | AJ80: =SUM(AF80,AG80,AH80) -> 5.5921701 | AK80: =AJ80/AJ$8 -> 1 | AL80: 1.7140956 | AM80: 0 | AN80: 0 | AO80: 1.2272304 | AP80: =SUM(AJ80,AL80,AM80,AN80,AO80) -> 8.5334961 | AQ80: =AP80/AP$8 -> 1 | AS80: Estándar
A81: 0 | B81: 1 | C81: 0 | D81: 6 | E81: 2 | F81: 3 | G81: 0 | H81: 1 | I81: =CONCATENATE(A81,B81,C81,D81,E81,F81,G81,H81) -> 01062301 | K81: 70422 | L81: 30103 | M81: Radiología simple_Miembros | R81: SERAM | T81: CADERA AP Y AXIAL | U81: Mantener | V81: Dos adquisiciones radiográficas (AP/AXIAL) colimadas obtenidas sobre la articulación coxofemoral sintomática | W81: CADERA AP Y AXIAL | X81: =AK81 -> 1.1172507 | Y81: =AQ81 -> 1.1437923 | Z81: 8 | AA81: 5 | AC81: 0 | AD81: 1 | AE81: 0 | AF81: 2.6227427 | AG81: 0 | AH81: 3.6251131 | AJ81: =SUM(AF81,AG81,AH81) -> 6.2478558 | AK81: =AJ81/AJ$8 -> 1.1172507 | AL81: 2.2854608 | AM81: 0 | AN81: 0 | AO81: 1.2272304 | AP81: =SUM(AJ81,AL81,AM81,AN81,AO81) -> 9.760547 | AQ81: =AP81/AP$8 -> 1.1437923 | AS81: Estándar
A82: 0 | B82: 1 | C82: 0 | D82: 6 | E82: 2 | F82: 4 | G82: 0 | H82: 1 | I82: =CONCATENATE(A82,B82,C82,D82,E82,F82,G82,H82) -> 01062401 | K82: 70438 | L82: 30103 | M82: Radiología simple_Miembros | R82: SERAM | T82: CADERA ALAR Y OBTURATRIZ | U82: Mantener | V82: Una adquisición radiográfica adicional colimada obtenida sobre la pelvis para mejor de limitación del anillo y estructuras óseas | W82: CADERA ALAR Y OBTURATRIZ | X82: =AK82 -> 1.1172507 | Y82: =AQ82 -> 1.1437923 | Z82: 8 | AA82: 5 | AC82: 0 | AD82: 1 | AE82: 0 | AF82: 2.6227427 | AG82: 0 | AH82: 3.6251131 | AJ82: =SUM(AF82,AG82,AH82) -> 6.2478558 | AK82: =AJ82/AJ$8 -> 1.1172507 | AL82: 2.2854608 | AM82: 0 | AN82: 0 | AO82: 1.2272304 | AP82: =SUM(AJ82,AL82,AM82,AN82,AO82) -> 9.760547 | AQ82: =AP82/AP$8 -> 1.1437923 | AS82: Complementaria
A83: 0 | B83: 1 | C83: 0 | D83: 6 | E83: 2 | F83: 5 | G83: 0 | H83: 1 | I83: =CONCATENATE(A83,B83,C83,D83,E83,F83,G83,H83) -> 01062501 | K83: 70423 | L83: 30103 | M83: Radiología simple_Miembros | R83: SERAM | T83: FÉMUR AP Y LAT | U83: Mantener | V83: Dos adquisiciones radiográficas ortogonales (AP/LAT) colimadas obtenidas sobre el fémur con intención de delimitarlo en la totalidad de su extensión. | W83: FÉMUR AP Y LAT | X83: =AK83 -> 1 | Y83: =AQ83 -> 1 | Z83: 6 | AA83: 5 | AC83: 0 | AD83: 1 | AE83: 0 | AF83: 1.967057 | AG83: 0 | AH83: 3.6251131 | AJ83: =SUM(AF83,AG83,AH83) -> 5.5921701 | AK83: =AJ83/AJ$8 -> 1 | AL83: 1.7140956 | AM83: 0 | AN83: 0 | AO83: 1.2272304 | AP83: =SUM(AJ83,AL83,AM83,AN83,AO83) -> 8.5334961 | AQ83: =AP83/AP$8 -> 1 | AS83: Estándar
A84: 0 | B84: 1 | C84: 0 | D84: 6 | E84: 2 | F84: 6 | G84: 0 | H84: 1 | I84: =CONCATENATE(A84,B84,C84,D84,E84,F84,G84,H84) -> 01062601 | K84: 70424 | L84: 30103 | M84: Radiología simple_Miembros | R84: SERAM | T84: RODILLA AP Y LAT | U84: Mantener | V84: Dos adquisiciones radiográficas ortogonales (AP/LAT) colimadas obtenidas sobre la articulación de la rodilla | W84: RODILLA, AP Y LAT | X84: =AK84 -> 1 | Y84: =AQ84 -> 1 | Z84: 6 | AA84: 5 | AC84: 0 | AD84: 1 | AE84: 0 | AF84: 1.967057 | AG84: 0 | AH84: 3.6251131 | AJ84: =SUM(AF84,AG84,AH84) -> 5.5921701 | AK84: =AJ84/AJ$8 -> 1 | AL84: 1.7140956 | AM84: 0 | AN84: 0 | AO84: 1.2272304 | AP84: =SUM(AJ84,AL84,AM84,AN84,AO84) -> 8.5334961 | AQ84: =AP84/AP$8 -> 1 | AS84: Estándar
A85: 0 | B85: 1 | C85: 0 | D85: 6 | E85: 2 | F85: 7 | G85: 0 | H85: 1 | I85: =CONCATENATE(A85,B85,C85,D85,E85,F85,G85,H85) -> 01062701 | K85: 70425 | L85: 30103 | M85: Radiología simple_Miembros | R85: SERAM | T85: RODILLA AP, LAT Y OBLICUAS | U85: Mantener | V85: Tres o cuatro adquisiciones radiográficas (AP/LAT/ OBLICUA DERECHA E IZQUIERDA) colimadas obtenidas sobre una rodilla | W85: RODILLA, AP, LAT Y OBLICUAS | X85: =AK85 -> 1.1172507 | Y85: =AQ85 -> 1.1437923 | Z85: 8 | AA85: 5 | AC85: 0 | AD85: 1 | AE85: 0 | AF85: 2.6227427 | AG85: 0 | AH85: 3.6251131 | AJ85: =SUM(AF85,AG85,AH85) -> 6.2478558 | AK85: =AJ85/AJ$8 -> 1.1172507 | AL85: 2.2854608 | AM85: 0 | AN85: 0 | AO85: 1.2272304 | AP85: =SUM(AJ85,AL85,AM85,AN85,AO85) -> 9.760547 | AQ85: =AP85/AP$8 -> 1.1437923 | AS85: Discontinuar
A86: 0 | B86: 1 | C86: 0 | D86: 6 | E86: 2 | F86: 8 | G86: 0 | H86: 1 | I86: =CONCATENATE(A86,B86,C86,D86,E86,F86,G86,H86) -> 01062801 | K86: 70426 | L86: 30103 | M86: Radiología simple_Miembros | R86: SERAM | T86: RODILLA AP, LAT Y AXIAL | U86: Mantener | V86: Tres adquisiciones radiográficas colimadas obtenidas sobre la rodilla (AP/LAT) y articulación femoropatelar (AXIAL) sintomática respectiva | W86: RODILLA , AP, LAT Y AXIAL | X86: =AK86 -> 1.6234501 | Y86: =AQ86 -> 1.5424705 | Z86: 10 | AA86: 8 | AC86: 0 | AD86: 1 | AE86: 0 | AF86: 3.2784284 | AG86: 0 | AH86: 5.800181 | AJ86: =SUM(AF86,AG86,AH86) -> 9.0786094 | AK86: =AJ86/AJ$8 -> 1.6234501 | AL86: 2.856826 | AM86: 0 | AN86: 0 | AO86: 1.2272304 | AP86: =SUM(AJ86,AL86,AM86,AN86,AO86) -> 13.162666 | AQ86: =AP86/AP$8 -> 1.5424705 | AS86: Estándar
A87: 0 | B87: 1 | C87: 0 | D87: 6 | E87: 2 | F87: 9 | G87: 0 | H87: 1 | I87: =CONCATENATE(A87,B87,C87,D87,E87,F87,G87,H87) -> 01062901 | K87: 70439 | L87: 30103 | M87: Radiología simple_Miembros | R87: SERAM | T87: ROTULA AXIAL | U87: Mantener | V87: Una adquisición radiográfica adicional colimadas obtenidas sobre la articulación femoropatelar (AXIAL) sintomática | W87: ROTULA AXIAL | X87: =AK87 -> 0.94137467 | Y87: =AQ87 -> 0.92810386 | Z87: 5 | AA87: 5 | AC87: 0 | AD87: 1 | AE87: 0 | AF87: 1.6392142 | AG87: 0 | AH87: 3.6251131 | AJ87: =SUM(AF87,AG87,AH87) -> 5.2643273 | AK87: =AJ87/AJ$8 -> 0.94137467 | AL87: 1.428413 | AM87: 0 | AN87: 0 | AO87: 1.2272304 | AP87: =SUM(AJ87,AL87,AM87,AN87,AO87) -> 7.9199707 | AQ87: =AP87/AP$8 -> 0.92810386 | AS87: Estándar
... A97: 0 | B97: 1 | C97: 0 | D97: 6 | E97: 3 | F97: 9 | G97: 0 | H97: 1 | I97: =CONCATENATE(A97,B97,C97,D97,E97,F97,G97,H97) -> 01063901 | K97: 70436 | L97: 30103 | M97: Radiología simple_Miembros | R97: SERAM | T97: AMBOS PIES EN CARGA | U97: Mantener | V97: Dos adquisiciones radiográficas en proyección lateral incluyendo en ambas el pie en toda su extensión | W97: AMBOS PIES EN CARGA | X97: =AK97 -> 1.4690027 | Y97: =AQ97 -> 1.5751691 | Z97: 14 | AA97: 5 | AC97: 0 | AD97: 1 | AE97: 0 | AF97: 4.5897997 | AG97: 0 | AH97: 3.6251131 | AJ97: =SUM(AF97,AG97,AH97) -> 8.2149128 | AK97: =AJ97/AJ$8 -> 1.4690027 | AL97: 3.9995565 | AM97: 0 | AN97: 0 | AO97: 1.2272304 | AP97: =SUM(AJ97,AL97,AM97,AN97,AO97) -> 13.4417 | AQ97: =AP97/AP$8 -> 1.5751691 | AS97: Estándar
I98: =CONCATENATE(A98,B98,C98,D98,E98,F98,G98,H98)
I99: =CONCATENATE(A99,B99,C99,D99,E99,F99,G99,H99) | J99: 43 | R99: SERAM | T99: SERIES ÓSEAS | W99: SERIES ÓSEAS
A100: 0 | B100: 1 | C100: 0 | D100: 6 | E100: 4 | F100: 0 | G100: 0 | H100: 1 | I100: =CONCATENATE(A100,B100,C100,D100,E100,F100,G100,H100) -> 01064001 | K100: 70437 | R100: SERAM | T100: SERIE ÓSEA COMPLETA | U100: Mantener | V100: Adquisiciones radiográficas múltiples en al menos una proyección de estructuras anatomicas que cubren tipicamente incluye ambos humeros (AP), fémures (AP), pelvis(AP), columna dorsal, lumbar y el cráneo (2P) | W100: SERIE ÓSEA COMPLETA | X100: =AK100 -> 2.351752 | Y100: =AQ100 -> 2.8628168 | Z100: 18 | AA100: 10 | AC100: 0 | AD100: 1 | AE100: 0 | AF100: 5.901171 | AG100: 0 | AH100: 7.2502262 | AJ100: =SUM(AF100,AG100,AH100) -> 13.151397 | AK100: =AJ100/AJ$8 -> 2.351752 | AL100: 5.1422869 | AM100: 0 | AN100: 0 | AO100: 6.1361519 | AP100: =SUM(AJ100,AL100,AM100,AN100,AO100) -> 24.429836 | AQ100: =AP100/AP$8 -> 2.8628168 | AS100: Discontinuar
A101: 0 | B101: 1 | C101: 0 | D101: 6 | E101: 4 | F101: 0 | G101: 0 | H101: 2 | I101: =CONCATENATE(A101,B101,C101,D101,E101,F101,G101,H101) -> 01064002 | K101: 70438 | R101: SERAM | T101: SERIE ÓSEA ONCOLÓGICA | U101: Mantener | V101: Adquisiciones radiográficas múltiples en al menos una proyección de estructuras anatomicas que cubren tipicamente incluye ambos humeros (AP), fémures (AP), pelvis(AP), columna dorsal, lumbar y el cráneo (2P) | W101: SERIE ÓSEA ONCOLÓGICA | X101: =AK101 -> 2.351752 | Y101: =AQ101 -> 2.8628168 | Z101: 18 | AA101: 10 | AC101: 0 | AD101: 1 | AE101: 0 | AF101: 5.901171 | AG101: 0 | AH101: 7.2502262 | AJ101: =SUM(AF101,AG101,AH101) -> 13.151397 | AK101: =AJ101/AJ$8 -> 2.351752 | AL101: 5.1422869 | AM101: 0 | AN101: 0 | AO101: 6.1361519 | AP101: =SUM(AJ101,AL101,AM101,AN101,AO101) -> 24.429836 | AQ101: =AP101/AP$8 -> 2.8628168 | AS101: Discontinuar
A102: 0 | B102: 1 | C102: 0 | D102: 6 | E102: 4 | F102: 0 | G102: 0 | H102: 3 | I102: =CONCATENATE(A102,B102,C102,D102,E102,F102,G102,H102) -> 01064003 | K102: 70441 | R102: SERAM | T102: SERIE ÓSEA METABÓLICA (CORTA) | U102: Mantener | V102: Adquisiciones radiográficas múltiples en al menos una proyección de estructuras anatomicas que cubren tipicamente incluye ambas manos, muñecas, codos, hombros, tobillos, rodillas, caderas y sacroiliacas. | W102: SERIE ÓSEA METABÓLICA (CORTA) | X102: =AK102 -> 1.7407008 | Y102: =AQ102 -> 2.261516 | Z102: 12 | AA102: 8 | AC102: 0 | AD102: 1 | AE102: 0 | AF102: 3.934114 | AG102: 0 | AH102: 5.800181 | AJ102: =SUM(AF102,AG102,AH102) -> 9.734295 | AK102: =AJ102/AJ$8 -> 1.7407008 | AL102: 3.4281912 | AM102: 0 | AN102: 0 | AO102: 6.1361519 | AP102: =SUM(AJ102,AL102,AM102,AN102,AO102) -> 19.298638 | AQ102: =AP102/AP$8 -> 2.261516 | AS102: Discontinuar
I103: =CONCATENATE(A103,B103,C103,D103,E103,F103,G103,H103) | R103: SERAM | X103: =AK103 -> 0 | Y103: =AQ103 -> 0
I104: =CONCATENATE(A104,B104,C104,D104,E104,F104,G104,H104) | J104: 12 | R104: SERAM | T104: RADIOLOGÍA SIMPLE PORTÁTIL | W104: RADIOLOGÍA SIMPLE PORTÁTIL
A105: 0 | B105: 1 | C105: 0 | D105: 1 | E105: 0 | F105: 6 | G105: 0 | H105: 1 | I105: =CONCATENATE(A105,B105,C105,D105,E105,F105,G105,H105) -> 01010601 | K105: 70121 | R105: SERAM | T105: TÓRAX PORTÁTIL | U105: Mantener | V105: Una adquisición radiográfica en proyección AP realizada sobre la cama del paciente en decúbito en situación de mayor inspiración posible. | W105: TÓRAX PORTÁTIL | X105: =AK105 -> 1.8207547 | Y105: =AQ105 -> 1.6441258 | Z105: 20 | AA105: 5 | AC105: 0 | AD105: 1 | AE105: 0 | AF105: 6.5568567 | AG105: 0 | AH105: 3.6251131 | AJ105: =SUM(AF105,AG105,AH105) -> 10.18197 | AK105: =AJ105/AJ$8 -> 1.8207547 | AL105: 2.6209413 | AM105: 0 | AN105: 0 | AO105: 1.2272304 | AP105: =SUM(AJ105,AL105,AM105,AN105,AO105) -> 14.030142 | AQ105: =AP105/AP$8 -> 1.6441258 | AS105: Estándar
A106: 0 | B106: 1 | C106: 0 | D106: 9 | E106: 0 | F106: 1 | G106: 0 | H106: 1 | I106: =CONCATENATE(A106,B106,C106,D106,E106,F106,G106,H106) -> 01090101 | K106: 70122 | R106: SERAM | T106: OTRAS RX SIMPLE CON PORTÁTIL | U106: Mantener | V106: Una proyección radiográfica adicional realizada sobre la cama del paciente colimada a la región de interés | W106: OTRAS RX SIMPLE CON PORTÁTIL | X106: =AK106 -> 1.8207547 | Y106: =AQ106 -> 1.6441258 | Z106: 20 | AA106: 5 | AC106: 0 | AD106: 1 | AE106: 0 | AF106: 6.5568567 | AG106: 0 | AH106: 3.6251131 | AJ106: =SUM(AF106,AG106,AH106) -> 10.18197 | AK106: =AJ106/AJ$8 -> 1.8207547 | AL106: 2.6209413 | AM106: 0 | AN106: 0 | AO106: 1.2272304 | AP106: =SUM(AJ106,AL106,AM106,AN106,AO106) -> 14.030142 | AQ106: =AP106/AP$8 -> 1.6441258 | AS106: Estándar
I109: =CONCATENATE(A109,B109,C109,D109,E109,F109,G109,H109)
I110: =CONCATENATE(A110,B110,C110,D110,E110,F110,G110,H110) | J110: 13 | R110: SERAM | T110: EXPLORACIONES EN QUIRÓFANO | W110: EXPLORACIONES EN QUIRÓFANO
A111: 0 | B111: 1 | C111: 0 | D111: 9 | E111: 0 | F111: 2 | G111: 0 | H111: 0 | I111: =CONCATENATE(A111,B111,C111,D111,E111,F111,G111,H111) -> 01090200 | R111: SEGECAm | T111: EXPLORACIÓN EN QUIRÓFANO (RADIOESCOPIA) | U111: Incluir | V111: Fluoroscopia pulsada intermitente utilizada en quirófano como guía quirúrgica. Incluye adquisiciones de imágenes estáticas, preferntemente como capturas de pantalla. | W111: EXPLORACIÓN EN QUIRÓFANO (RADIOESCOPIA) | X111: =AK111 -> 0 | Y111: =AQ111 -> 0
...

Sheet Radiología simple.
A1: REVISADA
J2: CATÁLOGO PRUEBAS Y PROCEDIMIENTOS SERAM 2024
I3: =CONCATENATE(A3,B3,C3,D3,E3,F3,G3,H3) | M3: RADIOLOGÍA SIMPLE | AV3: 2015 | BH3: 2024
A4: N1 Técnica | C4: N2 Órgano | E4: N3 Prueba | G4: N4 Procedimiento | I4: COD 2015 | J4: Código 2024 | K4: SEC. PROPONE | L4: PRUEBA | M4: PROCEDIMIENTO | N4: DECISION | O4: DESCRIPCION PROCEDIMIENTO | P4: EXPLORACIONES | Q4: UAR 2016 | R4: UAR 2024 | S4: URV 2016 | T4: URV 2024 | U4: TOS 2016 | V4: TOS 2024 | W4: Tl | X4: Ts/d | Y4: Tc | Z4: Taib | AA4: Taia | AB4: Tp | AC4: TOS 2016 | AD4: TM 2016 | AE4: TM 2024 | AF4: Tl | AG4: Tpl | AH4: Tib | AI4: Tia | AJ4: Tcomp | AK4: Tp | AL4: Tacp | AM4: Tdf | AO4: CAL. TIEMPO TOTAL | AP4: UAR 2024 | AQ4: INDICE COMPLEJIDAD | AR4: Nº FE ADQ | AS4: Nº DUE | AT4: Nº TSID | AU4: Nº TCAE | AV4: Coste TER | AW4: Coste DUE | AX4: Coste médico | AY4: Coste TCAE | AZ4: Coste total personal | BA4: UAR | BB4: Coste equipos | BC4: Coste contraste | BD4: Coste fungible | BE4: Coste PACS | BF4: Coste total | BG4: URV | BH4: Coste TER | BI4: Coste DUE | BJ4: Coste médico | BK4: Coste TCAE | BL4: Coste total personal | BM4: URA | BN4: Coste equipos | BO4: Coste contraste | BP4: Coste fungible | BQ4: Coste PACS | BR4: Coste total | BS4: URV
I5: =CONCATENATE(A5,B5,C5,D5,E5,F5,G5,H5) | AO5: Tper x nº per | AR5: Participantes de la plantilla de Sº Radiología
K6: SERAM | L6: RADIOLOGÍA DE TÓRAX | P6: RADIOLOGÍA DE TÓRAX
A7: 0 | B7: 1 | C7: 0 | D7: 1 | E7: 0 | F7: 1 | G7: 0 | H7: 1 | I7: =CONCATENATE(A7,B7,C7,D7,E7,F7,G7,H7) -> 01010101 | J7: =CONCATENATE(A7,B7,C7,D7,E7,F7,G7,H7) -> 01010101 | K7: SERAM | L7: TÓRAX PA (1P) | N7: Mantener | O7: Una adquisción radiográfica colimada de la región torácica en bipedestación e inspiración máxima. En el caso de maniobra de espiración para detección de nuemotórax/atrapamiento aéreo debe marcarse sobre la imagen. | P7: TÓRAX, PA | Q7: 0.9 | R7: =AP7 -> 0.83333333 | S7: 0.92810386 | T7: PTE. | U7: 5 | V7: =SUM(W7:AB7) -> 5 | W7: 3 | X7: 0 | Y7: 0 | Z7: 1 | AA7: 0 | AB7: 1 | AC7: 5'''''' | AD7: 5 | AE7: =SUM(AF7:AM7) -> 5 | AF7: 1 | AG7: 0 | AH7: 3 | AI7: 0 | AJ7: 0 | AK7: 0 | AL7: 0 | AM7: 1 | AO7: =(V7*AT7)+(AE7*AR7) -> 10 | AP7: =AO7/AO8 -> 0.83333333 | AQ7: {=_xlfn.IFS(AP7<4,"estandar",AP7>9,"compleja",AP7>4,"avanzada")} -> estandar | AR7: 1 | AS7: 0 | AT7: 1 | AU7: 0 | AV7: 1.6392142 | AW7: 0 | AX7: 3.6251131 | AZ7: =SUM(AV7,AW7,AX7:AY7) -> 5.2643273 | BA7: =AZ7/AZ$8 -> 0.94137467 | BB7: 1.428413 | BC7: 0 | BD7: 0 | BE7: 1.2272304 | BF7: =SUM(AZ7,BB7,BC7,BD7,BE7) -> 7.9199707 | BG7: =BF7/BF$8 -> 0.92810386 | BL7: =SUM(BH7:BK7) -> 0 | BM7: =BL7/BL$8 -> #DIV/0! | BR7: =SUM(BL7,BN7,BO7,BP7,BQ7) -> 0 | BS7: =BR7/BR$8 -> #DIV/0!
A8: 0 | B8: 1 | C8: 0 | D8: 1 | E8: 0 | F8: 2 | G8: 0 | H8: 1 | I8: =CONCATENATE(A8,B8,C8,D8,E8,F8,G8,H8) -> 01010201 | J8: =CONCATENATE(A8,B8,C8,D8,E8,F8,G8,H8) -> 01010201 | K8: SERAM | L8: TÓRAX PA Y LAT (2P) | N8: Mantener | O8: Dos adquisicionesradiográficas ortogonales colimadas de la región torácica tomadas en bipedstación e inspiración máxima | P8: TÓRAX, PA Y LAT | Q8: 1 | R8: =AP8 -> 1 | S8: 1 | T8: PTE. | U8: 6 | V8: =SUM(W8:AB8) -> 6 | W8: 3 | X8: 0 | Y8: 0 | Z8: 1 | AA8: 1 | AB8: 1 | AC8: 6'''''' | AD8: 5 | AE8: =SUM(AF8:AM8) -> 6 | AF8: 1 | AG8: 0 | AH8: 3 | AI8: 1 | AJ8: 0 | AK8: 0 | AL8: 0 | AM8: 1 | AO8: =(V8*AT8)+(AE8*AR8) -> 12 | AP8: =AO8/AO$8 -> 1 | AQ8: {=_xlfn.IFS(AP8<4,"estandar",AP8>9,"compleja",AP8>4,"avanzada")} -> estandar | AR8: 1 | AS8: 0 | AT8: 1 | AU8: 0 | AV8: 1.967057 | AW8: 0 | AX8: 3.6251131 | AZ8: =SUM(AV8,AW8,AX8:AY8) -> 5.5921701 | BA8: =AZ8/AZ8 -> 1 | BB8: 1.7140956 | BC8: 0 | BD8: 0 | BE8: 1.2272304 | BF8: =SUM(AZ8,BB8,BC8,BD8,BE8) -> 8.5334961 | BG8: =BF8/BF$8 -> 1 | BL8: =SUM(BH8:BK8) -> 0 | BM8: =BL8/BL8 -> #DIV/0! | BR8: =SUM(BL8,BN8,BO8,BP8,BQ8) -> 0 | BS8: =BR8/BR$8 -> #DIV/0!
A9: 0 | B9: 1 | C9: 0 | D9: 1 | E9: 0 | F9: 3 | G9: 0 | H9: 1 | I9: =CONCATENATE(A9,B9,C9,D9,E9,F9,G9,H9) -> 01010301 | J9: =CONCATENATE(A9,B9,C9,D9,E9,F9,G9,H9) -> 01010301 | K9: SERAM | L9: PROYEC. ESPECIALES DE TÓRAX: DECÚBITOS, LORDÓTICAS (1P) | N9: Mantener | O9: Una adquisición radiográfica adicional de la región torácica para facilitar la delimitación de patologías como el derrame o niveles hidroaéreos (decúbito), detección de patología apical (lordóticas) | P9: PROYEC. ESPECIALES DE TÓRAX: DECÚBITOS, LORDÓTICAS | Q9: 0.94137467 | R9: =AP9 -> 0.83333333 | S9: 0.92810386 | T9: PTE. | U9: 5 | V9: =SUM(W9:AB9) -> 5 | W9: 3 | X9: 0 | Y9: 0 | Z9: 1 | AA9: 0 | AB9: 1 | AC9: 5'''''' | AD9: 5 | AE9: =SUM(AF9:AM9) -> 5 | AF9: 1 | AG9: 0 | AH9: 3 | AI9: 0 | AJ9: 0 | AK9: 0 | AL9: 0 | AM9: 1 | AO9: =(V9*AT9)+(AE9*AR9) -> 10 | AP9: =AO9/AO$8 -> 0.83333333 | AQ9: {=_xlfn.IFS(AP9<4,"estandar",AP9>9,"compleja",AP9>4,"avanzada")} -> estandar | AR9: 1 | AS9: 0 | AT9: 1 | AU9: 0 | AV9: 1.6392142 | AW9: 0 | AX9: 3.6251131 | AZ9: =SUM(AV9,AW9,AX9:AY9) -> 5.2643273 | BA9: =AZ9/AZ8 -> 0.94137467 | BB9: 1.428413 | BC9: 0 | BD9: 0 | BE9: 1.2272304 | BF9: =SUM(AZ9,BB9,BC9,BD9,BE9) -> 7.9199707 | BG9: =BF9/BF$8 -> 0.92810386 | BL9: =SUM(BH9:BK9) -> 0 | BM9: =BL9/BL8 -> #DIV/0! | BR9: =SUM(BL9,BN9,BO9,BP9,BQ9) -> 0 | BS9: =BR9/BR$8 -> #DIV/0!
A10: 0 | B10: 1 | C10: 0 | D10: 1 | E10: 0 | F10: 4 | G10: 0 | H10: 1 | I10: =CONCATENATE(A10,B10,C10,D10,E10,F10,G10,H10) -> 01010401 | J10: =CONCATENATE(A10,B10,C10,D10,E10,F10,G10,H10) -> 01010401 | K10: SERAM | L10: PARRILLA COSTAL AP Y OBLICUAS (2P) | N10: Mantener | O10: Dos adquisiciones radiográficas con distinta oblicuidad colimadas sobre la pared torácica sintomática | P10: PARRILLA COSTAL AP Y OBLICUAS | Q10: 1 | R10: =AP10 -> 1 | S10: 1 | T10: PTE. | U10: 6 | V10: =SUM(W10:AB10) -> 6 | W10: 3 | X10: 0 | Y10: 0 | Z10: 1 | AA10: 1 | AB10: 1 | AC10: 6'''''' | AD10: 5 | AE10: =SUM(AF10:AM10) -> 6 | AF10: 1 | AG10: 0 | AH10: 3 | AI10: 1 | AJ10: 0 | AK10: 0 | AL10: 0 | AM10: 1 | AO10: =(V10*AT10)+(AE10*AR10) -> 12 | AP10: =AO10/AO$8 -> 1 | AR10: 1 | AS10: 0 | AT10: 1 | AU10: 0 | AV10: 1.967057 | AW10: 0 | AX10: 3.6251131 | AZ10: =SUM(AV10,AW10,AX10:AY10) -> 5.5921701 | BA10: =AZ10/AZ8 -> 1 | BB10: 1.7140956 | BC10: 0 | BD10: 0 | BE10: 1.2272304 | BF10: =SUM(AZ10,BB10,BC10,BD10,BE10) -> 8.5334961 | BG10: =BF10/BF$8 -> 1 | BL10: =SUM(BH10:BK10) -> 0 | BM10: =BL10/BL8 -> #DIV/0! | BR10: =SUM(BL10,BN10,BO10,BP10,BQ10) -> 0 | BS10: =BR10/BR$8 -> #DIV/0!
A11: 0 | B11: 1 | C11: 0 | D11: 1 | E11: 0 | F11: 5 | G11: 0 | H11: 1 | I11: =CONCATENATE(A11,B11,C11,D11,E11,F11,G11,H11) -> 01010501 | J11: =CONCATENATE(A11,B11,C11,D11,E11,F11,G11,H11) -> 01010501 | K11: SERAM | L11: FLUOROSCOPIA DE TÓRAX | N11: Mantener | O11: Exploración fluoroscópica para visualización del movimiento diafragmático | P11: FLUOROSCOPIA DE TÓRAX | Q11: 1.8827493 | R11: =AP11 -> 0.83333333 | S11: 1.8659604 | T11: PTE. | U11: 5 | V11: =SUM(W11:AB11) -> 5 | W11: 3 | X11: 0 | Y11: 0 | Z11: 2 | AA11: 0 | AB11: 0 | AC11: 5'''''' | AD11: 10 | AE11: =SUM(AF11:AM11) -> 5 | AF11: 1 | AG11: 0 | AH11: 3 | AI11: 0 | AJ11: 0 | AK11: 0 | AL11: 0 | AM11: 1 | AO11: =(V11*AT11)+(AE11*AR11) -> 10 | AP11: =AO11/AO$8 -> 0.83333333 | AQ11: {=_xlfn.IFS(AP11<4,"estandar",AP11>9,"compleja",AP11>4,"avanzada")} -> estandar | AR11: 1 | AS11: 0 | AT11: 1 | AU11: 0 | AV11: 3.2784284 | AW11: 0 | AX11: 7.2502262 | AZ11: =SUM(AV11,AW11,AX11:AY11) -> 10.528655 | BA11: =AZ11/AZ$8 -> 1.8827493 | BB11: 4.1672809 | BC11: 0 | BD11: 0 | BE11: 1.2272304 | BF11: =SUM(AZ11,BB11,BC11,BD11,BE11) -> 15.923166 | BG11: =BF11/BF$8 -> 1.8659604 | BL11: =SUM(BH11:BK11) -> 0 | BM11: =BL11/BL$8 -> #DIV/0! | BR11: =SUM(BL11,BN11,BO11,BP11,BQ11) -> 0 | BS11: =BR11/BR$8 -> #DIV/0!
I12: =CONCATENATE(A12,B12,C12,D12,E12,F12,G12,H12)
K13: SERAM | L13: RADIOLOGÍA DE ABDOMEN | P13: RADIOLOGÍA DE ABDOMEN
A14: 0 | B14: 1 | C14: 0 | D14: 3 | E14: 0 | F14: 1 | G14: 0 | H14: 1 | I14: =CONCATENATE(A14,B14,C14,D14,E14,F14,G14,H14) -> 01030101 | J14: =CONCATENATE(A14,B14,C14,D14,E14,F14,G14,H14) -> 01030101 | K14: SERAM | L14: ABDOMEN SIMPLE AP (1P) | N14: Mantener | O14: Una adquisición radiográfica desde la región diafragmática hasta la sinfisis del pubis en respiración sostenida. | P14: ABDOMEN SIMPLE AP | Q14: 1 | R14: =AP14 -> 0.83333333 | S14: 1 | T14: PTE. | U14: 6 | V14: =SUM(W14:AB14) -> 5 | W14: 3 | X14: 0 | Y14: 0 | Z14: 1 | AA14: 0 | AB14: 1 | AC14: 6'''''' | AD14: 5 | AE14: =SUM(AF14:AM14) -> 5 | AF14: 1 | AG14: 0 | AH14: 3 | AI14: 0 | AJ14: 0 | AK14: 0 | AL14: 0 | AM14: 1 | AO14: =(V14*AT14)+(AE14*AR14) -> 10 | AP14: =AO14/AO$8 -> 0.83333333 | AQ14: {=_xlfn.IFS(AP14<4,"estandar",AP14>9,"compleja",AP14>4,"avanzada")} -> estandar | AR14: 1 | AS14: 0 | AT14: 1 | AU14: 0 | AV14: 1.967057 | AW14: 0 | AX14: 3.6251131 | AZ14: =SUM(AV14,AW14,AX14) -> 5.5921701 | BA14: =AZ14/AZ$8 -> 1 | BB14: 1.7140956 | BC14: 0 | BD14: 0 | BE14: 1.2272304 | BF14: =SUM(AZ14,BB14,BC14,BD14,BE14) -> 8.5334961 | BG14: =BF14/BF$8 -> 1 | BL14: =SUM(BH14,BI14,BJ14) -> 0 | BM14: =BL14/BL$8 -> #DIV/0! | BR14: =SUM(BL14,BN14,BO14,BP14,BQ14) -> 0 | BS14: =BR14/BR$8 -> #DIV/0!
A15: 0 | B15: 1 | C15: 0 | D15: 3 | E15: 0 | F15: 2 | G15: 0 | H15: 1 | I15: =CONCATENATE(A15,B15,C15,D15,E15,F15,G15,H15) -> 01030201 | J15: =CONCATENATE(A15,B15,C15,D15,E15,F15,G15,H15) -> 01030201 | K15: SERAM | L15: ABDOMEN SIMPLE AP Y BIPE O DECÚBITO (2P) | N15: Mantener | O15: Dos adquisciones radiográfica incluyendo desde la región diafragmática hasta la sinfisis del pubis en respiración sostenida con el objeto de evaluar la presencia de perforación u obstrucción intestinal. | P15: ABDOMEN SIMPLE AP Y BIPE O DECÚBITO | Q15: 1.351752 | R15: =AP15 -> 1 | S15: 1.4313768 | T15: PTE. | U15: 12 | V15: =SUM(W15:AB15) -> 6 | W15: 3 | X15: 0 | Y15: 0 | Z15: 1 | AA15: 1 | AB15: 1 | AC15: 12'''''' | AD15: 5 | AE15: =SUM(AF15:AM15) -> 6 | AF15: 1 | AG15: 0 | AH15: 3 | AI15: 1 | AJ15: 0 | AK15: 0 | AL15: 0 | AM15: 1 | AO15: =(V15*AT15)+(AE15*AR15) -> 12 | AP15: =AO15/AO$8 -> 1 | AQ15: {=_xlfn.IFS(AP15<4,"estandar",AP15>9,"compleja",AP15>4,"avanzada")} -> estandar | AR15: 1 | AS15: 0 | AT15: 1 | AU15: 0 | AV15: 3.934114 | AW15: 0 | AX15: 3.6251131 | AZ15: =SUM(AV15,AW15,AX15) -> 7.5592271 | BA15: =AZ15/AZ$8 -> 1.351752 | BB15: 3.4281912 | BC15: 0 | BD15: 0 | BE15: 1.2272304 | BF15: =SUM(AZ15,BB15,BC15,BD15,BE15) -> 12.214649 | BG15: =BF15/BF$8 -> 1.4313768 | BL15: =SUM(BH15,BI15,BJ15) -> 0 | BM15: =BL15/BL$8 -> #DIV/0! | BR15: =SUM(BL15,BN15,BO15,BP15,BQ15) -> 0 | BS15: =BR15/BR$8 -> #DIV/0!
I16: =CONCATENATE(A16,B16,C16,D16,E16,F16,G16,H16) | AR16: 1 | AS16: 0 | AT16: 1 | AU16: 0
K17: SERAM | L17: RADIOLOGÍA DE CRÁNEO Y CARA | P17: RADIOLOGÍA DE CRÁNEO Y CARA
A18: 0 | B18: 1 | C18: 0 | D18: 4 | E18: 0 | F18: 1 | G18: 0 | H18: 1 | I18: =CONCATENATE(A18,B18,C18,D18,E18,F18,G18,H18) -> 01040101 | J18: =CONCATENATE(A18,B18,C18,D18,E18,F18,G18,H18) -> 01040101 | K18: SERAM | L18: CRÁNEO AP Y LAT (2P) | N18: Mantener | O18: Dos adquisiciones radiográficas ortogonales colimadas del cráneo | P18: CRÁNEO AP Y LAT | Q18: 1 | R18: =AP18 -> 0.91666667 | S18: 1 | T18: PTE. | U18: 6 | V18: =SUM(W18:AB18) -> 6 | W18: 3 | X18: 0 | Y18: 0 | Z18: 1 | AA18: 1 | AB18: 1 | AC18: 6'''''' | AD18: 5 | AE18: =SUM(AF18:AM18) -> 5 | AF18: 1 | AG18: 0 | AH18: 3 | AI18: 0 | AJ18: 0 | AK18: 0 | AL18: 0 | AM18: 1 | AO18: =(V18*AT18)+(AE18*AR18) -> 11 | AP18: =AO18/AO$8 -> 0.91666667 | AQ18: {=_xlfn.IFS(AP18<4,"estandar",AP18>9,"compleja",AP18>4,"avanzada")} -> estandar | AR18: 1 | AS18: 0 | AT18: 1 | AU18: 0 | AV18: 1.967057 | AW18: 0 | AX18: 3.6251131 | AZ18: =SUM(AV18,AW18,AX18) -> 5.5921701 | BA18: =AZ18/AZ$8 -> 1 | BB18: 1.7140956 | BC18: 0 | BD18: 0 | BE18: 1.2272304 | BF18: =SUM(AZ18,BB18,BC18,BD18,BE18) -> 8.5334961 | BG18: =BF18/BF$8 -> 1 | BL18: =SUM(BH18,BI18,BJ18) -> 0 | BM18: =BL18/BL$8 -> #DIV/0! | BR18: =SUM(BL18,BN18,BO18,BP18,BQ18) -> 0 | BS18: =BR18/BR$8 -> #DIV/0!
A19: 0 | B19: 1 | C19: 0 | D19: 4 | E19: 0 | F19: 2 | G19: 0 | H19: 1 | I19: =CONCATENATE(A19,B19,C19,D19,E19,F19,G19,H19) -> 01040201 | J19: =CONCATENATE(A19,B19,C19,D19,E19,F19,G19,H19) -> 01040201 | K19: SERAM | L19: ÓRBITAS Y MACIZO FACIAL (1P) | N19: Mantener | O19: Una adquisición radiográfica del área facial | P19: ÓRBITAS Y MACIZO FACIAL | Q19: 1 | R19: =AP19 -> 0.83333333 | S19: 1 | T19: PTE. | U19: 6 | V19: =SUM(W19:AB19) -> 5 | W19: 3 | X19: 0 | Y19: 0 | Z19: 1 | AA19: 0 | AB19: 1 | AC19: 6'''''' | AD19: 5 | AE19: =SUM(AF19:AM19) -> 5 | AF19: 1 | AG19: 0 | AH19: 3 | AI19: 0 | AJ19: 0 | AK19: 0 | AL19: 0 | AM19: 1 | AO19: =(V19*AT19)+(AE19*AR19) -> 10 | AP19: =AO19/AO$8 -> 0.83333333 | AQ19: {=_xlfn.IFS(AP19<4,"estandar",AP19>9,"compleja",AP19>4,"avanzada")} -> estandar | AR19: 1 | AS19: 0 | AT19: 1 | AU19: 0 | AV19: 1.967057 | AW19: 0 | AX19: 3.6251131 | AZ19: =SUM(AV19,AW19,AX19) -> 5.5921701 | BA19: =AZ19/AZ$8 -> 1 | BB19: 1.7140956 | BC19: 0 | BD19: 0 | BE19: 1.2272304 | BF19: =SUM(AZ19,BB19,BC19,BD19,BE19) -> 8.5334961 | BG19: =BF19/BF$8 -> 1 | BL19: =SUM(BH19,BI19,BJ19) -> 0 | BM19: =BL19/BL$8 -> #DIV/0! | BR19: =SUM(BL19,BN19,BO19,BP19,BQ19) -> 0 | BS19: =BR19/BR$8 -> #DIV/0!
A20: 0 | B20: 1 | C20: 0 | D20: 4 | E20: 0 | F20: 3 | G20: 0 | H20: 1 | I20: =CONCATENATE(A20,B20,C20,D20,E20,F20,G20,H20) -> 01040301 | J20: =CONCATENATE(A20,B20,C20,D20,E20,F20,G20,H20) -> 01040301 | K20: SERME/SENR | L20: MASTOIDES CUATRO PROYECCIONES | N20: Eliminar | P20: MASTOIDES CUATRO PROYECCIONES | V20: =SUM(W20:AB20) -> 0 | AC20: 6'''''' | AO20: =(V20*AT20)+(AE20*AR20) -> 0 | AP20: =AO20/AO$8 -> 0 | AS20: 0 | AT20: 1 | AU20: 0 | AV20: 4.5897997 | AW20: 0 | AX20: 3.6251131 | AZ20: =SUM(AV20,AW20,AX20) -> 8.2149128 | BA20: =AZ20/AZ$8 -> 1.4690027 | BB20: 3.9995565 | BC20: 0 | BD20: 0 | BE20: 1.2272304 | BF20: =SUM(AZ20,BB20,BC20,BD20,BE20) -> 13.4417 | BG20: =BF20/BF$8 -> 1.5751691 | BL20: =SUM(BH20,BI20,BJ20) -> 0 | BM20: =BL20/BL$8 -> #DIV/0! | BR20: =SUM(BL20,BN20,BO20,BP20,BQ20) -> 0 | BS20: =BR20/BR$8 -> #DIV/0!
A21: 0 | B21: 1 | C21: 0 | D21: 4 | E21: 0 | F21: 4 | G21: 0 | H21: 1 | I21: =CONCATENATE(A21,B21,C21,D21,E21,F21,G21,H21) -> 01040401 | J21: =CONCATENATE(A21,B21,C21,D21,E21,F21,G21,H21) -> 01040401 | K21: SERAM | L21: SENOS PARANASALES (1P) | N21: Mantener | O21: Una adquisición radiográfica del área facial con angulación para mejor delimitación de un áreas de los senos paranasales | P21: SENOS PARANASALES | Q21: 1 | R21: =AP21 -> 0.83333333 | S21: 1 | T21: PTE. | U21: 6 | V21: =SUM(W21:AB21) -> 5 | W21: 3 | X21: 0 | Y21: 0 | Z21: 0 | AA21: 1 | AB21: 1 | AC21: 5'''''' | AD21: 5 | AE21: =SUM(AF21:AM21) -> 5 | AF21: 1 | AG21: 0 | AH21: 3 | AI21: 0 | AJ21: 0 | AK21: 0 | AL21: 0 | AM21: 1 | AO21: =(V21*AT21)+(AE21*AR21) -> 10 | AP21: =AO21/AO$8 -> 0.83333333 | AQ21: {=_xlfn.IFS(AP21<4,"estandar",AP21>9,"compleja",AP21>4,"avanzada")} -> estandar | AR21: 1 | AS21: 0 | AT21: 1 | AU21: 0 | AV21: 1.967057 | AW21: 0 | AX21: 3.6251131 | AZ21: =SUM(AV21,AW21,AX21) -> 5.5921701 | BA21: =AZ21/AZ$8 -> 1 | BB21: 1.7140956 | BC21: 0 | BD21: 0 | BE21: 1.2272304 | BF21: =SUM(AZ21,BB21,BC21,BD21,BE21) -> 8.5334961 | BG21: =BF21/BF$8 -> 1 | BL21: =SUM(BH21,BI21,BJ21) -> 0 | BM21: =BL21/BL$8 -> #DIV/0! | BR21: =SUM(BL21,BN21,BO21,BP21,BQ21) -> 0 | BS21: =BR21/BR$8 -> #DIV/0!
A22: 0 | B22: 1 | C22: 0 | D22: 4 | E22: 0 | F22: 5 | G22: 0 | H22: 1 | I22: =CONCATENATE(A22,B22,C22,D22,E22,F22,G22,H22) -> 01040501 | J22: =CONCATENATE(A22,B22,C22,D22,E22,F22,G22,H22) -> 01040501 | K22: SERAM | L22: HUESOS PROPIOS DE LA NARIZ (1P) | N22: Mantener | O22: Una adquisición radiográfica lateral del área facial | P22: HUESOS PROPIOS DE LA NARIZ | Q22: 0.94137467 | R22: =AP22 -> 0.83333333 | S22: 0.92810386 | T22: PTE. | U22: 5 | V22: =SUM(W22:AB22) -> 5 | W22: 3 | X22: 0 | Y22: 0 | Z22: 1 | AA22: 0 | AB22: 1 | AC22: 6'''''' | AD22: 5 | AE22: =SUM(AF22:AM22) -> 5 | AF22: 1 | AG22: 0 | AH22: 3 | AI22: 0 | AJ22: 0 | AK22: 0 | AL22: 0 | AM22: 1 | AO22: =(V22*AT22)+(AE22*AR22) -> 10 | AP22: =AO22/AO$8 -> 0.83333333 | AQ22: {=_xlfn.IFS(AP22<4,"estandar",AP22>9,"compleja",AP22>4,"avanzada")} -> estandar | AR22: 1 | AS22: 0 | AT22: 1 | AU22: 0 | AV22: 1.6392142 | AW22: 0 | AX22: 3.6251131 | AZ22: =SUM(AV22,AW22,AX22) -> 5.2643273 | BA22: =AZ22/AZ$8 -> 0.94137467 | BB22: 1.428413 | BC22: 0 | BD22: 0 | BE22: 1.2272304 | BF22: =SUM(AZ22,BB22,BC22,BD22,BE22) -> 7.9199707 | BG22: =BF22/BF$8 -> 0.92810386 | BL22: =SUM(BH22,BI22,BJ22) -> 0 | BM22: =BL22/BL$8 -> #DIV/0! | BR22: =SUM(BL22,BN22,BO22,BP22,BQ22) -> 0 | BS22: =BR22/BR$8 -> #DIV/0!
A23: 0 | B23: 1 | C23: 0 | D23: 4 | E23: 0 | F23: 6 | G23: 0 | H23: 1 | I23: =CONCATENATE(A23,B23,C23,D23,E23,F23,G23,H23) -> 01040601 | J23: =CONCATENATE(A23,B23,C23,D23,E23,F23,G23,H23) -> 01040601 | K23: SERAM | L23: MANDÍBULA DOS PROYECCIONES (2P) | N23: Mantener | O23: Dos adquisiciones radiográficas ortogonales colimadas | P23: MANDÍBULA DOS PROYECCIONES | Q23: 1 | R23: =AP23 -> 0.91666667 | S23: 1 | T23: PTE. | U23: 6 | V23: =SUM(W23:AB23) -> 6 | W23: 3 | X23: 0 | Y23: 0 | Z23: 1 | AA23: 1 | AB23: 1 | AC23: 6'''''' | AD23: 5 | AE23: =SUM(AF23:AM23) -> 5 | AF23: 1 | AG23: 0 | AH23: 3 | AI23: 0 | AJ23: 0 | AK23: 0 | AL23: 0 | AM23: 1 | AO23: =(V23*AT23)+(AE23*AR23) -> 11 | AP23: =AO23/AO$8 -> 0.91666667 | AQ23: {=_xlfn.IFS(AP23<4,"estandar",AP23>9,"compleja",AP23>4,"avanzada")} -> estandar | AR23: 1 | AS23: 0 | AT23: 1 | AU23: 0 | AV23: 1.967057 | AW23: 0 | AX23: 3.6251131 | AZ23: =SUM(AV23,AW23,AX23) -> 5.5921701 | BA23: =AZ23/AZ$8 -> 1 | BB23: 1.7140956 | BC23: 0 | BD23: 0 | BE23: 1.2272304 | BF23: =SUM(AZ23,BB23,BC23,BD23,BE23) -> 8.5334961 | BG23: =BF23/BF$8 -> 1 | BL23: =SUM(BH23,BI23,BJ23) -> 0 | BM23: =BL23/BL$8 -> #DIV/0! | BR23: =SUM(BL23,BN23,BO23,BP23,BQ23) -> 0 | BS23: =BR23/BR$8 -> #DIV/0!
A24: 0 | B24: 1 | C24: 0 | D24: 4 | E24: 0 | F24: 7 | G24: 0 | H24: 1 | I24: =CONCATENATE(A24,B24,C24,D24,E24,F24,G24,H24) -> 01040701 | J24: =CONCATENATE(A24,B24,C24,D24,E24,F24,G24,H24) -> 01040701 | K24: SERAM | L24: ARTICULACIÓN TEMPOROMANDIBULAR (BA/BC) BILATERAL (2P) | N24: Mantener | O24: Dos adquisiciones radiográficas colimadas sobre la respectiva articulación temporomandibular (ATM) en situación de apertura bucal (BA) o de cierre bucal (BC) | P24: ARTICULACIÓN TEMPOROMANDIBULAR (BA/BC) BILATERAL | Q24: 1 | R24: =AP24 -> 0.91666667 | S24: 1 | T24: PTE. | U24: 6 | V24: =SUM(W24:AB24) -> 6 | W24: 3 | X24: 0 | Y24: 0 | Z24: 1 | AA24: 1 | AB24: 1 | AC24: 6'''''' | AD24: 5 | AE24: =SUM(AF24:AM24) -> 5 | AF24: 1 | AG24: 0 | AH24: 3 | AI24: 0 | AJ24: 0 | AK24: 0 | AL24: 0 | AM24: 1 | AO24: =(V24*AT24)+(AE24*AR24) -> 11 | AP24: =AO24/AO$8 -> 0.91666667 | AQ24: {=_xlfn.IFS(AP24<4,"estandar",AP24>9,"compleja",AP24>4,"avanzada")} -> estandar | AR24: 1 | AS24: 0 | AT24: 1 | AU24: 0 | AV24: 1.967057 | AW24: 0 | AX24: 3.6251131 | AZ24: =SUM(AV24,AW24,AX24) -> 5.5921701 | BA24: =AZ24/AZ$8 -> 1 | BB24: 1.7140956 | BC24: 0 | BD24: 0 | BE24: 1.2272304 | BF24: =SUM(AZ24,BB24,BC24,BD24,BE24) -> 8.5334961 | BG24: =BF24/BF$8 -> 1 | BL24: =SUM(BH24,BI24,BJ24) -> 0 | BM24: =BL24/BL$8 -> #DIV/0! | BR24: =SUM(BL24,BN24,BO24,BP24,BQ24) -> 0 | BS24: =BR24/BR$8 -> #DIV/0!
A25: 0 | B25: 1 | C25: 0 | D25: 4 | E25: 0 | F25: 8 | G25: 0 | H25: 1 | I25: =CONCATENATE(A25,B25,C25,D25,E25,F25,G25,H25) -> 01040801 | J25: =CONCATENATE(A25,B25,C25,D25,E25,F25,G25,H25) -> 01040801 | K25: SERAM | L25: CUELLO PARTES BLANDAS / CAVUM (1P) | N25: Mantener | O25: Una adquisición radiográfica lateral del cuello con ajuste técnico para delmitación de partes blandas | P25: CUELLO PARTES BLANDAS/ CAVUM | Q25: 1 | R25: =AP25 -> 0.83333333 | S25: 1 | T25: PTE. | U25: 6 | V25: =SUM(W25:AB25) -> 5 | W25: 3 | X25: 0 | Y25: 0 | Z25: 1 | AA25: 0 | AB25: 1 | AD25: 5 | AE25: =SUM(AF25:AM25) -> 5 | AF25: 1 | AG25: 0 | AH25: 3 | AI25: 0 | AJ25: 0 | AK25: 0 | AL25: 0 | AM25: 1 | AO25: =(V25*AT25)+(AE25*AR25) -> 10 | AP25: =AO25/AO$8 -> 0.83333333 | AQ25: {=_xlfn.IFS(AP25<4,"estandar",AP25>9,"compleja",AP25>4,"avanzada")} -> estandar | AR25: 1 | AS25: 0 | AT25: 1 | AU25: 0 | AV25: 1.967057 | AW25: 0 | AX25: 3.6251131 | AZ25: =SUM(AV25,AW25,AX25) -> 5.5921701 | BA25: =AZ25/AZ$8 -> 1 | BB25: 1.7140956 | BC25: 0 | BD25: 0 | BE25: 1.2272304 | BF25: =SUM(AZ25,BB25,BC25,BD25,BE25) -> 8.5334961 | BG25: =BF25/BF$8 -> 1 | BL25: =SUM(BH25,BI25,BJ25) -> 0 | BM25: =BL25/BL$8 -> #DIV/0! | BR25: =SUM(BL25,BN25,BO25,BP25,BQ25) -> 0 | BS25: =BR25/BR$8 -> #DIV/0!
I26: =CONCATENATE(A26,B26,C26,D26,E26,F26,G26,H26)
J27: =CONCATENATE(A27,B27,C27,D27,E27,F27,G27,H27) | K27: SERAM | L27: ORTOPANTOMOGRAFÍA Y CEFALOMETRÍA | P27: ORTOPANTOMOGRAFÍA CEFALOMETRÍA | AC27: 8''''''
A28: 0 | B28: 1 | C28: 0 | D28: 4 | E28: 0 | F28: 9 | G28: 0 | H28: 1 | I28: =CONCATENATE(A28,B28,C28,D28,E28,F28,G28,H28) -> 01040901 | J28: =CONCATENATE(A28,B28,C28,D28,E28,F28,G28,H28) -> 01040901 | K28: SERAM | L28: ORTOPANTOMOGRAFÍA (1P) | N28: Mantener | O28: Una adquisción radiográfica panorámica que incluye la totalidad de la mandibula, dentadura y porcion adyacente de los senos maxilares | P28: ORTOPANTOMOGRAFÍA | Q28: 1.1172507 | R28: =AP28 -> 1 | S28: 0.9644247 | T28: PTE. | U28: 8 | V28: =SUM(W28:AB28) -> 7 | W28: 3 | X28: 0 | Y28: 0 | Z28: 2 | AA28: 0 | AB28: 2 | AC28: 8'''''' | AD28: 5 | AE28: =SUM(AF28:AM28) -> 5 | AF28: 1 | AG28: 0 | AH28: 3 | AI28: 0 | AJ28: 0 | AK28: 0 | AL28: 0 | AM28: 1 | AO28: =(V28*AT28)+(AE28*AR28) -> 12 | AP28: =AO28/AO$8 -> 1 | AQ28: {=_xlfn.IFS(AP28<4,"estandar",AP28>9,"compleja",AP28>4,"avanzada")} -> estandar | AR28: 1 | AS28: 0 | AT28: 1 | AU28: 0 | AV28: 2.6227427 | AW28: 0 | AX28: 3.6251131 | AZ28: =SUM(AV28,AW28,AX28) -> 6.2478558 | BA28: =AZ28/AZ$8 -> 1.1172507 | BB28: 0.75482825 | BC28: 0 | BD28: 0 | BE28: 1.2272304 | BF28: =SUM(AZ28,BB28,BC28,BD28,BE28) -> 8.2299144 | BG28: =BF28/BF$8 -> 0.9644247 | BL28: =SUM(BH28,BI28,BJ28) -> 0 | BM28: =BL28/BL$8 -> #DIV/0! | BR28: =SUM(BL28,BN28,BO28,BP28,BQ28) -> 0 | BS28: =BR28/BR$8 -> #DIV/0!
A29: 0 | B29: 1 | C29: 0 | D29: 4 | E29: 1 | F29: 0 | G29: 0 | H29: 1 | I29: =CONCATENATE(A29,B29,C29,D29,E29,F29,G29,H29) -> 01041001 | J29: =CONCATENATE(A29,B29,C29,D29,E29,F29,G29,H29) -> 01041001 | K29: SERAM | L29: CEFALOMETRÍA (1P) | N29: Mantener | O29: Una adquisición radiográfica en proyección lateral de la región cráneo facial completa y sinclítica para delimitación de medidas de referencia entre estructuras anatómicas. | P29: CEFALOMETRÍA | Q29: 1.1172507 | R29: =AP29 -> 1 | S29: 0.9644247 | T29: PTE. | U29: 8 | V29: =SUM(W29:AB29) -> 7 | W29: 3 | X29: 0 | Y29: 0 | Z29: 2 | AA29: 0 | AB29: 2 | AC29: 8'''''' | AD29: 5 | AE29: =SUM(AF29:AM29) -> 5 | AF29: 1 | AG29: 0 | AH29: 3 | AI29: 0 | AJ29: 0 | AK29: 0 | AL29: 0 | AM29: 1 | AO29: =(V29*AT29)+(AE29*AR29) -> 12 | AP29: =AO29/AO$8 -> 1 | AQ29: {=_xlfn.IFS(AP29<4,"estandar",AP29>9,"compleja",AP29>4,"avanzada")} -> estandar | AR29: 1 | AS29: 0 | AT29: 1 | AU29: 0 | AV29: 2.6227427 | AW29: 0 | AX29: 3.6251131 | AZ29: =SUM(AV29,AW29,AX29) -> 6.2478558 | BA29: =AZ29/AZ$8 -> 1.1172507 | BB29: 0.75482825 | BC29: 0 | BD29: 0 | BE29: 1.2272304 | BF29: =SUM(AZ29,BB29,BC29,BD29,BE29) -> 8.2299144 | BG29: =BF29/BF$8 -> 0.9644247 | BL29: =SUM(BH29,BI29,BJ29) -> 0 | BM29: =BL29/BL$8 -> #DIV/0! | BR29: =SUM(BL29,BN29,BO29,BP29,BQ29) -> 0 | BS29: =BR29/BR$8 -> #DIV/0!
A30: 0 | B30: 1 | C30: 0 | D30: 4 | E30: 1 | F30: 1 | G30: 0 | H30: 1 | I30: =CONCATENATE(A30,B30,C30,D30,E30,F30,G30,H30) -> 01041101 | J30: =CONCATENATE(A30,B30,C30,D30,E30,F30,G30,H30) -> 01041101 | K30: SERAM | L30: DENTAL INDIVIDUAL, INTRABUCAL (1P) | N30: Mantener | O30: Una adquisición radiográfica sobre una pieza dental de referencia. | P30: DENTAL INDIVIDUAL, INTRABUCAL | Q30: 1.1172507 | R30: =AP30 -> 1.0833333 | S30: 0.9644247 | T30: PTE. | U30: 8 | V30: =SUM(W30:AB30) -> 8 | W30: 3 | X30: 0 | Y30: 0 | Z30: 3 | AA30: 0 | AB30: 2 | AD30: 5 | AE30: =SUM(AF30:AM30) -> 5 | AF30: 1 | AG30: 0 | AH30: 3 | AI30: 0 | AJ30: 0 | AK30: 0 | AL30: 0 | AM30: 1 | AO30: =(V30*AT30)+(AE30*AR30) -> 13 | AP30: =AO30/AO$8 -> 1.0833333 | AQ30: {=_xlfn.IFS(AP30<4,"estandar",AP30>9,"compleja",AP30>4,"avanzada")} -> estandar | AR30: 1 | AS30: 0 | AT30: 1 | AU30: 0 | AV30: 2.6227427 | AW30: 0 | AX30: 3.6251131 | AZ30: =SUM(AV30,AW30,AX30) -> 6.2478558 | BA30: =AZ30/AZ$8 -> 1.1172507 | BB30: 0.75482825 | BC30: 0 | BD30: 0 | BE30: 1.2272304 | BF30: =SUM(AZ30,BB30,BC30,BD30,BE30) -> 8.2299144 | BG30: =BF30/BF$8 -> 0.9644247 | BL30: =SUM(BH30,BI30,BJ30) -> 0 | BM30: =BL30/BL$8 -> #DIV/0! | BR30: =SUM(BL30,BN30,BO30,BP30,BQ30) -> 0 | BS30: =BR30/BR$8 -> #DIV/0!
K32: SENR | L32: TC HAZ CÓNICO (CBCT)
A33: 0 | B33: 1 | C33: 0 | D33: 4 | E33: 5 | F33: 0 | G33: 0 | H33: 1 | J33: =CONCATENATE(A33,B33,C33,D33,E33,F33,G33,H33) -> 01045001 | K33: SENR | L33: CBCT FACIAL/SENOS | N33: Incluir | O33: 1 serie de imágenes obtenidas con tomografía de haz cónico en la región facial que permite su reconstrucción multiplanar | P33: CBCT FACIAL/SENOS | R33: =AP33 -> 2.9166667 | T33: PTE. | V33: =SUM(W33:AB33) -> 15 | W33: 5 | X33: 0 | Y33: 0 | Z33: 5 | AA33: 0 | AB33: 5 | AE33: =SUM(AF33:AM33) -> 20 | AF33: 3 | AG33: 0 | AH33: 10 | AI33: 0 | AJ33: 0 | AK33: 3 | AL33: 0 | AM33: 4 | AO33: =(V33*AT33)+(AE33*AR33) -> 35 | AP33: =AO33/AO$8 -> 2.9166667 | AQ33: {=_xlfn.IFS(AP33<4,"estandar",AP33>9,"compleja",AP33>4,"avanzada")} -> estandar | AR33: 1 | AS33: 0 | AT33: 1 | AU33: 0
A34: 0 | B34: 1 | C34: 0 | D34: 4 | E34: 5 | F34: 1 | G34: 0 | H34: 1 | J34: =CONCATENATE(A34,B34,C34,D34,E34,F34,G34,H34) -> 01045101 | K34: SENR | L34: CBCT PEÑASCO | N34: Incluir | O34: 1 serie de imágenes obtenidas con tomografía de haz cónico en la base de cráneo para estudio del hueso temporal y que permite su reconstrucción multiplanar | P34: CBCT PEÑASCO | R34: =AP34 -> 2.9166667 | T34: PTE. | V34: =SUM(W34:AB34) -> 15 | W34: 5 | X34: 0 | Y34: 0 | Z34: 5 | AA34: 0 | AB34: 5 | AE34: =SUM(AF34:AM34) -> 20 | AF34: 3 | AG34: 0 | AH34: 10 | AI34: 0 | AJ34: 0 | AK34: 3 | AL34: 0 | AM34: 4 | AO34: =(V34*AT34)+(AE34*AR34) -> 35 | AP34: =AO34/AO$8 -> 2.9166667 | AQ34: {=_xlfn.IFS(AP34<4,"estandar",AP34>9,"compleja",AP34>4,"avanzada")} -> estandar | AR34: 1 | AS34: 0 | AT34: 1 | AU34: 0
A35: 0 | B35: 1 | C35: 0 | D35: 4 | E35: 5 | F35: 2 | G35: 0 | H35: 1 | J35: =CONCATENATE(A35,B35,C35,D35,E35,F35,G35,H35) -> 01045201 | K35: SENR | L35: CBCT MAXILAR/MANDIBULAR/ATM | N35: Incluir | O35: 1 serie de imágenes obtenidas con tomografía de haz cónico en la región maxilar/mandibular y que permite su reconstrucción multiplanar | P35: CBCT maxilar/mandibular/ATM | R35: =AP35 -> 2.9166667 | T35: PTE. | V35: =SUM(W35:AB35) -> 15 | W35: 5 | X35: 0 | Y35: 0 | Z35: 5 | AA35: 0 | AB35: 5 | AE35: =SUM(AF35:AM35) -> 20 | AF35: 3 | AG35: 0 | AH35: 10 | AI35: 0 | AJ35: 0 | AK35: 3 | AL35: 0 | AM35: 4 | AO35: =(V35*AT35)+(AE35*AR35) -> 35 | AP35: =AO35/AO$8 -> 2.9166667 | AQ35: {=_xlfn.IFS(AP35<4,"estandar",AP35>9,"compleja",AP35>4,"avanzada")} -> estandar | AR35: 1 | AS35: 0 | AT35: 1 | AU35: 0
A36: 0 | B36: 1 | C36: 0 | D36: 9 | E36: 5 | F36: 0 | G36: 0 | H36: 1 | J36: =CONCATENATE(A36,B36,C36,D36,E36,F36,G36,H36) -> 01095001 | K36: SENR | L36: CBCT OTRA ANATOMÍA | N36: Incluir | O36: 1 serie de imágenes obtenidas con tomografía de haz cónico en una región anatómica determinada que permite su reconstrucción multiplanar | P36: CBCT OTRA ANATOMÍA | R36: =AP36 -> 2.9166667 | T36: PTE. | V36: =SUM(W36:AB36) -> 15 | W36: 5 | X36: 0 | Y36: 0 | Z36: 5 | AA36: 0 | AB36: 5 | AE36: =SUM(AF36:AM36) -> 20 | AF36: 3 | AG36: 0 | AH36: 10 | AI36: 0 | AJ36: 0 | AK36: 3 | AL36: 0 | AM36: 4 | AO36: =(V36*AT36)+(AE36*AR36) -> 35 | AP36: =AO36/AO$8 -> 2.9166667 | AQ36: {=_xlfn.IFS(AP36<4,"estandar",AP36>9,"compleja",AP36>4,"avanzada")} -> estandar | AR36: 1 | AS36: 0 | AT36: 1 | AU36: 0
I37: =CONCATENATE(A37,B37,C37,D37,E37,F37,G37,H37)
I38: =CONCATENATE(A38,B38,C38,D38,E38,F38,G38,H38) | J38: =CONCATENATE(A38,B38,C38,D38,E38,F38,G38,H38) | K38: SERAM | L38: RADIOLOGÍA DE COLUMNA | P38: RADIOLOGÍA DE COLUMNA | AC38: 6''''''
A39: 0 | B39: 1 | C39: 0 | D39: 5 | E39: 0 | F39: 1 | G39: 0 | H39: 1 | I39: =CONCATENATE(A39,B39,C39,D39,E39,F39,G39,H39) -> 01050101 | J39: =CONCATENATE(A39,B39,C39,D39,E39,F39,G39,H39) -> 01050101 | K39: SERAM | L39: COLUMNA CERVICAL AP Y LAT (2P) | N39: Mantener | O39: Dos adquisiciones radiográficas ortogonales (AP/LAT) colimadas obtenidas sobre la columna cervical | P39: COLUMNA CERVICAL AP Y LAT. | Q39: 1 | R39: =AP39 -> 0.91666667 | S39: 1 | T39: PTE. | U39: 6 | V39: =SUM(W39:AB39) -> 6 | W39: 3 | X39: 0 | Y39: 0 | Z39: 1 | AA39: 1 | AB39: 1 | AC39: 8'''''' | AD39: 5 | AE39: =SUM(AF39:AM39) -> 5 | AF39: 1 | AG39: 0 | AH39: 3 | AI39: 0 | AJ39: 0 | AK39: 0 | AL39: 0 | AM39: 1 | AO39: =(V39*AT39)+(AE39*AR39) -> 11 | AP39: =AO39/AO$8 -> 0.91666667 | AQ39: {=_xlfn.IFS(AP39<4,"estandar",AP39>9,"compleja",AP39>4,"avanzada")} -> estandar | AR39: 1 | AS39: 0 | AT39: 1 | AU39: 0 | AV39: 1.967057 | AW39: 0 | AX39: 3.6251131 | AZ39: =SUM(AV39,AW39,AX39) -> 5.5921701 | BA39: =AZ39/AZ$8 -> 1 | BB39: 1.7140956 | BC39: 0 | BD39: 0 | BE39: 1.2272304 | BF39: =SUM(AZ39,BB39,BC39,BD39,BE39) -> 8.5334961 | BG39: =BF39/BF$8 -> 1 | BL39: =SUM(BH39,BI39,BJ39) -> 0 | BM39: =BL39/BL$8 -> #DIV/0! | BR39: =SUM(BL39,BN39,BO39,BP39,BQ39) -> 0 | BS39: =BR39/BR$8 -> #DIV/0!
A40: 0 | B40: 1 | C40: 0 | D40: 5 | E40: 0 | F40: 2 | G40: 0 | H40: 1 | I40: =CONCATENATE(A40,B40,C40,D40,E40,F40,G40,H40) -> 01050201 | J40: =CONCATENATE(A40,B40,C40,D40,E40,F40,G40,H40) -> 01050201 | K40: SERAM | L40: COLUMNA CERVICAL OBLICUAS (2P) | N40: Mantener | O40: Dos adquisiciones radiográficas ortogonales (OD/OI) colimadas obtenidas sobre la columna cervical para delimitar los agujeros de conjunción | P40: COLUMNA CERVICAL OBLICUAS | Q40: 1.1172507 | R40: =AP40 -> 0.91666667 | S40: 1.1437923 | T40: PTE. | U40: 8 | V40: =SUM(W40:AB40) -> 6 | W40: 3 | X40: 0 | Y40: 0 | Z40: 1 | AA40: 1 | AB40: 1 | AC40: 8'''''' | AD40: 5 | AE40: =SUM(AF40:AM40) -> 5 | AF40: 1 | AG40: 0 | AH40: 3 | AI40: 0 | AJ40: 0 | AK40: 0 | AL40: 0 | AM40: 1 | AO40: =(V40*AT40)+(AE40*AR40) -> 11 | AP40: =AO40/AO$8 -> 0.91666667 | AQ40: {=_xlfn.IFS(AP40<4,"estandar",AP40>9,"compleja",AP40>4,"avanzada")} -> estandar | AR40: 1 | AS40: 0 | AT40: 1 | AU40: 0 | AV40: 2.6227427 | AW40: 0 | AX40: 3.6251131 | AZ40: =SUM(AV40,AW40,AX40) -> 6.2478558 | BA40: =AZ40/AZ$8 -> 1.1172507 | BB40: 2.2854608 | BC40: 0 | BD40: 0 | BE40: 1.2272304 | BF40: =SUM(AZ40,BB40,BC40,BD40,BE40) -> 9.760547 | BG40: =BF40/BF$8 -> 1.1437923 | BL40: =SUM(BH40,BI40,BJ40) -> 0 | BM40: =BL40/BL$8 -> #DIV/0! | BR40: =SUM(BL40,BN40,BO40,BP40,BQ40) -> 0 | BS40: =BR40/BR$8 -> #DIV/0!
A41: 0 | B41: 1 | C41: 0 | D41: 5 | E41: 0 | F41: 3 | G41: 0 | H41: 1 | I41: =CONCATENATE(A41,B41,C41,D41,E41,F41,G41,H41) -> 01050301 | J41: =CONCATENATE(A41,B41,C41,D41,E41,F41,G41,H41) -> 01050301 | K41: SERAM | L41: COLUMNA CERVICAL FLEXO-EXT (2P) | N41: Mantener | O41: Dos adquisiciones radiográficas colimadas obtenidas sobre la columna cervical en situación de flexión y extensión máxima. | P41: COLUMNA CERVICAL FLEXO-EXT. | Q41: 1.1172507 | R41: =AP41 -> 0.91666667 | S41: 1.1437923 | T41: PTE. | U41: 8 | V41: =SUM(W41:AB41) -> 6 | W41: 3 | X41: 0 | Y41: 0 | Z41: 1 | AA41: 1 | AB41: 1 | AC41: 6'''''' | AD41: 5 | AE41: =SUM(AF41:AM41) -> 5 | AF41: 1 | AG41: 0 | AH41: 3 | AI41: 0 | AJ41: 0 | AK41: 0 | AL41: 0 | AM41: 1 | AO41: =(V41*AT41)+(AE41*AR41) -> 11 | AP41: =AO41/AO$8 -> 0.91666667 | AQ41: {=_xlfn.IFS(AP41<4,"estandar",AP41>9,"compleja",AP41>4,"avanzada")} -> estandar | AR41: 1 | AS41: 0 | AT41: 1 | AU41: 0 | AV41: 2.6227427 | AW41: 0 | AX41: 3.6251131 | AZ41: =SUM(AV41,AW41,AX41) -> 6.2478558 | BA41: =AZ41/AZ$8 -> 1.1172507 | BB41: 2.2854608 | BC41: 0 | BD41: 0 | BE41: 1.2272304 | BF41: =SUM(AZ41,BB41,BC41,BD41,BE41) -> 9.760547 | BG41: =BF41/BF$8 -> 1.1437923 | BL41: =SUM(BH41,BI41,BJ41) -> 0 | BM41: =BL41/BL$8 -> #DIV/0! | BR41: =SUM(BL41,BN41,BO41,BP41,BQ41) -> 0 | BS41: =BR41/BR$8 -> #DIV/0!
A42: 0 | B42: 1 | C42: 0 | D42: 5 | E42: 0 | F42: 4 | G42: 0 | H42: 1 | I42: =CONCATENATE(A42,B42,C42,D42,E42,F42,G42,H42) -> 01050401 | J42: =CONCATENATE(A42,B42,C42,D42,E42,F42,G42,H42) -> 01050401 | K42: SERAM | L42: COLUMNA CERVICAL TRANSORAL (1P) | N42: Mantener | O42: Una adquisición en plano frontal colimada sobre la región oral con maniobra de boca abierta para delimitar la apófisis odontoides | P42: COLUMNA CERVICAL TRANSORAL | Q42: 1 | R42: =AP42 -> 0.83333333 | S42: 1 | T42: PTE. | U42: 6 | V42: =SUM(W42:AB42) -> 5 | W42: 3 | X42: 0 | Y42: 0 | Z42: 1 | AA42: 0 | AB42: 1 | AC42: 8'''''' | AD42: 5 | AE42: =SUM(AF42:AM42) -> 5 | AF42: 1 | AG42: 0 | AH42: 3 | AI42: 0 | AJ42: 0 | AK42: 0 | AL42: 0 | AM42: 1 | AO42: =(V42*AT42)+(AE42*AR42) -> 10 | AP42: =AO42/AO$8 -> 0.83333333 | AQ42: {=_xlfn.IFS(AP42<4,"estandar",AP42>9,"compleja",AP42>4,"avanzada")} -> estandar | AR42: 1 | AS42: 0 | AT42: 1 | AU42: 0 | AV42: 1.967057 | AW42: 0 | AX42: 3.6251131 | AZ42: =SUM(AV42,AW42,AX42) -> 5.5921701 | BA42: =AZ42/AZ$8 -> 1 | BB42: 1.7140956 | BC42: 0 | BD42: 0 | BE42: 1.2272304 | BF42: =SUM(AZ42,BB42,BC42,BD42,BE42) -> 8.5334961 | BG42: =BF42/BF$8 -> 1 | BL42: =SUM(BH42,BI42,BJ42) -> 0 | BM42: =BL42/BL$8 -> #DIV/0! | BR42: =SUM(BL42,BN42,BO42,BP42,BQ42) -> 0 | BS42: =BR42/BR$8 -> #DIV/0!
A43: 0 | B43: 1 | C43: 0 | D43: 5 | E43: 0 | F43: 5 | G43: 0 | H43: 1 | I43: =CONCATENATE(A43,B43,C43,D43,E43,F43,G43,H43) -> 01050501 | J43: =CONCATENATE(A43,B43,C43,D43,E43,F43,G43,H43) -> 01050501 | K43: SERAM | L43: COLUMNA DORSAL A-P Y LAT (2P) | N43: Mantener | O43: Dos adquisiciones radiográficas ortogonales (AP/LAT) colimadas obtenidas sobre la columna dorsal | P43: COLUMNA DORSAL, A-P Y LAT. | Q43: 1.1172507 | R43: =AP43 -> 0.91666667 | S43: 1.1437923 | T43: PTE. | U43: 8 | V43: =SUM(W43:AB43) -> 6 | W43: 3 | X43: 0 | Y43: 0 | Z43: 1 | AA43: 1 | AB43: 1 | AC43: 8'''''' | AD43: 5 | AE43: =SUM(AF43:AM43) -> 5 | AF43: 1 | AG43: 0 | AH43: 3 | AI43: 0 | AJ43: 0 | AK43: 0 | AL43: 0 | AM43: 1 | AO43: =(V43*AT43)+(AE43*AR43) -> 11 | AP43: =AO43/AO$8 -> 0.91666667 | AQ43: {=_xlfn.IFS(AP43<4,"estandar",AP43>9,"compleja",AP43>4,"avanzada")} -> estandar | AR43: 1 | AS43: 0 | AT43: 1 | AU43: 0 | AV43: 2.6227427 | AW43: 0 | AX43: 3.6251131 | AZ43: =SUM(AV43,AW43,AX43) -> 6.2478558 | BA43: =AZ43/AZ$8 -> 1.1172507 | BB43: 2.2854608 | BC43: 0 | BD43: 0 | BE43: 1.2272304 | BF43: =SUM(AZ43,BB43,BC43,BD43,BE43) -> 9.760547 | BG43: =BF43/BF$8 -> 1.1437923 | BL43: =SUM(BH43,BI43,BJ43) -> 0 | BM43: =BL43/BL$8 -> #DIV/0! | BR43: =SUM(BL43,BN43,BO43,BP43,BQ43) -> 0 | BS43: =BR43/BR$8 -> #DIV/0!
A44: 0 | B44: 1 | C44: 0 | D44: 5 | E44: 0 | F44: 6 | G44: 0 | H44: 1 | I44: =CONCATENATE(A44,B44,C44,D44,E44,F44,G44,H44) -> 01050601 | J44: =CONCATENATE(A44,B44,C44,D44,E44,F44,G44,H44) -> 01050601 | K44: SERAM | L44: COLUMNA LUMBOSACRA AP Y LAT (2P) | N44: Mantener | O44: Dos adquisiciones radiográficas ortogonales (AP/LAT) colimadas obtenidas sobre la columna lumbosacra | P44: COLUMNA LUMBOSACRA, AP y LAT. | Q44: 1.1172507 | R44: =AP44 -> 0.91666667 | S44: 1.1437923 | T44: PTE. | U44: 8 | V44: =SUM(W44:AB44) -> 6 | W44: 3 | X44: 0 | Y44: 0 | Z44: 1 | AA44: 1 | AB44: 1 | AC44: 14'''''' | AD44: 5 | AE44: =SUM(AF44:AM44) -> 5 | AF44: 1 | AG44: 0 | AH44: 3 | AI44: 0 | AJ44: 0 | AK44: 0 | AL44: 0 | AM44: 1 | AO44: =(V44*AT44)+(AE44*AR44) -> 11 | AP44: =AO44/AO$8 -> 0.91666667 | AQ44: {=_xlfn.IFS(AP44<4,"estandar",AP44>9,"compleja",AP44>4,"avanzada")} -> estandar | AR44: 1 | AS44: 0 | AT44: 1 | AU44: 0 | AV44: 2.6227427 | AW44: 0 | AX44: 3.6251131 | AZ44: =SUM(AV44,AW44,AX44) -> 6.2478558 | BA44: =AZ44/AZ$8 -> 1.1172507 | BB44: 2.2854608 | BC44: 0 | BD44: 0 | BE44: 1.2272304 | BF44: =SUM(AZ44,BB44,BC44,BD44,BE44) -> 9.760547 | BG44: =BF44/BF$8 -> 1.1437923 | BL44: =SUM(BH44,BI44,BJ44) -> 0 | BM44: =BL44/BL$8 -> #DIV/0! | BR44: =SUM(BL44,BN44,BO44,BP44,BQ44) -> 0 | BS44: =BR44/BR$8 -> #DIV/0!
A45: 0 | B45: 1 | C45: 0 | D45: 5 | E45: 0 | F45: 7 | G45: 0 | H45: 1 | I45: =CONCATENATE(A45,B45,C45,D45,E45,F45,G45,H45) -> 01050701 | J45: =CONCATENATE(A45,B45,C45,D45,E45,F45,G45,H45) -> 01050701 | K45: SERAM | L45: COLUMNA LUMBOSACRA AP, LAT Y OBLICUAS (4P) | N45: Mantener | O45: Cuatro adquisiciones radiográficas ortogonales (AP/LAT/OD/OI) colimadas obtenidas sobre la columna lumbosacra, las proyecciones oblicuas para mejor delimitación de los elementos posteriores y agujeros de conjunción | P45: COLUMNA LUMBOSACRA AP, LAT Y OBLICUAS | Q45: 1.4690027 | R45: =AP45 -> 1.0833333 | S45: 1.5751691 | T45: PTE. | U45: 14 | V45: =SUM(W45:AB45) -> 8 | W45: 3 | X45: 0 | Y45: 0 | Z45: 1 | AA45: 3 | AB45: 1 | AC45: 8'''''' | AD45: 5 | AE45: =SUM(AF45:AM45) -> 5 | AF45: 1 | AG45: 0 | AH45: 3 | AI45: 0 | AJ45: 0 | AK45: 0 | AL45: 0 | AM45: 1 | AO45: =(V45*AT45)+(AE45*AR45) -> 13 | AP45: =AO45/AO$8 -> 1.0833333 | AQ45: {=_xlfn.IFS(AP45<4,"estandar",AP45>9,"compleja",AP45>4,"avanzada")} -> estandar | AR45: 1 | AS45: 0 | AT45: 1 | AU45: 0 | AV45: 4.5897997 | AW45: 0 | AX45: 3.6251131 | AZ45: =SUM(AV45,AW45,AX45) -> 8.2149128 | BA45: =AZ45/AZ$8 -> 1.4690027 | BB45: 3.9995565 | BC45: 0 | BD45: 0 | BE45: 1.2272304 | BF45: =SUM(AZ45,BB45,BC45,BD45,BE45) -> 13.4417 | BG45: =BF45/BF$8 -> 1.5751691 | BL45: =SUM(BH45,BI45,BJ45) -> 0 | BM45: =BL45/BL$8 -> #DIV/0! | BR45: =SUM(BL45,BN45,BO45,BP45,BQ45) -> 0 | BS45: =BR45/BR$8 -> #DIV/0!
A46: 0 | B46: 1 | C46: 0 | D46: 5 | E46: 0 | F46: 8 | G46: 0 | H46: 1 | I46: =CONCATENATE(A46,B46,C46,D46,E46,F46,G46,H46) -> 01050801 | J46: =CONCATENATE(A46,B46,C46,D46,E46,F46,G46,H46) -> 01050801 | K46: SERAM | L46: COLUMNA LUMBOSACRA FLEXO-EXT (2P) | N46: Mantener | O46: Dos adquisiciones radiográficas colimadas obtenidas sobre la columna lumbar en situación de flexión y extensión máxima. | P46: COLUMNA LUMBOSACRA FLEXO-EXT. | Q46: 1.1172507 | R46: =AP46 -> 1 | S46: 1.1437923 | T46: PTE. | U46: 8 | V46: =SUM(W46:AB46) -> 7 | W46: 3 | X46: 0 | Y46: 0 | Z46: 1 | AA46: 2 | AB46: 1 | AC46: 8'''''' | AD46: 5 | AE46: =SUM(AF46:AM46) -> 5 | AF46: 1 | AG46: 0 | AH46: 3 | AI46: 0 | AJ46: 0 | AK46: 0 | AL46: 0 | AM46: 1 | AO46: =(V46*AT46)+(AE46*AR46) -> 12 | AP46: =AO46/AO$8 -> 1 | AQ46: {=_xlfn.IFS(AP46<4,"estandar",AP46>9,"compleja",AP46>4,"avanzada")} -> estandar | AR46: 1 | AS46: 0 | AT46: 1 | AU46: 0 | AV46: 2.6227427 | AW46: 0 | AX46: 3.6251131 | AZ46: =SUM(AV46,AW46,AX46) -> 6.2478558 | BA46: =AZ46/AZ$8 -> 1.1172507 | BB46: 2.2854608 | BC46: 0 | BD46: 0 | BE46: 1.2272304 | BF46: =SUM(AZ46,BB46,BC46,BD46,BE46) -> 9.760547 | BG46: =BF46/BF$8 -> 1.1437923 | BL46: =SUM(BH46,BI46,BJ46) -> 0 | BM46: =BL46/BL$8 -> #DIV/0! | BR46: =SUM(BL46,BN46,BO46,BP46,BQ46) -> 0 | BS46: =BR46/BR$8 -> #DIV/0!
A47: 0 | B47: 1 | C47: 0 | D47: 5 | E47: 0 | F47: 9 | G47: 0 | H47: 1 | I47: =CONCATENATE(A47,B47,C47,D47,E47,F47,G47,H47) -> 01050901 | J47: =CONCATENATE(A47,B47,C47,D47,E47,F47,G47,H47) -> 01050901 | K47: SERAM | L47: SACROCOXIS AP Y LAT (2P) | N47: Mantener | O47: Dos adquisiciones radiográficas ortogonales (AP/LAT) colimadas obtenidas sobre la región sacrococcigea | P47: SACROCOXIS, AP y LAT. | Q47: 1.1172507 | R47: =AP47 -> 0.91666667 | S47: 1.1437923 | T47: PTE. | U47: 8 | V47: =SUM(W47:AB47) -> 6 | W47: 3 | X47: 0 | Y47: 0 | Z47: 1 | AA47: 1 | AB47: 1 | AD47: 5 | AE47: =SUM(AF47:AM47) -> 5 | AF47: 1 | AG47: 0 | AH47: 3 | AI47: 0 | AJ47: 0 | AK47: 0 | AL47: 0 | AM47: 1 | AO47: =(V47*AT47)+(AE47*AR47) -> 11 | AP47: =AO47/AO$8 -> 0.91666667 | AQ47: {=_xlfn.IFS(AP47<4,"estandar",AP47>9,"compleja",AP47>4,"avanzada")} -> estandar | AR47: 1 | AS47: 0 | AT47: 1 | AU47: 0 | AV47: 2.6227427 | AW47: 0 | AX47: 3.6251131 | AZ47: =SUM(AV47,AW47,AX47) -> 6.2478558 | BA47: =AZ47/AZ$8 -> 1.1172507 | BB47: 2.2854608 | BC47: 0 | BD47: 0 | BE47: 1.2272304 | BF47: =SUM(AZ47,BB47,BC47,BD47,BE47) -> 9.760547 | BG47: =BF47/BF$8 -> 1.1437923 | BL47: =SUM(BH47,BI47,BJ47) -> 0 | BM47: =BL47/BL$8 -> #DIV/0! | BR47: =SUM(BL47,BN47,BO47,BP47,BQ47) -> 0 | BS47: =BR47/BR$8 -> #DIV/0!
I48: =CONCATENATE(A48,B48,C48,D48,E48,F48,G48,H48)
A49: 0 | B49: 1 | C49: 0 | D49: 5 | E49: 0 | F49: 0 | G49: 0 | H49: 0 | I49: =CONCATENATE(A49,B49,C49,D49,E49,F49,G49,H49) -> 01050000 | K49: SERAM | L49: COLUMNA TOTAL/MEDICIÓN DE MIEMBROS (TELERRADIOGRAFIA) | P49: COLUMNA TOTAL/MEDICIÓN DE MIEMBROS (TELERRADIOGRAFIA) | AC49: 7''''''
A50: 0 | B50: 1 | C50: 0 | D50: 5 | E50: 1 | F50: 0 | G50: 0 | H50: 1 | I50: =CONCATENATE(A50,B50,C50,D50,E50,F50,G50,H50) -> 01051001 | J50: =CONCATENATE(A50,B50,C50,D50,E50,F50,G50,H50) -> 01051001 | K50: SERAM | L50: TELERRADIOGRAFÍA COLUMNA TOTAL, 1 PROYECCIÓN | N50: Mantener | O50: Imagen panorámica en una proyección (AP o lateral) obtenida con una o múltiples adquisiciones radiográficas incluyendo la columna en la totalidad de su extensión | P50: TELERRADIOGRAFÍA COLUMNA TOTAL, 1 PROYECCIÓN | Q50: 1.2 | R50: =AP50 -> 1.5 | S50: 1.2 | T50: PTE. | U50: 7 | V50: =SUM(W50:AB50) -> 8 | W50: 3 | X50: 0 | Y50: 0 | Z50: 3 | AA50: 0 | AB50: 2 | AC50: 12'''''' | AD50: 5 | AE50: =SUM(AF50:AM50) -> 10 | AF50: 2 | AG50: 0 | AH50: 3 | AI50: 0 | AJ50: 0 | AK50: 3 | AL50: 0 | AM50: 2 | AO50: =(V50*AT50)+(AE50*AR50) -> 18 | AP50: =AO50/AO$8 -> 1.5 | AQ50: {=_xlfn.IFS(AP50<4,"estandar",AP50>9,"compleja",AP50>4,"avanzada")} -> estandar | AR50: 1 | AS50: 0 | AT50: 1 | AU50: 0 | AV50: 2.2948998 | AW50: 0 | AX50: 3.6251131 | AZ50: =SUM(AV50,AW50,AX50) -> 5.920013 | BA50: 1.2 | BB50: 1.9997782 | BC50: 0 | BD50: 0 | BE50: 1.2272304 | BF50: =SUM(AZ50,BB50,BC50,BD50,BE50) -> 9.1470216 | BG50: 1.2 | BL50: =SUM(BH50,BI50,BJ50) -> 0 | BM50: =BL50/BL$8 -> #DIV/0! | BR50: =SUM(BL50,BN50,BO50,BP50,BQ50) -> 0 | BS50: =BR50/BR$8 -> #DIV/0!
A51: 0 | B51: 1 | C51: 0 | D51: 5 | E51: 1 | F51: 1 | G51: 0 | H51: 1 | I51: =CONCATENATE(A51,B51,C51,D51,E51,F51,G51,H51) -> 01051101 | J51: =CONCATENATE(A51,B51,C51,D51,E51,F51,G51,H51) -> 01051101 | K51: SERAM | L51: TELERRADIOGRAFÍA COLUMNA TOTAL AP Y LAT (2P) | N51: Mantener | O51: Imágenes panorámicas en dos proyecciones ortogonales (AP/LAT) obtenidas mediante múltiples adquisiciones radiográficas incluyendo la columna en la totalidad de su extensión | P51: TELERRADIOGRAFÍA COLUMNA TOTAL AP Y LAT | Q51: 2 | R51: =AP51 -> 1.75 | S51: 2 | T51: PTE. | U51: 12 | V51: =SUM(W51:AB51) -> 11 | W51: 3 | X51: 0 | Y51: 0 | Z51: 6 | AA51: 0 | AB51: 2 | AC51: 12'''''' | AD51: 5 | AE51: =SUM(AF51:AM51) -> 10 | AF51: 2 | AG51: 0 | AH51: 3 | AI51: 0 | AJ51: 0 | AK51: 3 | AL51: 0 | AM51: 2 | AO51: =(V51*AT51)+(AE51*AR51) -> 21 | AP51: =AO51/AO$8 -> 1.75 | AQ51: {=_xlfn.IFS(AP51<4,"estandar",AP51>9,"compleja",AP51>4,"avanzada")} -> estandar | AR51: 1 | AS51: 0 | AT51: 1 | AU51: 0 | AV51: 3.934114 | AW51: 0 | AX51: 3.6251131 | AZ51: =SUM(AV51,AW51,AX51) -> 7.5592271 | BA51: 2 | BB51: 3.4281912 | BC51: 0 | BD51: 0 | BE51: 1.2272304 | BF51: =SUM(AZ51,BB51,BC51,BD51,BE51) -> 12.214649 | BG51: 2 | BL51: =SUM(BH51,BI51,BJ51) -> 0 | BM51: =BL51/BL$8 -> #DIV/0! | BR51: =SUM(BL51,BN51,BO51,BP51,BQ51) -> 0 | BS51: =BR51/BR$8 -> #DIV/0!
A52: 0 | B52: 1 | C52: 0 | D52: 5 | E52: 1 | F52: 2 | G52: 0 | H52: 1 | I52: =CONCATENATE(A52,B52,C52,D52,E52,F52,G52,H52) -> 01051201 | J52: =CONCATENATE(A52,B52,C52,D52,E52,F52,G52,H52) -> 01051201 | K52: SERAM | L52: COLUMNA TOTAL: TEST DE BENDING (1P) | N52: Mantener | O52: Imágenes panorámicas en proyección AP o PA obtenidas mediante múltiples adquisiciones radiográficas incluyendo la columna en la totalidad de su extensión mientras se mantiene una maniobra de flexión lateral | P52: COLUMNA TOTAL: TEST DE BENDING | Q52: 2 | R52: =AP52 -> 1.5 | S52: 2 | T52: PTE. | U52: 12 | V52: =SUM(W52:AB52) -> 8 | W52: 3 | X52: 0 | Y52: 0 | Z52: 3 | AA52: 0 | AB52: 2 | AC52: 7'''''' | AD52: 5 | AE52: =SUM(AF52:AM52) -> 10 | AF52: 2 | AG52: 0 | AH52: 3 | AI52: 0 | AJ52: 0 | AK52: 3 | AL52: 0 | AM52: 2 | AO52: =(V52*AT52)+(AE52*AR52) -> 18 | AP52: =AO52/AO$8 -> 1.5 | AQ52: {=_xlfn.IFS(AP52<4,"estandar",AP52>9,"compleja",AP52>4,"avanzada")} -> estandar | AR52: 1 | AS52: 0 | AT52: 1 | AU52: 0 | AV52: 3.934114 | AW52: 0 | AX52: 3.6251131 | AZ52: =SUM(AV52,AW52,AX52) -> 7.5592271 | BA52: 2 | BB52: 3.4281912 | BC52: 0 | BD52: 0 | BE52: 1.2272304 | BF52: =SUM(AZ52,BB52,BC52,BD52,BE52) -> 12.214649 | BG52: 2 | BL52: =SUM(BH52,BI52,BJ52) -> 0 | BM52: =BL52/BL$8 -> #DIV/0! | BR52: =SUM(BL52,BN52,BO52,BP52,BQ52) -> 0 | BS52: =BR52/BR$8 -> #DIV/0!
A53: 0 | B53: 1 | C53: 0 | D53: 5 | E53: 1 | F53: 3 | G53: 0 | H53: 1 | I53: =CONCATENATE(A53,B53,C53,D53,E53,F53,G53,H53) -> 01051301 | J53: =CONCATENATE(A53,B53,C53,D53,E53,F53,G53,H53) -> 01051301 | K53: SERAM | L53: TELERRADIOGRAFÍA MIEMBROS INFERIORES (1P) | N53: Mantener | O53: Imagen panorámica en una proyección (AP) obtenida con una o múltiples adquisiciones radiográficas incluyendo la pelvis y ambos miembros inferiores en la totalidad de su extensión | P53: TELERRADIOGRAFÍA MIEMBROS INFERIORES | Q53: 2 | R53: =AP53 -> 1.5 | S53: 2 | T53: PTE. | U53: 7 | V53: =SUM(W53:AB53) -> 8 | W53: 3 | X53: 0 | Y53: 0 | Z53: 3 | AA53: 0 | AB53: 2 | AD53: 5 | AE53: =SUM(AF53:AM53) -> 10 | AF53: 2 | AG53: 0 | AH53: 3 | AI53: 0 | AJ53: 0 | AK53: 3 | AL53: 0 | AM53: 2 | AO53: =(V53*AT53)+(AE53*AR53) -> 18 | AP53: =AO53/AO$8 -> 1.5 | AQ53: {=_xlfn.IFS(AP53<4,"estandar",AP53>9,"compleja",AP53>4,"avanzada")} -> estandar | AR53: 1 | AS53: 0 | AT53: 1 | AU53: 0 | AV53: 2.2948998 | AW53: 0 | AX53: 3.6251131 | AZ53: =SUM(AV53,AW53,AX53) -> 5.920013 | BA53: 2 | BB53: 1.9997782 | BC53: 0 | BD53: 0 | BE53: 1.2272304 | BF53: =SUM(AZ53,BB53,BC53,BD53,BE53) -> 9.1470216 | BG53: 2 | BL53: =SUM(BH53,BI53,BJ53) -> 0 | BM53: =BL53/BL$8 -> #DIV/0! | BR53: =SUM(BL53,BN53,BO53,BP53,BQ53) -> 0 | BS53: =BR53/BR$8 -> #DIV/0!
A55: 0 | B55: 1 | C55: 0 | D55: 6 | E55: 0 | F55: 0 | G55: 0 | H55: 0 | K55: SERAM | L55: RADIOLOGÍA DE EXTREMIDADES SUPERIORES | P55: RADIOLOGÍA DE EXTREMIDADES SUPERIORES | AC55: 7''''''
A56: 0 | B56: 1 | C56: 0 | D56: 6 | E56: 0 | F56: 1 | G56: 0 | H56: 1 | I56: =CONCATENATE(A56,B56,C56,D56,E56,F56,G56,H56) -> 01060101 | J56: =CONCATENATE(A56,B56,C56,D56,E56,F56,G56,H56) -> 01060101 | K56: SERAM | L56: CLAVÍCULA (1P) | N56: Mantener | O56: Una adquisición radiográfica en proyección AP colimada y centrada sobre la clavícula sintomática | P56: CLAVÍCULA | Q56: 1.0586253 | R56: =AP56 -> 0.83333333 | S56: 1.0718961 | T56: PTE. | U56: 7 | V56: =SUM(W56:AB56) -> 5 | W56: 3 | X56: 0 | Y56: 0 | Z56: 1 | AA56: 0 | AB56: 1 | AC56: 7'''''' | AD56: 5 | AE56: =SUM(AF56:AM56) -> 5 | AF56: 1 | AG56: 0 | AH56: 3 | AI56: 0 | AJ56: 0 | AK56: 0 | AL56: 0 | AM56: 1 | AO56: =(V56*AT56)+(AE56*AR56) -> 10 | AP56: =AO56/AO$8 -> 0.83333333 | AQ56: {=_xlfn.IFS(AP56<4,"estandar",AP56>9,"compleja",AP56>4,"avanzada")} -> estandar | AR56: 1 | AS56: 0 | AT56: 1 | AU56: 0 | AV56: 2.2948998 | AW56: 0 | AX56: 3.6251131 | AZ56: =SUM(AV56,AW56,AX56) -> 5.920013 | BA56: =AZ56/AZ$8 -> 1.0586253 | BB56: 1.9997782 | BC56: 0 | BD56: 0 | BE56: 1.2272304 | BF56: =SUM(AZ56,BB56,BC56,BD56,BE56) -> 9.1470216 | BG56: =BF56/BF$8 -> 1.0718961 | BL56: =SUM(BH56,BI56,BJ56) -> 0 | BM56: =BL56/BL$8 -> #DIV/0! | BR56: =SUM(BL56,BN56,BO56,BP56,BQ56) -> 0 | BS56: =BR56/BR$8 -> #DIV/0!
A57: 0 | B57: 1 | C57: 0 | D57: 6 | E57: 0 | F57: 2 | G57: 0 | H57: 1 | I57: =CONCATENATE(A57,B57,C57,D57,E57,F57,G57,H57) -> 01060201 | J57: =CONCATENATE(A57,B57,C57,D57,E57,F57,G57,H57) -> 01060201 | K57: SERAM | L57: ARTICULACIÓN ESTERNOCLAVICULAR (1P) | N57: Mantener | O57: Una adquisición radiográfica en proyección AP colimada y centrada sobre la articulación acromio clavicular sintomática | P57: ARTICULACIÓN ESTERNO CLAVICULAR | Q57: 1.0586253 | R57: =AP57 -> 0.83333333 | S57: 1.0718961 | T57: PTE. | U57: 7 | V57: =SUM(W57:AB57) -> 5 | W57: 3 | X57: 0 | Y57: 0 | Z57: 1 | AA57: 0 | AB57: 1 | AC57: 7'''''' | AD57: 5 | AE57: =SUM(AF57:AM57) -> 5 | AF57: 1 | AG57: 0 | AH57: 3 | AI57: 0 | AJ57: 0 | AK57: 0 | AL57: 0 | AM57: 1 | AO57: =(V57*AT57)+(AE57*AR57) -> 10 | AP57: =AO57/AO$8 -> 0.83333333 | AQ57: {=_xlfn.IFS(AP57<4,"estandar",AP57>9,"compleja",AP57>4,"avanzada")} -> estandar | AR57: 1 | AS57: 0 | AT57: 1 | AU57: 0 | AV57: 2.2948998 | AW57: 0 | AX57: 3.6251131 | AZ57: =SUM(AV57,AW57,AX57) -> 5.920013 | BA57: =AZ57/AZ$8 -> 1.0586253 | BB57: 1.9997782 | BC57: 0 | BD57: 0 | BE57: 1.2272304 | BF57: =SUM(AZ57,BB57,BC57,BD57,BE57) -> 9.1470216 | BG57: =BF57/BF$8 -> 1.0718961 | BL57: =SUM(BH57,BI57,BJ57) -> 0 | BM57: =BL57/BL$8 -> #DIV/0! | BR57: =SUM(BL57,BN57,BO57,BP57,BQ57) -> 0 | BS57: =BR57/BR$8 -> #DIV/0!
A58: 0 | B58: 1 | C58: 0 | D58: 6 | E58: 0 | F58: 3 | G58: 0 | H58: 1 | I58: =CONCATENATE(A58,B58,C58,D58,E58,F58,G58,H58) -> 01060301 | J58: =CONCATENATE(A58,B58,C58,D58,E58,F58,G58,H58) -> 01060301 | K58: SERAM | L58: ESCÁPULA AP Y EN "Y" (2P) | N58: Mantener | O58: Doble adquisicion de la región escapulohumeral una de ellas en proyección AP con el paciente orientado a 30 grados respecto del detector | P58: ESCÁPULA AP y EN "Y" | Q58: 1.0586253 | R58: =AP58 -> 0.91666667 | S58: 1.0718961 | T58: PTE. | U58: 7 | V58: =SUM(W58:AB58) -> 6 | W58: 3 | X58: 0 | Y58: 0 | Z58: 1 | AA58: 1 | AB58: 1 | AC58: 8'''''' | AD58: 5 | AE58: =SUM(AF58:AM58) -> 5 | AF58: 1 | AG58: 0 | AH58: 3 | AI58: 0 | AJ58: 0 | AK58: 0 | AL58: 0 | AM58: 1 | AO58: =(V58*AT58)+(AE58*AR58) -> 11 | AP58: =AO58/AO$8 -> 0.91666667 | AQ58: {=_xlfn.IFS(AP58<4,"estandar",AP58>9,"compleja",AP58>4,"avanzada")} -> estandar | AR58: 1 | AS58: 0 | AT58: 1 | AU58: 0 | AV58: 2.2948998 | AW58: 0 | AX58: 3.6251131 | AZ58: =SUM(AV58,AW58,AX58) -> 5.920013 | BA58: =AZ58/AZ$8 -> 1.0586253 | BB58: 1.9997782 | BC58: 0 | BD58: 0 | BE58: 1.2272304 | BF58: =SUM(AZ58,BB58,BC58,BD58,BE58) -> 9.1470216 | BG58: =BF58/BF$8 -> 1.0718961 | BL58: =SUM(BH58,BI58,BJ58) -> 0 | BM58: =BL58/BL$8 -> #DIV/0! | BR58: =SUM(BL58,BN58,BO58,BP58,BQ58) -> 0 | BS58: =BR58/BR$8 -> #DIV/0!
A59: 0 | B59: 1 | C59: 0 | D59: 6 | E59: 0 | F59: 4 | G59: 0 | H59: 1 | I59: =CONCATENATE(A59,B59,C59,D59,E59,F59,G59,H59) -> 01060401 | J59: =CONCATENATE(A59,B59,C59,D59,E59,F59,G59,H59) -> 01060401 | K59: SERAM | L59: ESTERNÓN (1P) | N59: Mantener | O59: Una adquisición radiográfica lateral colimada de la región esternal | P59: ESTERNÓN | Q59: 1.1172507 | R59: =AP59 -> 0.83333333 | S59: 1.1437923 | T59: PTE. | U59: 8 | V59: =SUM(W59:AB59) -> 5 | W59: 3 | X59: 0 | Y59: 0 | Z59: 1 | AA59: 0 | AB59: 1 | AC59: 7'''''' | AD59: 5 | AE59: =SUM(AF59:AM59) -> 5 | AF59: 1 | AG59: 0 | AH59: 3 | AI59: 0 | AJ59: 0 | AK59: 0 | AL59: 0 | AM59: 1 | AO59: =(V59*AT59)+(AE59*AR59) -> 10 | AP59: =AO59/AO$8 -> 0.83333333 | AQ59: {=_xlfn.IFS(AP59<4,"estandar",AP59>9,"compleja",AP59>4,"avanzada")} -> estandar | AR59: 1 | AS59: 0 | AT59: 1 | AU59: 0 | AV59: 2.6227427 | AW59: 0 | AX59: 3.6251131 | AZ59: =SUM(AV59,AW59,AX59) -> 6.2478558 | BA59: =AZ59/AZ$8 -> 1.1172507 | BB59: 2.2854608 | BC59: 0 | BD59: 0 | BE59: 1.2272304 | BF59: =SUM(AZ59,BB59,BC59,BD59,BE59) -> 9.760547 | BG59: =BF59/BF$8 -> 1.1437923 | BL59: =SUM(BH59,BI59,BJ59) -> 0 | BM59: =BL59/BL$8 -> #DIV/0! | BR59: =SUM(BL59,BN59,BO59,BP59,BQ59) -> 0 | BS59: =BR59/BR$8 -> #DIV/0!
A60: 0 | B60: 1 | C60: 0 | D60: 6 | E60: 0 | F60: 5 | G60: 0 | H60: 1 | I60: =CONCATENATE(A60,B60,C60,D60,E60,F60,G60,H60) -> 01060501 | J60: =CONCATENATE(A60,B60,C60,D60,E60,F60,G60,H60) -> 01060501 | K60: SERAM | L60: HOMBRO AP Y AXIAL (2P) | N60: Mantener | O60: Dos adquisiciones radiográficas (AP) colimadas obtenidas sobre la región humeral, una de ellas con angulación de tubo y paciente (axial) | P60: HOMBRO AP y AXIAL | Q60: 1.0586253 | R60: =AP60 -> 0.91666667 | S60: 1.0718961 | T60: PTE. | U60: 7 | V60: =SUM(W60:AB60) -> 6 | W60: 3 | X60: 0 | Y60: 0 | Z60: 1 | AA60: 1 | AB60: 1 | AC60: 7'''''' | AD60: 5 | AE60: =SUM(AF60:AM60) -> 5 | AF60: 1 | AG60: 0 | AH60: 3 | AI60: 0 | AJ60: 0 | AK60: 0 | AL60: 0 | AM60: 1 | AO60: =(V60*AT60)+(AE60*AR60) -> 11 | AP60: =AO60/AO$8 -> 0.91666667 | AQ60: {=_xlfn.IFS(AP60<4,"estandar",AP60>9,"compleja",AP60>4,"avanzada")} -> estandar | AR60: 1 | AS60: 0 | AT60: 1 | AU60: 0 | AV60: 2.2948998 | AW60: 0 | AX60: 3.6251131 | AZ60: =SUM(AV60,AW60,AX60) -> 5.920013 | BA60: =AZ60/AZ$8 -> 1.0586253 | BB60: 1.9997782 | BC60: 0 | BD60: 0 | BE60: 1.2272304 | BF60: =SUM(AZ60,BB60,BC60,BD60,BE60) -> 9.1470216 | BG60: =BF60/BF$8 -> 1.0718961 | BL60: =SUM(BH60,BI60,BJ60) -> 0 | BM60: =BL60/BL$8 -> #DIV/0! | BR60: =SUM(BL60,BN60,BO60,BP60,BQ60) -> 0 | BS60: =BR60/BR$8 -> #DIV/0!
A61: 0 | B61: 1 | C61: 0 | D61: 6 | E61: 0 | F61: 6 | G61: 0 | H61: 1 | I61: =CONCATENATE(A61,B61,C61,D61,E61,F61,G61,H61) -> 01060601 | J61: =CONCATENATE(A61,B61,C61,D61,E61,F61,G61,H61) -> 01060601 | K61: SERAM | L61: HOMBRO ROTACIONES (2P) | N61: Mantener | O61: Una o dos adquisiciones adicionalesen proyección AP del hombro realizando en cada una de ellas el paciente una maniobra de rotación interna o externa del hombro espectivamente | P61: HOMBRO ROTACIONES | Q61: 1.0586253 | R61: =AP61 -> 0.91666667 | S61: 1.0718961 | T61: PTE. | U61: 7 | V61: =SUM(W61:AB61) -> 6 | W61: 3 | X61: 0 | Y61: 0 | Z61: 1 | AA61: 1 | AB61: 1 | AC61: 7'''''' | AD61: 5 | AE61: =SUM(AF61:AM61) -> 5 | AF61: 1 | AG61: 0 | AH61: 3 | AI61: 0 | AJ61: 0 | AK61: 0 | AL61: 0 | AM61: 1 | AO61: =(V61*AT61)+(AE61*AR61) -> 11 | AP61: =AO61/AO$8 -> 0.91666667 | AQ61: {=_xlfn.IFS(AP61<4,"estandar",AP61>9,"compleja",AP61>4,"avanzada")} -> estandar | AR61: 1 | AS61: 0 | AT61: 1 | AU61: 0 | AV61: 2.2948998 | AW61: 0 | AX61: 3.6251131 | AZ61: =SUM(AV61,AW61,AX61) -> 5.920013 | BA61: =AZ61/AZ$8 -> 1.0586253 | BB61: 1.9997782 | BC61: 0 | BD61: 0 | BE61: 1.2272304 | BF61: =SUM(AZ61,BB61,BC61,BD61,BE61) -> 9.1470216 | BG61: =BF61/BF$8 -> 1.0718961 | BL61: =SUM(BH61,BI61,BJ61) -> 0 | BM61: =BL61/BL$8 -> #DIV/0! | BR61: =SUM(BL61,BN61,BO61,BP61,BQ61) -> 0 | BS61: =BR61/BR$8 -> #DIV/0!
A62: 0 | B62: 1 | C62: 0 | D62: 6 | E62: 0 | F62: 7 | G62: 0 | H62: 1 | I62: =CONCATENATE(A62,B62,C62,D62,E62,F62,G62,H62) -> 01060701 | J62: =CONCATENATE(A62,B62,C62,D62,E62,F62,G62,H62) -> 01060701 | K62: SERAM | L62: HOMBRO DESFILADERO SUBACROMIAL (1P) | N62: Mantener | O62: Una adquisición radiográfica complementaria realizada en adquisición PA con ángulo de incidencia oblicuo para mejor delimitación del espacio subacromial | P62: HOMBRO, DESFILADERO SUBACROMIAL | Q62: 1.0586253 | R62: =AP62 -> 0.83333333 | S62: 1.0718961 | T62: PTE. | U62: 7 | V62: =SUM(W62:AB62) -> 5 | W62: 3 | X62: 0 | Y62: 0 | Z62: 1 | AA62: 0 | AB62: 1 | AC62: 6'''''' | AD62: 5 | AE62: =SUM(AF62:AM62) -> 5 | AF62: 1 | AG62: 0 | AH62: 3 | AI62: 0 | AJ62: 0 | AK62: 0 | AL62: 0 | AM62: 1 | AO62: =(V62*AT62)+(AE62*AR62) -> 10 | AP62: =AO62/AO$8 -> 0.83333333 | AQ62: {=_xlfn.IFS(AP62<4,"estandar",AP62>9,"compleja",AP62>4,"avanzada")} -> estandar | AR62: 1 | AS62: 0 | AT62: 1 | AU62: 0 | AV62: 2.2948998 | AW62: 0 | AX62: 3.6251131 | AZ62: =SUM(AV62,AW62,AX62) -> 5.920013 | BA62: =AZ62/AZ$8 -> 1.0586253 | BB62: 1.9997782 | BC62: 0 | BD62: 0 | BE62: 1.2272304 | BF62: =SUM(AZ62,BB62,BC62,BD62,BE62) -> 9.1470216 | BG62: =BF62/BF$8 -> 1.0718961 | BL62: =SUM(BH62,BI62,BJ62) -> 0 | BM62: =BL62/BL$8 -> #DIV/0! | BR62: =SUM(BL62,BN62,BO62,BP62,BQ62) -> 0 | BS62: =BR62/BR$8 -> #DIV/0!
A63: 0 | B63: 1 | C63: 0 | D63: 6 | E63: 0 | F63: 8 | G63: 0 | H63: 1 | I63: =CONCATENATE(A63,B63,C63,D63,E63,F63,G63,H63) -> 01060801 | J63: =CONCATENATE(A63,B63,C63,D63,E63,F63,G63,H63) -> 01060801 | K63: SERAM | L63: HÚMERO AP Y LAT (2P) | N63: Mantener | O63: Dos adquisiciones radiográficas ortogonales (AP/LAT) colimadas obtenidas sobre la región humeral | P63: HÚMERO AP y LAT. | Q63: 1 | R63: =AP63 -> 0.91666667 | S63: 1 | T63: PTE. | U63: 6 | V63: =SUM(W63:AB63) -> 6 | W63: 3 | X63: 0 | Y63: 0 | Z63: 1 | AA63: 1 | AB63: 1 | AC63: 6'''''' | AD63: 5 | AE63: =SUM(AF63:AM63) -> 5 | AF63: 1 | AG63: 0 | AH63: 3 | AI63: 0 | AJ63: 0 | AK63: 0 | AL63: 0 | AM63: 1 | AO63: =(V63*AT63)+(AE63*AR63) -> 11 | AP63: =AO63/AO$8 -> 0.91666667 | AQ63: {=_xlfn.IFS(AP63<4,"estandar",AP63>9,"compleja",AP63>4,"avanzada")} -> estandar | AR63: 1 | AS63: 0 | AT63: 1 | AU63: 0 | AV63: 1.967057 | AW63: 0 | AX63: 3.6251131 | AZ63: =SUM(AV63,AW63,AX63) -> 5.5921701 | BA63: =AZ63/AZ$8 -> 1 | BB63: 1.7140956 | BC63: 0 | BD63: 0 | BE63: 1.2272304 | BF63: =SUM(AZ63,BB63,BC63,BD63,BE63) -> 8.5334961 | BG63: =BF63/BF$8 -> 1 | BL63: =SUM(BH63,BI63,BJ63) -> 0 | BM63: =BL63/BL$8 -> #DIV/0! | BR63: =SUM(BL63,BN63,BO63,BP63,BQ63) -> 0 | BS63: =BR63/BR$8 -> #DIV/0!
A64: 0 | B64: 1 | C64: 0 | D64: 6 | E64: 0 | F64: 9 | G64: 0 | H64: 1 | I64: =CONCATENATE(A64,B64,C64,D64,E64,F64,G64,H64) -> 01060901 | J64: =CONCATENATE(A64,B64,C64,D64,E64,F64,G64,H64) -> 01060901 | K64: SERAM | L64: HÚMERO AP Y TRANSTORÁCICA (2P) | N64: Mantener | O64: Dos adquisiciones radiográficas (AP) colimadas obtenidas sobre la región humeral, una de ellas con angulación de tubo y paciente (transtorácica) | P64: HÚMERO AP y TRANSTORÁCICA | Q64: 1 | R64: =AP64 -> 0.91666667 | S64: 1 | T64: PTE. | U64: 6 | V64: =SUM(W64:AB64) -> 6 | W64: 3 | X64: 0 | Y64: 0 | Z64: 1 | AA64: 1 | AB64: 1 | AC64: 6'''''' | AD64: 5 | AE64: =SUM(AF64:AM64) -> 5 | AF64: 1 | AG64: 0 | AH64: 3 | AI64: 0 | AJ64: 0 | AK64: 0 | AL64: 0 | AM64: 1 | AO64: =(V64*AT64)+(AE64*AR64) -> 11 | AP64: =AO64/AO$8 -> 0.91666667 | AQ64: {=_xlfn.IFS(AP64<4,"estandar",AP64>9,"compleja",AP64>4,"avanzada")} -> estandar | AR64: 1 | AS64: 0 | AT64: 1 | AU64: 0 | AV64: 1.967057 | AW64: 0 | AX64: 3.6251131 | AZ64: =SUM(AV64,AW64,AX64) -> 5.5921701 | BA64: =AZ64/AZ$8 -> 1 | BB64: 1.7140956 | BC64: 0 | BD64: 0 | BE64: 1.2272304 | BF64: =SUM(AZ64,BB64,BC64,BD64,BE64) -> 8.5334961 | BG64: =BF64/BF$8 -> 1 | BL64: =SUM(BH64,BI64,BJ64) -> 0 | BM64: =BL64/BL$8 -> #DIV/0! | BR64: =SUM(BL64,BN64,BO64,BP64,BQ64) -> 0 | BS64: =BR64/BR$8 -> #DIV/0!
A65: 0 | B65: 1 | C65: 0 | D65: 6 | E65: 1 | F65: 0 | G65: 0 | H65: 1 | I65: =CONCATENATE(A65,B65,C65,D65,E65,F65,G65,H65) -> 01061001 | J65: =CONCATENATE(A65,B65,C65,D65,E65,F65,G65,H65) -> 01061001 | K65: SERAM | L65: CODO AP Y LAT (2P) | N65: Mantener | O65: Dos adquisiciones radiográficas ortogonales (AP/LAT) colimadas obtenidas sobre la región del codo | P65: CODO, AP Y LAT | Q65: 1 | R65: =AP65 -> 0.91666667 | S65: 1 | T65: PTE. | U65: 6 | V65: =SUM(W65:AB65) -> 6 | W65: 3 | X65: 0 | Y65: 0 | Z65: 1 | AA65: 1 | AB65: 1 | AC65: 5'''''' | AD65: 5 | AE65: =SUM(AF65:AM65) -> 5 | AF65: 1 | AG65: 0 | AH65: 3 | AI65: 0 | AJ65: 0 | AK65: 0 | AL65: 0 | AM65: 1 | AO65: =(V65*AT65)+(AE65*AR65) -> 11 | AP65: =AO65/AO$8 -> 0.91666667 | AQ65: {=_xlfn.IFS(AP65<4,"estandar",AP65>9,"compleja",AP65>4,"avanzada")} -> estandar | AR65: 1 | AS65: 0 | AT65: 1 | AU65: 0 | AV65: 1.967057 | AW65: 0 | AX65: 3.6251131 | AZ65: =SUM(AV65,AW65,AX65) -> 5.5921701 | BA65: =AZ65/AZ$8 -> 1 | BB65: 1.7140956 | BC65: 0 | BD65: 0 | BE65: 1.2272304 | BF65: =SUM(AZ65,BB65,BC65,BD65,BE65) -> 8.5334961 | BG65: =BF65/BF$8 -> 1 | BL65: =SUM(BH65,BI65,BJ65) -> 0 | BM65: =BL65/BL$8 -> #DIV/0! | BR65: =SUM(BL65,BN65,BO65,BP65,BQ65) -> 0 | BS65: =BR65/BR$8 -> #DIV/0!
A66: 0 | B66: 1 | C66: 0 | D66: 6 | E66: 1 | F66: 1 | G66: 0 | H66: 1 | I66: =CONCATENATE(A66,B66,C66,D66,E66,F66,G66,H66) -> 01061101 | J66: =CONCATENATE(A66,B66,C66,D66,E66,F66,G66,H66) -> 01061101 | K66: SERAM | L66: ANTEBRAZO AP Y LAT (2P) | N66: Mantener | O66: Dos adquisiciones radiográficas ortogonales (AP/LAT) colimadas obtenidas sobre el antebrazo | P66: ANTEBRAZO AP y LAT | Q66: 0.94137467 | R66: =AP66 -> 0.83333333 | S66: 0.92810386 | T66: PTE. | U66: 5 | V66: =SUM(W66:AB66) -> 5 | W66: 2 | X66: 0 | Y66: 0 | Z66: 1 | AA66: 1 | AB66: 1 | AC66: 5'''''' | AD66: 5 | AE66: =SUM(AF66:AM66) -> 5 | AF66: 1 | AG66: 0 | AH66: 3 | AI66: 0 | AJ66: 0 | AK66: 0 | AL66: 0 | AM66: 1 | AO66: =(V66*AT66)+(AE66*AR66) -> 10 | AP66: =AO66/AO$8 -> 0.83333333 | AQ66: {=_xlfn.IFS(AP66<4,"estandar",AP66>9,"compleja",AP66>4,"avanzada")} -> estandar | AR66: 1 | AS66: 0 | AT66: 1 | AU66: 0 | AV66: 1.6392142 | AW66: 0 | AX66: 3.6251131 | AZ66: =SUM(AV66,AW66,AX66) -> 5.2643273 | BA66: =AZ66/AZ$8 -> 0.94137467 | BB66: 1.428413 | BC66: 0 | BD66: 0 | BE66: 1.2272304 | BF66: =SUM(AZ66,BB66,BC66,BD66,BE66) -> 7.9199707 | BG66: =BF66/BF$8 -> 0.92810386 | BL66: =SUM(BH66,BI66,BJ66) -> 0 | BM66: =BL66/BL$8 -> #DIV/0! | BR66: =SUM(BL66,BN66,BO66,BP66,BQ66) -> 0 | BS66: =BR66/BR$8 -> #DIV/0!
A67: 0 | B67: 1 | C67: 0 | D67: 6 | E67: 1 | F67: 2 | G67: 0 | H67: 1 | I67: =CONCATENATE(A67,B67,C67,D67,E67,F67,G67,H67) -> 01061201 | J67: =CONCATENATE(A67,B67,C67,D67,E67,F67,G67,H67) -> 01061201 | K67: SERAM | L67: MUÑECA AP Y LAT (2P) | N67: Mantener | O67: Dos adquisiciones radiográficas ortogonales (AP/LAT) colimadas obtenidas sobre la muñeca | P67: MUÑECA, AP Y LAT | Q67: 0.94137467 | R67: =AP67 -> 0.83333333 | S67: 0.92810386 | T67: PTE. | U67: 5 | V67: =SUM(W67:AB67) -> 5 | W67: 2 | X67: 0 | Y67: 0 | Z67: 1 | AA67: 1 | AB67: 1 | AC67: 5'''''' | AD67: 5 | AE67: =SUM(AF67:AM67) -> 5 | AF67: 1 | AG67: 0 | AH67: 3 | AI67: 0 | AJ67: 0 | AK67: 0 | AL67: 0 | AM67: 1 | AO67: =(V67*AT67)+(AE67*AR67) -> 10 | AP67: =AO67/AO$8 -> 0.83333333 | AQ67: {=_xlfn.IFS(AP67<4,"estandar",AP67>9,"compleja",AP67>4,"avanzada")} -> estandar | AR67: 1 | AS67: 0 | AT67: 1 | AU67: 0 | AV67: 1.6392142 | AW67: 0 | AX67: 3.6251131 | AZ67: =SUM(AV67,AW67,AX67) -> 5.2643273 | BA67: =AZ67/AZ$8 -> 0.94137467 | BB67: 1.428413 | BC67: 0 | BD67: 0 | BE67: 1.2272304 | BF67: =SUM(AZ67,BB67,BC67,BD67,BE67) -> 7.9199707 | BG67: =BF67/BF$8 -> 0.92810386 | BL67: =SUM(BH67,BI67,BJ67) -> 0 | BM67: =BL67/BL$8 -> #DIV/0! | BR67: =SUM(BL67,BN67,BO67,BP67,BQ67) -> 0 | BS67: =BR67/BR$8 -> #DIV/0!
... A71: 0 | B71: 1 | C71: 0 | D71: 6 | E71: 1 | F71: 6 | G71: 0 | H71: 1 | I71: =CONCATENATE(A71,B71,C71,D71,E71,F71,G71,H71) -> 01061601 | J71: =CONCATENATE(A71,B71,C71,D71,E71,F71,G71,H71) -> 01061601 | K71: SERAM | L71: MANO PA Y OBLICUA (2P) | N71: Mantener | O71: Dos adquisiciones radiográficas (AP/OBLICUA) colimadas obtenidas sobre la mano sintomática | P71: MANO, PA Y OBLICUA | Q71: 0.94137467 | R71: =AP71 -> 0.83333333 | S71: 0.92810386 | T71: PTE. | U71: 5 | V71: =SUM(W71:AB71) -> 5 | W71: 2 | X71: 0 | Y71: 0 | Z71: 1 | AA71: 1 | AB71: 1 | AC71: 5'''''' | AD71: 5 | AE71: =SUM(AF71:AM71) -> 5 | AF71: 1 | AG71: 0 | AH71: 3 | AI71: 0 | AJ71: 0 | AK71: 0 | AL71: 0 | AM71: 1 | AO71: =(V71*AT71)+(AE71*AR71) -> 10 | AP71: =AO71/AO$8 -> 0.83333333 | AQ71: {=_xlfn.IFS(AP71<4,"estandar",AP71>9,"compleja",AP71>4,"avanzada")} -> estandar | AR71: 1 | AS71: 0 | AT71: 1 | AU71: 0 | AV71: 1.6392142 | AW71: 0 | AX71: 3.6251131 | AZ71: =SUM(AV71,AW71,AX71) -> 5.2643273 | BA71: =AZ71/AZ$8 -> 0.94137467 | BB71: 1.428413 | BC71: 0 | BD71: 0 | BE71: 1.2272304 | BF71: =SUM(AZ71,BB71,BC71,BD71,BE71) -> 7.9199707 | BG71: =BF71/BF$8 -> 0.92810386 | BL71: =SUM(BH71,BI71,BJ71) -> 0 | BM71: =BL71/BL$8 -> #DIV/0! | BR71: =SUM(BL71,BN71,BO71,BP71,BQ71) -> 0 | BS71: =BR71/BR$8 -> #DIV/0!
A72: 0 | B72: 1 | C72: 0 | D72: 6 | E72: 1 | F72: 7 | G72: 0 | H72: 1 | I72: =CONCATENATE(A72,B72,C72,D72,E72,F72,G72,H72) -> 01061701 | J72: =CONCATENATE(A72,B72,C72,D72,E72,F72,G72,H72) -> 01061701 | K72: SERAM | L72: DEDOS AP Y LAT (2P) | N72: Mantener | O72: Dos adquisiciones radiográficas colimadas obtenidas sobre uno o la totalidad de los dedos de una mano | P72: DEDOS, AP Y LAT | Q72: 0.94137467 | R72: =AP72 -> 0.83333333 | S72: 0.92810386 | T72: PTE. | U72: 5 | V72: =SUM(W72:AB72) -> 5 | W72: 2 | X72: 0 | Y72: 0 | Z72: 1 | AA72: 1 | AB72: 1 | AD72: 5 | AE72: =SUM(AF72:AM72) -> 5 | AF72: 1 | AG72: 0 | AH72: 3 | AI72: 0 | AJ72: 0 | AK72: 0 | AL72: 0 | AM72: 1 | AO72: =(V72*AT72)+(AE72*AR72) -> 10 | AP72: =AO72/AO$8 -> 0.83333333 | AQ72: {=_xlfn.IFS(AP72<4,"estandar",AP72>9,"compleja",AP72>4,"avanzada")} -> estandar | AR72: 1 | AS72: 0 | AT72: 1 | AU72: 0 | AV72: 1.6392142 | AW72: 0 | AX72: 3.6251131 | AZ72: =SUM(AV72,AW72,AX72) -> 5.2643273 | BA72: =AZ72/AZ$8 -> 0.94137467 | BB72: 1.428413 | BC72: 0 | BD72: 0 | BE72: 1.2272304 | BF72: =SUM(AZ72,BB72,BC72,BD72,BE72) -> 7.9199707 | BG72: =BF72/BF$8 -> 0.92810386 | BL72: =SUM(BH72,BI72,BJ72) -> 0 | BM72: =BL72/BL$8 -> #DIV/0! | BR72: =SUM(BL72,BN72,BO72,BP72,BQ72) -> 0 | BS72: =BR72/BR$8 -> #DIV/0!
I73: =CONCATENATE(A73,B73,C73,D73,E73,F73,G73,H73)
K74: SERAM | L74: RADIOLOGÍA DE EXTREMIDADES INFERIORES | P74: RADIOLOGÍA DE EXTREMIDADES INFERIORES | AC74: 6''''''
A75: 0 | B75: 1 | C75: 0 | D75: 6 | E75: 1 | F75: 8 | G75: 0 | H75: 1 | I75: =CONCATENATE(A75,B75,C75,D75,E75,F75,G75,H75) -> 01061801 | J75: =CONCATENATE(A75,B75,C75,D75,E75,F75,G75,H75) -> 01061801 | K75: SERAM | L75: PELVIS AP (1P) | N75: Mantener | O75: Una adquisición radiográfica en proyección AP colimada sobre la pelvis | P75: PELVIS, AP | Q75: 1 | R75: =AP75 -> 0.83333333 | S75: 1 | T75: PTE. | U75: 6 | V75: =SUM(W75:AB75) -> 5 | W75: 3 | X75: 0 | Y75: 0 | Z75: 1 | AA75: 0 | AB75: 1 | AC75: 12'''''' | AD75: 5 | AE75: =SUM(AF75:AM75) -> 5 | AF75: 1 | AG75: 0 | AH75: 3 | AI75: 0 | AJ75: 0 | AK75: 0 | AL75: 0 | AM75: 1 | AO75: =(V75*AT75)+(AE75*AR75) -> 10 | AP75: =AO75/AO$8 -> 0.83333333 | AQ75: {=_xlfn.IFS(AP75<4,"estandar",AP75>9,"compleja",AP75>4,"avanzada")} -> estandar | AR75: 1 | AS75: 0 | AT75: 1 | AU75: 0 | AV75: 1.967057 | AW75: 0 | AX75: 3.6251131 | AZ75: =SUM(AV75,AW75,AX75) -> 5.5921701 | BA75: =AZ75/AZ$8 -> 1 | BB75: 1.7140956 | BC75: 0 | BD75: 0 | BE75: 1.2272304 | BF75: =SUM(AZ75,BB75,BC75,BD75,BE75) -> 8.5334961 | BG75: =BF75/BF$8 -> 1 | BL75: =SUM(BH75,BI75,BJ75) -> 0 | BM75: =BL75/BL$8 -> #DIV/0! | BR75: =SUM(BL75,BN75,BO75,BP75,BQ75) -> 0 | BS75: =BR75/BR$8 -> #DIV/0!
A76: 0 | B76: 1 | C76: 0 | D76: 6 | E76: 1 | F76: 9 | G76: 0 | H76: 1 | I76: =CONCATENATE(A76,B76,C76,D76,E76,F76,G76,H76) -> 01061901 | J76: =CONCATENATE(A76,B76,C76,D76,E76,F76,G76,H76) -> 01061901 | K76: SERAM | L76: PELVIS AP Y OBLICUAS (3P) | N76: Mantener | O76: Dos o tres adquisiciones radiográficas colimadas obtenidas sobre la pelvis | P76: PELVIS AP Y OBLICUAS | Q76: 1.351752 | R76: =AP76 -> 1 | S76: 1.4313768 | T76: PTE. | U76: 12 | V76: =SUM(W76:AB76) -> 7 | W76: 3 | X76: 0 | Y76: 0 | Z76: 1 | AA76: 2 | AB76: 1 | AC76: 6'''''' | AD76: 5 | AE76: =SUM(AF76:AM76) -> 5 | AF76: 1 | AG76: 0 | AH76: 3 | AI76: 0 | AJ76: 0 | AK76: 0 | AL76: 0 | AM76: 1 | AO76: =(V76*AT76)+(AE76*AR76) -> 12 | AP76: =AO76/AO$8 -> 1 | AQ76: {=_xlfn.IFS(AP76<4,"estandar",AP76>9,"compleja",AP76>4,"avanzada")} -> estandar | AR76: 1 | AS76: 0 | AT76: 1 | AU76: 0 | AV76: 3.934114 | AW76: 0 | AX76: 3.6251131 | AZ76: =SUM(AV76,AW76,AX76) -> 7.5592271 | BA76: =AZ76/AZ$8 -> 1.351752 | BB76: 3.4281912 | BC76: 0 | BD76: 0 | BE76: 1.2272304 | BF76: =SUM(AZ76,BB76,BC76,BD76,BE76) -> 12.214649 | BG76: =BF76/BF$8 -> 1.4313768 | BL76: =SUM(BH76,BI76,BJ76) -> 0 | BM76: =BL76/BL$8 -> #DIV/0! | BR76: =SUM(BL76,BN76,BO76,BP76,BQ76) -> 0 | BS76: =BR76/BR$8 -> #DIV/0!
A77: 0 | B77: 1 | C77: 0 | D77: 6 | E77: 2 | F77: 0 | G77: 0 | H77: 1 | I77: =CONCATENATE(A77,B77,C77,D77,E77,F77,G77,H77) -> 01062001 | J77: =CONCATENATE(A77,B77,C77,D77,E77,F77,G77,H77) -> 01062001 | K77: SERAM | L77: SACROILÍACAS PA (1P) | N77: Mantener | O77: Una adquisición radiográfica PA en decúbito prono colimada sobre la región central de la pelvis- sacro | P77: SACROILÍACAS PA. | Q77: 1 | R77: =AP77 -> 0.83333333 | S77: 1 | T77: PTE. | U77: 6 | V77: =SUM(W77:AB77) -> 5 | W77: 3 | X77: 0 | Y77: 0 | Z77: 1 | AA77: 0 | AB77: 1 | AC77: 14'''''' | AD77: 5 | AE77: =SUM(AF77:AM77) -> 5 | AF77: 1 | AG77: 0 | AH77: 3 | AI77: 0 | AJ77: 0 | AK77: 0 | AL77: 0 | AM77: 1 | AO77: =(V77*AT77)+(AE77*AR77) -> 10 | AP77: =AO77/AO$8 -> 0.83333333 | AQ77: {=_xlfn.IFS(AP77<4,"estandar",AP77>9,"compleja",AP77>4,"avanzada")} -> estandar | AR77: 1 | AS77: 0 | AT77: 1 | AU77: 0 | AV77: 1.967057 | AW77: 0 | AX77: 3.6251131 | AZ77: =SUM(AV77,AW77,AX77) -> 5.5921701 | BA77: =AZ77/AZ$8 -> 1 | BB77: 1.7140956 | BC77: 0 | BD77: 0 | BE77: 1.2272304 | BF77: =SUM(AZ77,BB77,BC77,BD77,BE77) -> 8.5334961 | BG77: =BF77/BF$8 -> 1 | BL77: =SUM(BH77,BI77,BJ77) -> 0 | BM77: =BL77/BL$8 -> #DIV/0! | BR77: =SUM(BL77,BN77,BO77,BP77,BQ77) -> 0 | BS77: =BR77/BR$8 -> #DIV/0!
A78: 0 | B78: 1 | C78: 0 | D78: 6 | E78: 2 | F78: 1 | G78: 0 | H78: 1 | I78: =CONCATENATE(A78,B78,C78,D78,E78,F78,G78,H78) -> 01062101 | J78: =CONCATENATE(A78,B78,C78,D78,E78,F78,G78,H78) -> 01062101 | K78: SERAM | L78: SACROILÍACAS PA Y OBLICUAS (3P) | N78: Mantener | O78: Una adquisición radiográfica PA en decúbito prono colimada sobre la región central de la pelvis- sacro y una o dos adicionales en proyección oblicua | P78: SACROILÍACAS PA Y OBLICUAS | Q78: 1.4690027 | R78: =AP78 -> 1 | S78: 1.5751691 | T78: PTE. | U78: 14 | V78: =SUM(W78:AB78) -> 7 | W78: 3 | X78: 0 | Y78: 0 | Z78: 1 | AA78: 2 | AB78: 1 | AC78: 6'''''' | AD78: 5 | AE78: =SUM(AF78:AM78) -> 5 | AF78: 1 | AG78: 0 | AH78: 3 | AI78: 0 | AJ78: 0 | AK78: 0 | AL78: 0 | AM78: 1 | AO78: =(V78*AT78)+(AE78*AR78) -> 12 | AP78: =AO78/AO$8 -> 1 | AQ78: {=_xlfn.IFS(AP78<4,"estandar",AP78>9,"compleja",AP78>4,"avanzada")} -> estandar | AR78: 1 | AS78: 0 | AT78: 1 | AU78: 0 | AV78: 4.5897997 | AW78: 0 | AX78: 3.6251131 | AZ78: =SUM(AV78,AW78,AX78) -> 8.2149128 | BA78: =AZ78/AZ$8 -> 1.4690027 | BB78: 3.9995565 | BC78: 0 | BD78: 0 | BE78: 1.2272304 | BF78: =SUM(AZ78,BB78,BC78,BD78,BE78) -> 13.4417 | BG78: =BF78/BF$8 -> 1.5751691 | BL78: =SUM(BH78,BI78,BJ78) -> 0 | BM78: =BL78/BL$8 -> #DIV/0! | BR78: =SUM(BL78,BN78,BO78,BP78,BQ78) -> 0 | BS78: =BR78/BR$8 -> #DIV/0!
A79: 0 | B79: 1 | C79: 0 | D79: 6 | E79: 2 | F79: 2 | G79: 0 | H79: 1 | I79: =CONCATENATE(A79,B79,C79,D79,E79,F79,G79,H79) -> 01062201 | J79: =CONCATENATE(A79,B79,C79,D79,E79,F79,G79,H79) -> 01062201 | K79: SERAM | L79: CADERA AP (1P) | N79: Mantener | O79: Una adquisición radiográfica en proyección AP colimada sobre la articulación coxofemoral sintomática | P79: CADERA AP | Q79: 1 | R79: =AP79 -> 0.83333333 | S79: 1 | T79: PTE. | U79: 6 | V79: =SUM(W79:AB79) -> 5 | W79: 3 | X79: 0 | Y79: 0 | Z79: 1 | AA79: 0 | AB79: 1 | AC79: 8'''''' | AD79: 5 | AE79: =SUM(AF79:AM79) -> 5 | AF79: 1 | AG79: 0 | AH79: 3 | AI79: 0 | AJ79: 0 | AK79: 0 | AL79: 0 | AM79: 1 | AO79: =(V79*AT79)+(AE79*AR79) -> 10 | AP79: =AO79/AO$8 -> 0.83333333 | AQ79: {=_xlfn.IFS(AP79<4,"estandar",AP79>9,"compleja",AP79>4,"avanzada")} -> estandar | AR79: 1 | AS79: 0 | AT79: 1 | AU79: 0 | AV79: 1.967057 | AW79: 0 | AX79: 3.6251131 | AZ79: =SUM(AV79,AW79,AX79) -> 5.5921701 | BA79: =AZ79/AZ$8 -> 1 | BB79: 1.7140956 | BC79: 0 | BD79: 0 | BE79: 1.2272304 | BF79: =SUM(AZ79,BB79,BC79,BD79,BE79) -> 8.5334961 | BG79: =BF79/BF$8 -> 1 | BL79: =SUM(BH79,BI79,BJ79) -> 0 | BM79: =BL79/BL$8 -> #DIV/0! | BR79: =SUM(BL79,BN79,BO79,BP79,BQ79) -> 0 | BS79: =BR79/BR$8 -> #DIV/0!
A80: 0 | B80: 1 | C80: 0 | D80: 6 | E80: 2 | F80: 3 | G80: 0 | H80: 1 | I80: =CONCATENATE(A80,B80,C80,D80,E80,F80,G80,H80) -> 01062301 | J80: =CONCATENATE(A80,B80,C80,D80,E80,F80,G80,H80) -> 01062301 | K80: SERAM | L80: CADERA AP Y AXIAL (2P) | N80: Mantener | O80: Dos adquisiciones radiográficas (AP/AXIAL) colimadas obtenidas sobre la articulación coxofemoral sintomática | P80: CADERA AP Y AXIAL | Q80: 1.1172507 | R80: =AP80 -> 0.91666667 | S80: 1.1437923 | T80: PTE. | U80: 8 | V80: =SUM(W80:AB80) -> 6 | W80: 3 | X80: 0 | Y80: 0 | Z80: 1 | AA80: 1 | AB80: 1 | AC80: 8'''''' | AD80: 5 | AE80: =SUM(AF80:AM80) -> 5 | AF80: 1 | AG80: 0 | AH80: 3 | AI80: 0 | AJ80: 0 | AK80: 0 | AL80: 0 | AM80: 1 | AO80: =(V80*AT80)+(AE80*AR80) -> 11 | AP80: =AO80/AO$8 -> 0.91666667 | AQ80: {=_xlfn.IFS(AP80<4,"estandar",AP80>9,"compleja",AP80>4,"avanzada")} -> estandar | AR80: 1 | AS80: 0 | AT80: 1 | AU80: 0 | AV80: 2.6227427 | AW80: 0 | AX80: 3.6251131 | AZ80: =SUM(AV80,AW80,AX80) -> 6.2478558 | BA80: =AZ80/AZ$8 -> 1.1172507 | BB80: 2.2854608 | BC80: 0 | BD80: 0 | BE80: 1.2272304 | BF80: =SUM(AZ80,BB80,BC80,BD80,BE80) -> 9.760547 | BG80: =BF80/BF$8 -> 1.1437923 | BL80: =SUM(BH80,BI80,BJ80) -> 0 | BM80: =BL80/BL$8 -> #DIV/0! | BR80: =SUM(BL80,BN80,BO80,BP80,BQ80) -> 0 | BS80: =BR80/BR$8 -> #DIV/0!
A81: 0 | B81: 1 | C81: 0 | D81: 6 | E81: 2 | F81: 4 | G81: 0 | H81: 1 | I81: =CONCATENATE(A81,B81,C81,D81,E81,F81,G81,H81) -> 01062401 | J81: =CONCATENATE(A81,B81,C81,D81,E81,F81,G81,H81) -> 01062401 | K81: SERAM | L81: CADERA ALAR Y OBTURATRIZ (2P) | N81: Mantener | O81: Una adquisición radiográfica adicional colimada obtenida sobre la pelvis para mejor de limitación del anillo y estructuras óseas | P81: CADERA ALAR Y OBTURATRIZ | Q81: 1.1172507 | R81: =AP81 -> 0.91666667 | S81: 1.1437923 | T81: PTE. | U81: 8 | V81: =SUM(W81:AB81) -> 6 | W81: 3 | X81: 0 | Y81: 0 | Z81: 1 | AA81: 1 | AB81: 1 | AC81: 6'''''' | AD81: 5 | AE81: =SUM(AF81:AM81) -> 5 | AF81: 1 | AG81: 0 | AH81: 3 | AI81: 0 | AJ81: 0 | AK81: 0 | AL81: 0 | AM81: 1 | AO81: =(V81*AT81)+(AE81*AR81) -> 11 | AP81: =AO81/AO$8 -> 0.91666667 | AQ81: {=_xlfn.IFS(AP81<4,"estandar",AP81>9,"compleja",AP81>4,"avanzada")} -> estandar | AR81: 1 | AS81: 0 | AT81: 1 | AU81: 0 | AV81: 2.6227427 | AW81: 0 | AX81: 3.6251131 | AZ81: =SUM(AV81,AW81,AX81) -> 6.2478558 | BA81: =AZ81/AZ$8 -> 1.1172507 | BB81: 2.2854608 | BC81: 0 | BD81: 0 | BE81: 1.2272304 | BF81: =SUM(AZ81,BB81,BC81,BD81,BE81) -> 9.760547 | BG81: =BF81/BF$8 -> 1.1437923 | BL81: =SUM(BH81,BI81,BJ81) -> 0 | BM81: =BL81/BL$8 -> #DIV/0! | BR81: =SUM(BL81,BN81,BO81,BP81,BQ81) -> 0 | BS81: =BR81/BR$8 -> #DIV/0!
A82: 0 | B82: 1 | C82: 0 | D82: 6 | E82: 2 | F82: 5 | G82: 0 | H82: 1 | I82: =CONCATENATE(A82,B82,C82,D82,E82,F82,G82,H82) -> 01062501 | J82: =CONCATENATE(A82,B82,C82,D82,E82,F82,G82,H82) -> 01062501 | K82: SERAM | L82: FÉMUR AP Y LAT (2P) | N82: Mantener | O82: Dos adquisiciones radiográficas ortogonales (AP/LAT) colimadas obtenidas sobre el fémur con intención de delimitarlo en la totalidad de su extensión. | P82: FÉMUR AP Y LAT | Q82: 1 | R82: =AP82 -> 0.91666667 | S82: 1 | T82: PTE. | U82: 6 | V82: =SUM(W82:AB82) -> 6 | W82: 3 | X82: 0 | Y82: 0 | Z82: 1 | AA82: 1 | AB82: 1 | AC82: 6'''''' | AD82: 5 | AE82: =SUM(AF82:AM82) -> 5 | AF82: 1 | AG82: 0 | AH82: 3 | AI82: 0 | AJ82: 0 | AK82: 0 | AL82: 0 | AM82: 1 | AO82: =(V82*AT82)+(AE82*AR82) -> 11 | AP82: =AO82/AO$8 -> 0.91666667 | AQ82: {=_xlfn.IFS(AP82<4,"estandar",AP82>9,"compleja",AP82>4,"avanzada")} -> estandar | AR82: 1 | AS82: 0 | AT82: 1 | AU82: 0 | AV82: 1.967057 | AW82: 0 | AX82: 3.6251131 | AZ82: =SUM(AV82,AW82,AX82) -> 5.5921701 | BA82: =AZ82/AZ$8 -> 1 | BB82: 1.7140956 | BC82: 0 | BD82: 0 | BE82: 1.2272304 | BF82: =SUM(AZ82,BB82,BC82,BD82,BE82) -> 8.5334961 | BG82: =BF82/BF$8 -> 1 | BL82: =SUM(BH82,BI82,BJ82) -> 0 | BM82: =BL82/BL$8 -> #DIV/0! | BR82: =SUM(BL82,BN82,BO82,BP82,BQ82) -> 0 | BS82: =BR82/BR$8 -> #DIV/0!
A83: 0 | B83: 1 | C83: 0 | D83: 6 | E83: 2 | F83: 6 | G83: 0 | H83: 1 | I83: =CONCATENATE(A83,B83,C83,D83,E83,F83,G83,H83) -> 01062601 | J83: =CONCATENATE(A83,B83,C83,D83,E83,F83,G83,H83) -> 01062601 | K83: SERAM | L83: RODILLA AP Y LAT (2P) | N83: Mantener | O83: Dos adquisiciones radiográficas ortogonales (AP/LAT) colimadas obtenidas sobre la articulación de la rodilla | P83: RODILLA, AP Y LAT | Q83: 1 | R83: =AP83 -> 0.91666667 | S83: 1 | T83: PTE. | U83: 6 | V83: =SUM(W83:AB83) -> 6 | W83: 3 | X83: 0 | Y83: 0 | Z83: 1 | AA83: 1 | AB83: 1 | AC83: 8'''''' | AD83: 5 | AE83: =SUM(AF83:AM83) -> 5 | AF83: 1 | AG83: 0 | AH83: 3 | AI83: 0 | AJ83: 0 | AK83: 0 | AL83: 0 | AM83: 1 | AO83: =(V83*AT83)+(AE83*AR83) -> 11 | AP83: =AO83/AO$8 -> 0.91666667 | AQ83: {=_xlfn.IFS(AP83<4,"estandar",AP83>9,"compleja",AP83>4,"avanzada")} -> estandar | AR83: 1 | AS83: 0 | AT83: 1 | AU83: 0 | AV83: 1.967057 | AW83: 0 | AX83: 3.6251131 | AZ83: =SUM(AV83,AW83,AX83) -> 5.5921701 | BA83: =AZ83/AZ$8 -> 1 | BB83: 1.7140956 | BC83: 0 | BD83: 0 | BE83: 1.2272304 | BF83: =SUM(AZ83,BB83,BC83,BD83,BE83) -> 8.5334961 | BG83: =BF83/BF$8 -> 1 | BL83: =SUM(BH83,BI83,BJ83) -> 0 | BM83: =BL83/BL$8 -> #DIV/0! | BR83: =SUM(BL83,BN83,BO83,BP83,BQ83) -> 0 | BS83: =BR83/BR$8 -> #DIV/0!
A84: 0 | B84: 1 | C84: 0 | D84: 6 | E84: 2 | F84: 7 | G84: 0 | H84: 1 | I84: =CONCATENATE(A84,B84,C84,D84,E84,F84,G84,H84) -> 01062701 | J84: =CONCATENATE(A84,B84,C84,D84,E84,F84,G84,H84) -> 01062701 | K84: SERAM | L84: RODILLA AP, LAT Y OBLICUAS (3P) | N84: Mantener | O84: Tres o cuatro adquisiciones radiográficas (AP/LAT/ OBLICUA DERECHA E IZQUIERDA) colimadas obtenidas sobre una rodilla | P84: RODILLA, AP, LAT Y OBLICUAS | Q84: 1.1172507 | R84: =AP84 -> 1.0833333 | S84: 1.1437923 | T84: PTE. | U84: 8 | V84: =SUM(W84:AB84) -> 8 | W84: 3 | X84: 0 | Y84: 0 | Z84: 1 | AA84: 3 | AB84: 1 | AC84: 10'''''' | AD84: 5 | AE84: =SUM(AF84:AM84) -> 5 | AF84: 1 | AG84: 0 | AH84: 3 | AI84: 0 | AJ84: 0 | AK84: 0 | AL84: 0 | AM84: 1 | AO84: =(V84*AT84)+(AE84*AR84) -> 13 | AP84: =AO84/AO$8 -> 1.0833333 | AQ84: {=_xlfn.IFS(AP84<4,"estandar",AP84>9,"compleja",AP84>4,"avanzada")} -> estandar | AR84: 1 | AS84: 0 | AT84: 1 | AU84: 0 | AV84: 2.6227427 | AW84: 0 | AX84: 3.6251131 | AZ84: =SUM(AV84,AW84,AX84) -> 6.2478558 | BA84: =AZ84/AZ$8 -> 1.1172507 | BB84: 2.2854608 | BC84: 0 | BD84: 0 | BE84: 1.2272304 | BF84: =SUM(AZ84,BB84,BC84,BD84,BE84) -> 9.760547 | BG84: =BF84/BF$8 -> 1.1437923 | BL84: =SUM(BH84,BI84,BJ84) -> 0 | BM84: =BL84/BL$8 -> #DIV/0! | BR84: =SUM(BL84,BN84,BO84,BP84,BQ84) -> 0 | BS84: =BR84/BR$8 -> #DIV/0!
A85: 0 | B85: 1 | C85: 0 | D85: 6 | E85: 2 | F85: 8 | G85: 0 | H85: 1 | I85: =CONCATENATE(A85,B85,C85,D85,E85,F85,G85,H85) -> 01062801 | J85: =CONCATENATE(A85,B85,C85,D85,E85,F85,G85,H85) -> 01062801 | K85: SERAM | L85: RODILLA AP, LAT Y AXIAL (3P) | N85: Mantener | O85: Tres adquisiciones radiográficas colimadas obtenidas sobre la rodilla (AP/LAT) y articulación femoropatelar (AXIAL) sintomática respectiva | P85: RODILLA , AP, LAT Y AXIAL | Q85: 1.6234501 | R85: =AP85 -> 1 | S85: 1.5424705 | T85: PTE. | U85: 10 | V85: =SUM(W85:AB85) -> 7 | W85: 3 | X85: 0 | Y85: 0 | Z85: 1 | AA85: 2 | AB85: 1 | AC85: 5'''''' | AD85: 8 | AE85: =SUM(AF85:AM85) -> 5 | AF85: 1 | AG85: 0 | AH85: 3 | AI85: 0 | AJ85: 0 | AK85: 0 | AL85: 0 | AM85: 1 | AO85: =(V85*AT85)+(AE85*AR85) -> 12 | AP85: =AO85/AO$8 -> 1 | AQ85: {=_xlfn.IFS(AP85<4,"estandar",AP85>9,"compleja",AP85>4,"avanzada")} -> estandar | AR85: 1 | AS85: 0 | AT85: 1 | AU85: 0 | AV85: 3.2784284 | AW85: 0 | AX85: 5.800181 | AZ85: =SUM(AV85,AW85,AX85) -> 9.0786094 | BA85: =AZ85/AZ$8 -> 1.6234501 | BB85: 2.856826 | BC85: 0 | BD85: 0 | BE85: 1.2272304 | BF85: =SUM(AZ85,BB85,BC85,BD85,BE85) -> 13.162666 | BG85: =BF85/BF$8 -> 1.5424705 | BL85: =SUM(BH85,BI85,BJ85) -> 0 | BM85: =BL85/BL$8 -> #DIV/0! | BR85: =SUM(BL85,BN85,BO85,BP85,BQ85) -> 0 | BS85: =BR85/BR$8 -> #DIV/0!
A86: 0 | B86: 1 | C86: 0 | D86: 6 | E86: 2 | F86: 9 | G86: 0 | H86: 1 | I86: =CONCATENATE(A86,B86,C86,D86,E86,F86,G86,H86) -> 01062901 | J86: =CONCATENATE(A86,B86,C86,D86,E86,F86,G86,H86) -> 01062901 | K86: SERAM | L86: RÓTULA AXIAL (1P) | N86: Mantener | O86: Una adquisición radiográfica adicional colimadas obtenidas sobre la articulación femoropatelar (AXIAL) sintomática | P86: ROTULA AXIAL | Q86: 0.94137467 | R86: =AP86 -> 0.83333333 | S86: 0.92810386 | T86: PTE. | U86: 5 | V86: =SUM(W86:AB86) -> 5 | W86: 3 | X86: 0 | Y86: 0 | Z86: 1 | AA86: 0 | AB86: 1 | AC86: 6'''''' | AD86: 5 | AE86: =SUM(AF86:AM86) -> 5 | AF86: 1 | AG86: 0 | AH86: 3 | AI86: 0 | AJ86: 0 | AK86: 0 | AL86: 0 | AM86: 1 | AO86: =(V86*AT86)+(AE86*AR86) -> 10 | AP86: =AO86/AO$8 -> 0.83333333 | AQ86: {=_xlfn.IFS(AP86<4,"estandar",AP86>9,"compleja",AP86>4,"avanzada")} -> estandar | AR86: 1 | AS86: 0 | AT86: 1 | AU86: 0 | AV86: 1.6392142 | AW86: 0 | AX86: 3.6251131 | AZ86: =SUM(AV86,AW86,AX86) -> 5.2643273 | BA86: =AZ86/AZ$8 -> 0.94137467 | BB86: 1.428413 | BC86: 0 | BD86: 0 | BE86: 1.2272304 | BF86: =SUM(AZ86,BB86,BC86,BD86,BE86) -> 7.9199707 | BG86: =BF86/BF$8 -> 0.92810386 | BL86: =SUM(BH86,BI86,BJ86) -> 0 | BM86: =BL86/BL$8 -> #DIV/0! | BR86: =SUM(BL86,BN86,BO86,BP86,BQ86) -> 0 | BS86: =BR86/BR$8 -> #DIV/0!
... A95: 0 | B95: 1 | C95: 0 | D95: 6 | E95: 3 | F95: 8 | G95: 0 | H95: 1 | I95: =CONCATENATE(A95,B95,C95,D95,E95,F95,G95,H95) -> 01063801 | J95: =CONCATENATE(A95,B95,C95,D95,E95,F95,G95,H95) -> 01063801 | K95: SERAM | L95: AMBOS PIES AP Y OBLICUA (3P) | N95: Mantener | O95: Dos adquisiciones radiográficas en proyecciones AP y oblicua incluyendo en ambas los dos pies en toda su extensión | P95: AMBOS PIES AP Y OBLICUA | Q95: 1.0586253 | R95: =AP95 -> 0.91666667 | S95: 1.0718961 | T95: PTE. | U95: 7 | V95: =SUM(W95:AB95) -> 6 | W95: 3 | X95: 0 | Y95: 0 | Z95: 1 | AA95: 1 | AB95: 1 | AC95: 14'''''' | AD95: 5 | AE95: =SUM(AF95:AM95) -> 5 | AF95: 1 | AG95: 0 | AH95: 3 | AI95: 0 | AJ95: 0 | AK95: 0 | AL95: 0 | AM95: 1 | AO95: =(V95*AT95)+(AE95*AR95) -> 11 | AP95: =AO95/AO$8 -> 0.91666667 | AQ95: {=_xlfn.IFS(AP95<4,"estandar",AP95>9,"compleja",AP95>4,"avanzada")} -> estandar | AR95: 1 | AS95: 0 | AT95: 1 | AU95: 0 | AV95: 2.2948998 | AW95: 0 | AX95: 3.6251131 | AZ95: =SUM(AV95,AW95,AX95) -> 5.920013 | BA95: =AZ95/AZ$8 -> 1.0586253 | BB95: 1.9997782 | BC95: 0 | BD95: 0 | BE95: 1.2272304 | BF95: =SUM(AZ95,BB95,BC95,BD95,BE95) -> 9.1470216 | BG95: =BF95/BF$8 -> 1.0718961 | BL95: =SUM(BH95,BI95,BJ95) -> 0 | BM95: =BL95/BL$8 -> #DIV/0! | BR95: =SUM(BL95,BN95,BO95,BP95,BQ95) -> 0 | BS95: =BR95/BR$8 -> #DIV/0!
A96: 0 | B96: 1 | C96: 0 | D96: 6 | E96: 3 | F96: 9 | G96: 0 | H96: 1 | I96: =CONCATENATE(A96,B96,C96,D96,E96,F96,G96,H96) -> 01063901 | J96: =CONCATENATE(A96,B96,C96,D96,E96,F96,G96,H96) -> 01063901 | K96: SERAM | L96: AMBOS PIES EN CARGA (2P) | N96: Mantener | O96: Dos adquisiciones radiográficas en proyección lateral incluyendo en ambas el pie en toda su extensión | P96: AMBOS PIES EN CARGA | Q96: 1.4690027 | R96: =AP96 -> 1 | S96: 1.5751691 | T96: PTE. | U96: 14 | V96: =SUM(W96:AB96) -> 7 | W96: 3 | X96: 0 | Y96: 0 | Z96: 1 | AA96: 2 | AB96: 1 | AD96: 5 | AE96: =SUM(AF96:AM96) -> 5 | AF96: 1 | AG96: 0 | AH96: 3 | AI96: 0 | AJ96: 0 | AK96: 0 | AL96: 0 | AM96: 1 | AO96: =(V96*AT96)+(AE96*AR96) -> 12 | AP96: =AO96/AO$8 -> 1 | AQ96: {=_xlfn.IFS(AP96<4,"estandar",AP96>9,"compleja",AP96>4,"avanzada")} -> estandar | AR96: 1 | AS96: 0 | AT96: 1 | AU96: 0 | AV96: 4.5897997 | AW96: 0 | AX96: 3.6251131 | AZ96: =SUM(AV96,AW96,AX96) -> 8.2149128 | BA96: =AZ96/AZ$8 -> 1.4690027 | BB96: 3.9995565 | BC96: 0 | BD96: 0 | BE96: 1.2272304 | BF96: =SUM(AZ96,BB96,BC96,BD96,BE96) -> 13.4417 | BG96: =BF96/BF$8 -> 1.5751691 | BL96: =SUM(BH96,BI96,BJ96) -> 0 | BM96: =BL96/BL$8 -> #DIV/0! | BR96: =SUM(BL96,BN96,BO96,BP96,BQ96) -> 0 | BS96: =BR96/BR$8 -> #DIV/0!
I97: =CONCATENATE(A97,B97,C97,D97,E97,F97,G97,H97)
K98: SERAM | L98: SERIES ÓSEAS | P98: SERIES ÓSEAS | AC98: 18''''''
A99: 0 | B99: 1 | C99: 0 | D99: 6 | E99: 4 | F99: 0 | G99: 0 | H99: 1 | I99: =CONCATENATE(A99,B99,C99,D99,E99,F99,G99,H99) -> 01064001 | J99: =CONCATENATE(A99,B99,C99,D99,E99,F99,G99,H99) -> 01064001 | K99: SERAM | L99: SERIE ÓSEA COMPLETA | N99: Mantener | O99: Adquisiciones radiográficas múltiples en al menos una proyección de estructuras anatomicas que cubren tipicamente incluye ambos humeros (AP), fémures (AP), pelvis(AP), columna dorsal, lumbar y el cráneo (2P) | P99: SERIE ÓSEA COMPLETA | Q99: 2.351752 | R99: =AP99 -> 2.4166667 | S99: 2.8628168 | T99: PTE. | U99: 18 | V99: =SUM(W99:AB99) -> 14 | W99: 3 | X99: 0 | Y99: 0 | Z99: 1 | AA99: 9 | AB99: 1 | AC99: 18'''''' | AD99: 10 | AE99: =SUM(AF99:AM99) -> 15 | AF99: 4 | AG99: 0 | AH99: 8 | AI99: 0 | AJ99: 0 | AK99: 0 | AL99: 0 | AM99: 3 | AO99: =(V99*AT99)+(AE99*AR99) -> 29 | AP99: =AO99/AO$8 -> 2.4166667 | AQ99: {=_xlfn.IFS(AP99<4,"estandar",AP99>9,"compleja",AP99>4,"avanzada")} -> estandar | AR99: 1 | AS99: 0 | AT99: 1 | AU99: 0 | AV99: 5.901171 | AW99: 0 | AX99: 7.2502262 | AZ99: =SUM(AV99,AW99,AX99) -> 13.151397 | BA99: =AZ99/AZ$8 -> 2.351752 | BB99: 5.1422869 | BC99: 0 | BD99: 0 | BE99: 6.1361519 | BF99: =SUM(AZ99,BB99,BC99,BD99,BE99) -> 24.429836 | BG99: =BF99/BF$8 -> 2.8628168 | BL99: =SUM(BH99,BI99,BJ99) -> 0 | BM99: =BL99/BL$8 -> #DIV/0! | BR99: =SUM(BL99,BN99,BO99,BP99,BQ99) -> 0 | BS99: =BR99/BR$8 -> #DIV/0!
A100: 0 | B100: 1 | C100: 0 | D100: 6 | E100: 4 | F100: 0 | G100: 0 | H100: 2 | I100: =CONCATENATE(A100,B100,C100,D100,E100,F100,G100,H100) -> 01064002 | J100: =CONCATENATE(A100,B100,C100,D100,E100,F100,G100,H100) -> 01064002 | K100: SERAM | L100: SERIE ÓSEA ONCOLÓGICA | N100: Mantener | O100: Adquisiciones radiográficas múltiples en al menos una proyección de estructuras anatomicas que cubren tipicamente incluye ambos humeros (AP), fémures (AP), pelvis(AP), columna dorsal, lumbar y el cráneo (2P) | P100: SERIE ÓSEA ONCOLÓGICA | Q100: 2.351752 | R100: =AP100 -> 2.4166667 | S100: 2.8628168 | T100: PTE. | U100: 18 | V100: =SUM(W100:AB100) -> 14 | W100: 3 | X100: 0 | Y100: 0 | Z100: 1 | AA100: 9 | AB100: 1 | AC100: 12'''''' | AD100: 10 | AE100: =SUM(AF100:AM100) -> 15 | AF100: 4 | AG100: 0 | AH100: 8 | AI100: 0 | AJ100: 0 | AK100: 0 | AL100: 0 | AM100: 3 | AO100: =(V100*AT100)+(AE100*AR100) -> 29 | AP100: =AO100/AO$8 -> 2.4166667 | AQ100: {=_xlfn.IFS(AP100<4,"estandar",AP100>9,"compleja",AP100>4,"avanzada")} -> estandar | AR100: 1 | AS100: 0 | AT100: 1 | AU100: 0 | AV100: 5.901171 | AW100: 0 | AX100: 7.2502262 | AZ100: =SUM(AV100,AW100,AX100) -> 13.151397 | BA100: =AZ100/AZ$8 -> 2.351752 | BB100: 5.1422869 | BC100: 0 | BD100: 0 | BE100: 6.1361519 | BF100: =SUM(AZ100,BB100,BC100,BD100,BE100) -> 24.429836 | BG100: =BF100/BF$8 -> 2.8628168 | BL100: =SUM(BH100,BI100,BJ100) -> 0 | BM100: =BL100/BL$8 -> #DIV/0! | BR100: =SUM(BL100,BN100,BO100,BP100,BQ100) -> 0 | BS100: =BR100/BR$8 -> #DIV/0!
A101: 0 | B101: 1 | C101: 0 | D101: 6 | E101: 4 | F101: 0 | G101: 0 | H101: 3 | I101: =CONCATENATE(A101,B101,C101,D101,E101,F101,G101,H101) -> 01064003 | J101: =CONCATENATE(A101,B101,C101,D101,E101,F101,G101,H101) -> 01064003 | K101: SERAM | L101: SERIE ÓSEA METABÓLICA (CORTA) | N101: Mantener | O101: Adquisiciones radiográficas múltiples en al menos una proyección de estructuras anatomicas que cubren tipicamente incluye ambas manos, muñecas, codos, hombros, tobillos, rodillas, caderas y sacroiliacas. | P101: SERIE ÓSEA METABÓLICA (CORTA) | Q101: 1.7407008 | R101: =AP101 -> 1.75 | S101: 2.261516 | T101: PTE. | U101: 12 | V101: =SUM(W101:AB101) -> 11 | W101: 3 | X101: 0 | Y101: 0 | Z101: 1 | AA101: 6 | AB101: 1 | AD101: 8 | AE101: =SUM(AF101:AM101) -> 10 | AF101: 3 | AG101: 0 | AH101: 4 | AI101: 0 | AJ101: 0 | AK101: 0 | AL101: 0 | AM101: 3 | AO101: =(V101*AT101)+(AE101*AR101) -> 21 | AP101: =AO101/AO$8 -> 1.75 | AQ101: {=_xlfn.IFS(AP101<4,"estandar",AP101>9,"compleja",AP101>4,"avanzada")} -> estandar | AR101: 1 | AS101: 0 | AT101: 1 | AU101: 0 | AV101: 3.934114 | AW101: 0 | AX101: 5.800181 | AZ101: =SUM(AV101,AW101,AX101) -> 9.734295 | BA101: =AZ101/AZ$8 -> 1.7407008 | BB101: 3.4281912 | BC101: 0 | BD101: 0 | BE101: 6.1361519 | BF101: =SUM(AZ101,BB101,BC101,BD101,BE101) -> 19.298638 | BG101: =BF101/BF$8 -> 2.261516 | BL101: =SUM(BH101,BI101,BJ101) -> 0 | BM101: =BL101/BL$8 -> #DIV/0! | BR101: =SUM(BL101,BN101,BO101,BP101,BQ101) -> 0 | BS101: =BR101/BR$8 -> #DIV/0!
I102: =CONCATENATE(A102,B102,C102,D102,E102,F102,G102,H102) | K102: SERAM
I103: =CONCATENATE(A103,B103,C103,D103,E103,F103,G103,H103) | K103: SERAM | L103: RADIOLOGÍA SIMPLE PORTÁTIL | P103: RADIOLOGÍA SIMPLE PORTÁTIL | AC103: 20''''''
A104: 0 | B104: 1 | C104: 0 | D104: 1 | E104: 0 | F104: 6 | G104: 0 | H104: 1 | I104: =CONCATENATE(A104,B104,C104,D104,E104,F104,G104,H104) -> 01010601 | J104: =CONCATENATE(A104,B104,C104,D104,E104,F104,G104,H104) -> 01010601 | K104: SERAM | L104: TÓRAX PORTÁTIL (1P) | N104: Mantener | O104: Una adquisición radiográfica en proyección AP realizada sobre la cama del paciente en decúbito en situación de mayor inspiración posible. | P104: TÓRAX PORTÁTIL | Q104: 1.8207547 | R104: =AP104 -> 1.8333333 | S104: 1.6441258 | T104: PTE. | U104: 20 | V104: =SUM(W104:AB104) -> 17 | W104: 15 | X104: 0 | Y104: 0 | Z104: 1 | AA104: 0 | AB104: 1 | AC104: 20'''''' | AD104: 5 | AE104: =SUM(AF104:AM104) -> 5 | AF104: 1 | AG104: 0 | AH104: 3 | AI104: 0 | AJ104: 0 | AK104: 0 | AL104: 0 | AM104: 1 | AO104: =(V104*AT104)+(AE104*AR104) -> 22 | AP104: =AO104/AO$8 -> 1.8333333 | AQ104: {=_xlfn.IFS(AP104<4,"estandar",AP104>9,"compleja",AP104>4,"avanzada")} -> estandar | AR104: 1 | AS104: 0 | AT104: 1 | AU104: 0 | AV104: 6.5568567 | AW104: 0 | AX104: 3.6251131 | AZ104: =SUM(AV104,AW104,AX104) -> 10.18197 | BA104: =AZ104/AZ$8 -> 1.8207547 | BB104: 2.6209413 | BC104: 0 | BD104: 0 | BE104: 1.2272304 | BF104: =SUM(AZ104,BB104,BC104,BD104,BE104) -> 14.030142 | BG104: =BF104/BF$8 -> 1.6441258 | BL104: =SUM(BH104,BI104,BJ104) -> 0 | BM104: =BL104/BL$8 -> #DIV/0! | BR104: =SUM(BL104,BN104,BO104,BP104,BQ104) -> 0 | BS104: =BR104/BR$8 -> #DIV/0!
A105: 0 | B105: 1 | C105: 0 | D105: 9 | E105: 0 | F105: 1 | G105: 0 | H105: 1 | I105: =CONCATENATE(A105,B105,C105,D105,E105,F105,G105,H105) -> 01090101 | J105: =CONCATENATE(A105,B105,C105,D105,E105,F105,G105,H105) -> 01090101 | K105: SERAM | L105: OTRAS RX SIMPLE CON PORTÁTIL (1P) | N105: Mantener | O105: Una proyección radiográfica adicional realizada sobre la cama del paciente colimada a la región de interés | P105: OTRAS RX SIMPLE CON PORTÁTIL | Q105: 1.8207547 | R105: =AP105 -> 1.8333333 | S105: 1.6441258 | T105: PTE. | U105: 20 | V105: =SUM(W105:AB105) -> 17 | W105: 15 | X105: 0 | Y105: 0 | Z105: 1 | AA105: 0 | AB105: 1 | AD105: 5 | AE105: =SUM(AF105:AM105) -> 5 | AF105: 1 | AG105: 0 | AH105: 3 | AI105: 0 | AJ105: 0 | AK105: 0 | AL105: 0 | AM105: 1 | AO105: =(V105*AT105)+(AE105*AR105) -> 22 | AP105: =AO105/AO$8 -> 1.8333333 | AQ105: {=_xlfn.IFS(AP105<4,"estandar",AP105>9,"compleja",AP105>4,"avanzada")} -> estandar | AR105: 1 | AS105: 0 | AT105: 1 | AU105: 0 | AV105: 6.5568567 | AW105: 0 | AX105: 3.6251131 | AZ105: =SUM(AV105,AW105,AX105) -> 10.18197 | BA105: =AZ105/AZ$8 -> 1.8207547 | BB105: 2.6209413 | BC105: 0 | BD105: 0 | BE105: 1.2272304 | BF105: =SUM(AZ105,BB105,BC105,BD105,BE105) -> 14.030142 | BG105: =BF105/BF$8 -> 1.6441258 | BL105: =SUM(BH105,BI105,BJ105) -> 0 | BM105: =BL105/BL$8 -> #DIV/0! | BR105: =SUM(BL105,BN105,BO105,BP105,BQ105) -> 0 | BS105: =BR105/BR$8 -> #DIV/0!
I107: =CONCATENATE(A107,B107,C107,D107,E107,F107,G107,H107) | K107: SERAM | L107: EXPLORACIONES EN QUIRÓFANO | P107: EXPLORACIONES EN QUIRÓFANO
A108: 0 | B108: 1 | C108: 0 | D108: 9 | E108: 0 | F108: 2 | G108: 0 | H108: 0 | I108: =CONCATENATE(A108,B108,C108,D108,E108,F108,G108,H108) -> 01090200 | J108: =CONCATENATE(A108,B108,C108,D108,E108,F108,G108,H108) -> 01090200 | K108: SEGECAm | L108: EXPLORACIÓN EN QUIRÓFANO (RADIOESCOPIA) | N108: Incluir | O108: Fluoroscopia pulsada intermitente utilizada en quirófano como guía quirúrgica. Incluye adquisiciones de imágenes estáticas, preferntemente como capturas de pantalla. | P108: EXPLORACIÓN EN QUIRÓFANO (RADIOESCOPIA) | AK108: 0 | AO108: =(V108*AT108)+(AE108*AR108) -> 0 | AP108: =AO108/AO$8 -> 0 | AR108: 0 | AS108: 0 | AT108: 1 | AU108: 0
A109: 0 | B109: 1 | C109: 0 | D109: 9 | E109: 0 | F109: 2 | G109: 0 | H109: 1 | I109: =CONCATENATE(A109,B109,C109,D109,E109,F109,G109,H109) -> 01090201 | J109: =CONCATENATE(A109,B109,C109,D109,E109,F109,G109,H109) -> 01090201 | K109: SERAM | L109: EXPLORACIONES QUIRÓFANO TRAUMATOLÓGICAS | N109: Mantener | O109: Fluoroscopia pulsada intermitente utilizada en quirófano como guía quirúrgica para reducción de fracturas e implantación de material protésico o de fijación/osteosintesis. Incluye adquisiciones de imágenes estáticas, preferntemente como capturas de pantalla. | P109: EXPLORACIONES QUIRÓFANO TRAUMATOLÓGICAS | Q109: =BA109 -> 7.0350399 | R109: =AP109 -> 10 | S109: 6.3022744 | T109: PTE. | U109: 120 | V109: =SUM(W109:AB109) -> 120 | W109: 20 | X109: 0 | Z109: 90 | AB109: 10 | AE109: =SUM(AF109:AM109) -> 0 | AF109: 0 | AG109: 0 | AH109: 0 | AI109: 0 | AJ109: 0 | AK109: 0 | AL109: 0 | AM109: 0 | AO109: =(V109*AT109)+(AE109*AR109) -> 120 | AP109: =AO109/AO$8 -> 10 | AQ109: {=_xlfn.IFS(AP109<4,"estandar",AP109>9,"compleja",AP109>4,"avanzada")} -> compleja | AR109: 0 | AS109: 0 | AT109: 1 | AU109: 0 | AV109: 39.34114 | AW109: 0 | AX109: 0 | AZ109: =SUM(AV109,AW109,AX109) -> 39.34114 | BA109: =AZ109/AZ$8 -> 7.0350399 | BB109: 8.3031421 | BC109: 0 | BD109: 0 | BE109: 6.1361519 | BF109: =SUM(AZ109,BB109,BC109,BD109,BE109) -> 53.780434 | BG109: =BF109/BF$8 -> 6.3022744 | BL109: =SUM(BH109,BI109,BJ109) -> 0 | BM109: =BL109/BL$8 -> #DIV/0! | BQ109: 6.1361519 | BR109: =SUM(BL109,BN109,BO109,BP109,BQ109) -> 6.1361519 | BS109: =BR109/BR$8 -> #DIV/0!
A110: 0 | B110: 1 | C110: 0 | D110: 9 | E110: 0 | F110: 2 | G110: 0 | H110: 2 | I110: =CONCATENATE(A110,B110,C110,D110,E110,F110,G110,H110) -> 01090202 | J110: =CONCATENATE(A110,B110,C110,D110,E110,F110,G110,H110) -> 01090202 | K110: SERAM | L110: EXPLORACIONES QUIRÓFANO DIGESTIVO | N110: Mantener | O110: Fluoroscopia pulsada intermitente utilizada en quirófano como guía quirúrgica. Incluye adquisiciones de imágenes estáticas, preferntemente como capturas de pantalla. | P110: EXPLORACIONES QUIRÓFANO DIGESTIVO | Q110: =BA110 -> 4.814016 | R110: =AP110 -> 5.8333333 | S110: 4.3602902 | T110: PTE. | U110: 60 | V110: =SUM(W110:AB110) -> 60 | W110: 20 | X110: 0 | Z110: 30 | AB110: 10 | AD110: 10 | AE110: =SUM(AF110:AM110) -> 10 | AF110: 1 | AG110: 0 | AH110: 8 | AI110: 0 | AJ110: 0 | AK110: 0 | AL110: 0 | AM110: 1 | AO110: =(V110*AT110)+(AE110*AR110) -> 70 | AP110: =AO110/AO$8 -> 5.8333333 | AQ110: {=_xlfn.IFS(AP110<4,"estandar",AP110>9,"compleja",AP110>4,"avanzada")} -> avanzada | AR110: 1 | AS110: 0 | AT110: 1 | AU110: 0 | AV110: 19.67057 | AW110: 0 | AX110: 7.2502262 | AZ110: =SUM(AV110,AW110,AX110) -> 26.920796 | BA110: =AZ110/AZ$8 -> 4.814016 | BB110: 4.1515711 | BC110: 0 | BD110: 0 | BE110: 6.1361519 | BF110: =SUM(AZ110,BB110,BC110,BD110,BE110) -> 37.208519 | BG110: =BF110/BF$8 -> 4.3602902 | BL110: =SUM(BH110,BI110,BJ110) -> 0 | BM110: =BL110/BL$8 -> #DIV/0! | BQ110: 6.1361519 | BR110: =SUM(BL110,BN110,BO110,BP110,BQ110) -> 6.1361519 | BS110: =BR110/BR$8 -> #DIV/0!
A111: 0 | B111: 1 | C111: 0 | D111: 9 | E111: 0 | F111: 2 | G111: 0 | H111: 3 | I111: =CONCATENATE(A111,B111,C111,D111,E111,F111,G111,H111) -> 01090203 | J111: =CONCATENATE(A111,B111,C111,D111,E111,F111,G111,H111) -> 01090203 | K111: SERAM | L111: EXPLORACIONES QUIRÓFANO UROLÓGICAS | N111: Mantener | O111: Fluoroscopia pulsada intermitente utilizada en quirófano como guía quirúrgica. Incluye adquisiciones de imágenes estáticas, preferntemente como capturas de pantalla. | P111: EXPLORACIONES QUIRÓFANO UROLÓGICAS | Q111: =BA111 -> 7.0350399 | R111: =AP111 -> 10 | S111: 6.3022744 | T111: PTE. | U111: 120 | V111: =SUM(W111:AB111) -> 120 | W111: 20 | X111: 0 | Z111: 90 | AB111: 10 | AE111: =SUM(AF111:AM111) -> 0 | AF111: 0 | AG111: 0 | AH111: 0 | AI111: 0 | AJ111: 0 | AK111: 0 | AL111: 0 | AM111: 0 | AO111: =(V111*AT111)+(AE111*AR111) -> 120 | AP111: =AO111/AO$8 -> 10 | AQ111: {=_xlfn.IFS(AP111<4,"estandar",AP111>9,"compleja",AP111>4,"avanzada")} -> compleja | AR111: 0 | AS111: 0 | AT111: 1 | AU111: 0 | AV111: 39.34114 | AW111: 0 | AX111: 0 | AZ111: =SUM(AV111,AW111,AX111) -> 39.34114 | BA111: =AZ111/AZ$8 -> 7.0350399 | BB111: 8.3031421 | BC111: 0 | BD111: 0 | BE111: 6.1361519 | BF111: =SUM(AZ111,BB111,BC111,BD111,BE111) -> 53.780434 | BG111: =BF111/BF$8 -> 6.3022744 | BL111: =SUM(BH111,BI111,BJ111) -> 0 | BM111: =BL111/BL$8 -> #DIV/0! | BQ111: 6.1361519 | BR111: =SUM(BL111,BN111,BO111,BP111,BQ111) -> 6.1361519 | BS111: =BR111/BR$8 -> #DIV/0!
A112: 0 | B112: 1 | C112: 0 | D112: 9 | E112: 0 | F112: 2 | G112: 0 | H112: 4 | I112: =CONCATENATE(A112,B112,C112,D112,E112,F112,G112,H112) -> 01090204 | J112: =CONCATENATE(A112,B112,C112,D112,E112,F112,G112,H112) -> 01090204 | K112: SERAM | L112: EXPLORACIONES QUIRÓFANO NEUROLÓGICAS | N112: Mantener | O112: Fluoroscopia pulsada intermitente utilizada en quirófano como guía quirúrgica. Incluye adquisiciones de imágenes estáticas, preferntemente como capturas de pantalla. | P112: EXPLORACIONES QUIRÓFANO NEUROLÓGICAS | Q112: =BA112 -> 10.55256 | R112: =AP112 -> 5 | S112: 9.8129449 | T112: PTE. | U112: 180 | V112: =SUM(W112:AB112) -> 60 | W112: 20 | X112: 0 | Z112: 30 | AB112: 10 | AE112: =SUM(AF112:AM112) -> 0 | AF112: 0 | AG112: 0 | AH112: 0 | AI112: 0 | AJ112: 0 | AK112: 0 | AL112: 0 | AM112: 0 | AO112: =(V112*AT112)+(AE112*AR112) -> 60 | AP112: =AO112/AO$8 -> 5 | AQ112: {=_xlfn.IFS(AP112<4,"estandar",AP112>9,"compleja",AP112>4,"avanzada")} -> avanzada | AR112: 0 | AS112: 0 | AT112: 1 | AU112: 0 | AV112: 59.01171 | AW112: 0 | AX112: 0 | AZ112: =SUM(AV112,AW112,AX112) -> 59.01171 | BA112: =AZ112/AZ$8 -> 10.55256 | BB112: 12.454713 | BC112: 0 | BD112: 0 | BE112: 12.272304 | BF112: =SUM(AZ112,BB112,BC112,BD112,BE112) -> 83.738727 | BG112: =BF112/BF$8 -> 9.8129449 | BL112: =SUM(BH112,BI112,BJ112) -> 0 | BM112: =BL112/BL$8 -> #DIV/0! | BQ112: 12.272304 | BR112: =SUM(BL112,BN112,BO112,BP112,BQ112) -> 12.272304 | BS112: =BR112/BR$8 -> #DIV/0!
A113: 0 | B113: 1 | C113: 0 | D113: 9 | E113: 0 | F113: 2 | G113: 0 | H113: 5 | I113: =CONCATENATE(A113,B113,C113,D113,E113,F113,G113,H113) -> 01090205 | J113: =CONCATENATE(A113,B113,C113,D113,E113,F113,G113,H113) -> 01090205 | K113: SERAM | L113: EXPLORACIONES QUIRÓFANO TÓRAX | N113: Mantener | O113: Fluoroscopia pulsada intermitente utilizada en quirófano como guía quirúrgica. Incluye adquisiciones de imágenes estáticas, preferntemente como capturas de pantalla. | P113: EXPLORACIONES QUIRÓFANO TÓRAX | Q113: =BA113 -> 3.51752 | R113: =AP113 -> 5 | S113: 4.2297371 | T113: PTE. | U113: 60 | V113: =SUM(W113:AB113) -> 60 | W113: 20 | X113: 0 | Z113: 30 | AB113: 10 | AE113: =SUM(AF113:AM113) -> 0 | AF113: 0 | AG113: 0 | AH113: 0 | AI113: 0 | AJ113: 0 | AK113: 0 | AL113: 0 | AM113: 0 | AO113: =(V113*AT113)+(AE113*AR113) -> 60 | AP113: =AO113/AO$8 -> 5 | AQ113: {=_xlfn.IFS(AP113<4,"estandar",AP113>9,"compleja",AP113>4,"avanzada")} -> avanzada | AR113: 0 | AS113: 0 | AT113: 1 | AU113: 0 | AV113: 19.67057 | AW113: 0 | AX113: 0 | AZ113: =SUM(AV113,AW113,AX113) -> 19.67057 | BA113: =AZ113/AZ$8 -> 3.51752 | BB113: 4.1515711 | BC113: 0 | BD113: 0 | BE113: 12.272304 | BF113: =SUM(AZ113,BB113,BC113,BD113,BE113) -> 36.094445 | BG113: =BF113/BF$8 -> 4.2297371 | BL113: =SUM(BH113,BI113,BJ113) -> 0 | BM113: =BL113/BL$8 -> #DIV/0! | BQ113: 12.272304 | BR113: =SUM(BL113,BN113,BO113,BP113,BQ113) -> 12.272304 | BS113: =BR113/BR$8 -> #DIV/0!
A114: 0 | B114: 1 | C114: 0 | D114: 9 | E114: 0 | F114: 2 | G114: 0 | H114: 6 | I114: =CONCATENATE(A114,B114,C114,D114,E114,F114,G114,H114) -> 01090206 | J114: =CONCATENATE(A114,B114,C114,D114,E114,F114,G114,H114) -> 01090206 | K114: SERAM | L114: EXPLORACIONES QUIRÓFANO VASCULAR | N114: Mantener | O114: Fluoroscopia pulsada intermitente utilizada en quirófano como guía quirúrgica. Incluye adquisiciones de imágenes estáticas, preferntemente como capturas de pantalla. | P114: EXPLORACIONES QUIRÓFANO VASCULAR | Q114: =BA114 -> 10.55256 | R114: =AP114 -> 15 | S114: 9.8129449 | T114: PTE. | U114: 180 | V114: =SUM(W114:AB114) -> 180 | W114: 20 | X114: 0 | Z114: 150 | AB114: 10 | AE114: =SUM(AF114:AM114) -> 0 | AF114: 0 | AG114: 0 | AH114: 0 | AI114: 0 | AJ114: 0 | AK114: 0 | AL114: 0 | AM114: 0 | AO114: =(V114*AT114)+(AE114*AR114) -> 180 | AP114: =AO114/AO$8 -> 15 | AQ114: {=_xlfn.IFS(AP114<4,"estandar",AP114>9,"compleja",AP114>4,"avanzada")} -> compleja | AR114: 0 | AS114: 0 | AT114: 1 | AU114: 0 | AV114: 59.01171 | AW114: 0 | AX114: 0 | AZ114: =SUM(AV114,AW114,AX114) -> 59.01171 | BA114: =AZ114/AZ$8 -> 10.55256 | BB114: 12.454713 | BC114: 0 | BD114: 0 | BE114: 12.272304 | BF114: =SUM(AZ114,BB114,BC114,BD114,BE114) -> 83.738727 | BG114: =BF114/BF$8 -> 9.8129449 | BL114: =SUM(BH114,BI114,BJ114) -> 0 | BM114: =BL114/BL$8 -> #DIV/0! | BQ114: 12.272304 | BR114: =SUM(BL114,BN114,BO114,BP114,BQ114) -> 12.272304 | BS114: =BR114/BR$8 -> #DIV/0!
...

Sheet Rad. Conv. con contraste 
A1: REVISADA
O2: OMC | U2: CATÁLOGO PRUEBAS Y PROCEDIMIENTOS SERAM 2024
I3: =CONCATENATE(A3,B3,C3,D3,E3,F3,G3,H3) | U3: RADIOLOGÍA CONVENCIONAL CON CONTRASTE
A4: N1 Técnica | C4: N2 Órgano | E4: N3 Prueba | G4: N4 Procedimiento | I4: COD 2015 | J4: COD 2024 | K4: COD 2009 | L4: COD 2009 | M4: GRP ORD. | N4: Descriptor | O4: Complejidad | P4: Anestesia | Q4: CIEP 9 | R4: VALORACIÓN | S4: SEC. PROPONE | T4: PRUEBA | U4: PROCEDIMIENTOS | V4: DECISIÓN | W4: DESCRIPCION PROCEDIMIENTO | X4: comentarios | Y4: EXPLORACIONES | Z4: CONSENT. INFORMADO | AA4: VERSIÓN CONSENT. | AB4: LINK CONSENTIMIENTO | AC4: UAR 2016 | AD4: UAR 2024 | AE4: URV 2016 | AF4: URV 2024 | AG4: TOS 2016 | AH4: TOS 2024 | AI4: Tl | AJ4: Ts/d | AK4: Tc | AL4: Taib | AM4: Taia | AN4: Tp | AP4: TM 2016 | AQ4: TM 2024 | AR4: Tl | AS4: Tpl | AT4: Tib | AU4: Tia | AV4: Tcomp. | AW4: Tp | AX4: Tacp | AY4: Tdf | BA4: CAL. TIEMPO TOTAL | BB4: UAR 2024 | BC4: INDICE COMPLEJIDAD | BD4: Nº FE | BE4: Nº DUE | BF4: Nº TSID | BG4: Nº TCAE | BH4: Coste TER | BI4: Coste DUE | BJ4: Coste médico | BK4: Coste TCAE | BL4: Coste total personal | BM4: URA | BN4: Coste equipos | BO4: Coste contraste | BP4: Coste fungible | BQ4: Coste PACS | BR4: Coste total | BS4: URV | BT4: Contraste
I7: =CONCATENATE(A7,B7,C7,D7,E7,F7,G7,H7) | S7: SERAM | U7: Pediatría: factor de corrección TOS Y TM x 1,4; URA y URV x 1,2 | Y7: Pediatría: factor de corrección TOS y TM x 1,4; URA y URV x 1,2
I8: =CONCATENATE(A8,B8,C8,D8,E8,F8,G8,H8)
T9: RADIOLOGÍA DIGESTIVA | Y9: RADIOLOGÍA DIGESTIVA
K10: 60 | T10: ESÓFAGO GASTRODUODENAL | Y10: ESÓFAGO GASTRODUODENAL
A11: 0 | B11: 3 | C11: 0 | D11: 3 | E11: 0 | F11: 1 | G11: 0 | H11: 0 | I11: =CONCATENATE(A11,B11,C11,D11,E11,F11,G11,H11) -> 03030100 | J11: =CONCATENATE(A11,B11,C11,D11,E11,F11,G11,H11) -> 03030100 | S11: SERAM | T11: TRÁNSITO ESOFÁGICO | V11: Mantener | Z11: Solicitar
A12: 0 | B12: 3 | C12: 0 | D12: 3 | E12: 0 | F12: 1 | G12: 0 | H12: 1 | I12: =CONCATENATE(A12,B12,C12,D12,E12,F12,G12,H12) -> 03030101 | J12: =CONCATENATE(A12,B12,C12,D12,E12,F12,G12,H12) -> 03030101 | L12: 70601 | S12: SERAM | U12: ESÓFAGO | V12: Mantener | W12: Valoración de morfología y motilidad esofágica tras ingesta de contraste | Y12: ESÓFAGO | Z12: Solicitar | AC12: 3.472372 | AD12: =BB12 -> 2.0833333 | AE12: 3.472372 | AF12: PTE. | AG12: 15 | AH12: =SUM(AI12:AN12) -> 15 | AI12: 5 | AJ12: 0 | AK12: 3 | AL12: 4 | AM12: 0 | AN12: 3 | AP12: 20 | AQ12: =SUM(AR12:AY12) -> 10 | AR12: 3 | AS12: 0 | AT12: 5 | AU12: 0 | AV12: 0 | AW12: 0 | AX12: 0 | AY12: 2 | BA12: =(AH12*BF12)+(AQ12*BD12)+(AH12*BE12)+(AH12*BG12) -> 25 | BB12: =BA12/'Radiología simple.'!AO$8 -> 2.0833333 | BC12: {=_xlfn.IFS(BB12<4,"estandar",BB12>9,"compleja",BB12>4<9,"avanzada")} -> estandar | BD12: 1 | BE12: 0 | BF12: 1 | BG12: 0 | BH12: 4.9176425 | BI12: 0 | BJ12: 14.500452 | BL12: =SUM(BH12,BI12,BJ12) -> 19.418095 | BN12: 6.2509214 | BO12: 9.92207 | BP12: 0 | BQ12: 2.6211352 | BR12: =SUM(BL12,BN12,BO12,BP12,BQ12) -> 38.212222 | BT12: 340
A13: 0 | B13: 3 | C13: 0 | D13: 3 | E13: 0 | F13: 1 | G13: 0 | H13: 2 | I13: =CONCATENATE(A13,B13,C13,D13,E13,F13,G13,H13) -> 03030102 | J13: =CONCATENATE(A13,B13,C13,D13,E13,F13,G13,H13) -> 03030102 | L13: 70602 | S13: SERAM | U13: ESÓFAGO FUNCIÓN DE DEGLUCIÓN-VIDEOFLUOROSCOPIA | V13: Modificar | W13: Valoración dinámica de mecanismo deglutorio tras ingesta de bolo alimenticio con contraste | Y13: ESÓFAGO FUNCIÓN DE DEGLUCIÓN | Z13: Solicitar | AC13: 3.7654987 | AD13: =BB13 -> 3.3333333 | AE13: 3.7654987 | AF13: PTE. | AG13: 20 | AH13: =SUM(AI13:AN13) -> 20 | AI13: 5 | AJ13: 0 | AK13: 5 | AL13: 5 | AM13: 0 | AN13: 5 | AP13: 20 | AQ13: =SUM(AR13:AY13) -> 20 | AR13: 3 | AS13: 0 | AT13: 15 | AU13: 0 | AV13: 0 | AW13: 0 | AX13: 0 | AY13: 2 | BA13: =(AH13*BF13)+(AQ13*BD13)+(AH13*BE13)+(AH13*BG13) -> 40 | BB13: =BA13/'Radiología simple.'!AO$8 -> 3.3333333 | BC13: {=_xlfn.IFS(BB13<4,"estandar",BB13>9,"compleja",BB13>4<9,"avanzada")} -> estandar | BD13: 1 | BE13: 0 | BF13: 1 | BG13: 0 | BH13: 6.5568567 | BI13: 0 | BJ13: 14.500452 | BL13: =SUM(BH13,BI13,BJ13) -> 21.057309 | BN13: 8.3345619 | BO13: 9.92207 | BP13: 0 | BQ13: 2.6211352 | BR13: =SUM(BL13,BN13,BO13,BP13,BQ13) -> 41.935076 | BT13: 340
A14: 0 | B14: 3 | C14: 0 | D14: 3 | E14: 0 | F14: 2 | G14: 0 | H14: 0 | I14: =CONCATENATE(A14,B14,C14,D14,E14,F14,G14,H14) -> 03030200 | J14: =CONCATENATE(A14,B14,C14,D14,E14,F14,G14,H14) -> 03030200 | S14: SERAM | T14: TRÁNSITO ESÓFAGO GASTRODUODENAL | V14: Mantener | Z14: Solicitar | AX14: 0 | AY14: 2 | BD14: 1 | BE14: 0 | BF14: 1 | BG14: 0
A15: 0 | B15: 3 | C15: 0 | D15: 3 | E15: 0 | F15: 2 | G15: 0 | H15: 1 | I15: =CONCATENATE(A15,B15,C15,D15,E15,F15,G15,H15) -> 03030201 | J15: =CONCATENATE(A15,B15,C15,D15,E15,F15,G15,H15) -> 03030201 | L15: 70603 | S15: SERAM | U15: ESÓFAGO GASTRODUODENAL | V15: Mantener | W15: Valoración de morfología y motilidad esofágica, gástrica y duodenal tras ingesta de contraste | Y15: ESÓFAGO GASTRODUODENAL | Z15: Solicitar | AC15: 5.0619947 | AD15: =BB15 -> 3.3333333 | AE15: 5.7637927 | AF15: PTE. | AG15: 20 | AH15: =SUM(AI15:AN15) -> 20 | AI15: 5 | AJ15: 0 | AK15: 5 | AL15: 7 | AM15: 0 | AN15: 3 | AP15: 30 | AQ15: =SUM(AR15:AY15) -> 20 | AR15: 5 | AS15: 0 | AT15: 13 | AU15: 0 | AV15: 0 | AW15: 0 | AX15: 0 | AY15: 2 | BA15: =(AH15*BF15)+(AQ15*BD15)+(AH15*BE15)+(AH15*BG15) -> 40 | BB15: =BA15/'Radiología simple.'!AO$8 -> 3.3333333 | BC15: {=_xlfn.IFS(BB15<4,"estandar",BB15>9,"compleja",BB15>4<9,"avanzada")} -> estandar | BD15: 1 | BE15: 0 | BF15: 1 | BG15: 0 | BH15: 6.5568567 | BI15: 0 | BJ15: 21.750679 | BL15: =SUM(BH15,BI15,BJ15) -> 28.307535 | BN15: 8.3345619 | BO15: 9.92207 | BP15: 0 | BQ15: 2.6211352 | BR15: =SUM(BL15,BN15,BO15,BP15,BQ15) -> 49.185303 | BT15: 340
A16: 0 | B16: 3 | C16: 0 | D16: 3 | E16: 0 | F16: 2 | G16: 0 | H16: 2 | I16: =CONCATENATE(A16,B16,C16,D16,E16,F16,G16,H16) -> 03030202 | J16: =CONCATENATE(A16,B16,C16,D16,E16,F16,G16,H16) -> 03030202 | L16: 70604 | S16: SERAM | U16: GASTRODUODENAL DOBLE CONTRASTE | V16: Mantener | W16: Valoración de morfología y motilidad esofágica, gástrica y duodenal tras ingesta de gas y contraste (doble contraste) | Y16: GASTRODUODENAL DOBLE CONTRASTE | Z16: Solicitar | AC16: 6.944744 | AD16: =BB16 -> 5.8333333 | AE16: 7.4859398 | AF16: PTE. | AG16: 30 | AH16: =SUM(AI16:AN16) -> 30 | AI16: 5 | AJ16: 0 | AK16: 7 | AL16: 13 | AM16: 0 | AN16: 5 | AP16: 40 | AQ16: =SUM(AR16:AY16) -> 40 | AR16: 5 | AS16: 0 | AT16: 13 | AU16: 0 | AV16: 20 | AW16: 0 | AX16: 0 | AY16: 2 | BA16: =(AH16*BF16)+(AQ16*BD16)+(AH16*BE16)+(AH16*BG16) -> 70 | BB16: =BA16/'Radiología simple.'!AO$8 -> 5.8333333 | BC16: {=_xlfn.IFS(BB16<4,"estandar",BB16>9,"compleja",BB16>4,"avanzada")} -> avanzada | BD16: 1 | BE16: 0 | BF16: 1 | BG16: 0 | BH16: 9.8352851 | BI16: 0 | BJ16: 29.000905 | BL16: =SUM(BH16,BI16,BJ16) -> 38.83619 | BN16: 12.501843 | BO16: 9.92207 | BP16: 0 | BQ16: 2.6211352 | BR16: =SUM(BL16,BN16,BO16,BP16,BQ16) -> 63.881238 | BT16: 340
A17: 0 | B17: 3 | C17: 0 | D17: 3 | E17: 0 | F17: 3 | G17: 0 | H17: 0 | I17: =CONCATENATE(A17,B17,C17,D17,E17,F17,G17,H17) -> 03030300 | J17: =CONCATENATE(A17,B17,C17,D17,E17,F17,G17,H17) -> 03030300 | S17: SERAM | T17: TRÁNSITO GASTRODUODENAL E INTESTINAL | V17: Mantener | Z17: Solicitar | BD17: 1 | BE17: 0 | BF17: 1 | BG17: 0
A18: 0 | B18: 3 | C18: 0 | D18: 3 | E18: 0 | F18: 3 | G18: 0 | H18: 1 | I18: =CONCATENATE(A18,B18,C18,D18,E18,F18,G18,H18) -> 03030301 | J18: =CONCATENATE(A18,B18,C18,D18,E18,F18,G18,H18) -> 03030301 | L18: 70605 | S18: SERAM | U18: GASTRODUODENAL CON TRÁNSITO INTESTINAL | V18: Mantener | W18: Valoración de morfología y motilidad esofágica, gástrica, duodenal y de intestino delgado tras ingesta de contraste | Y18: GASTRODUODENAL CON TRÁNSITO INTESTINAL | Z18: Solicitar | AC18: 8.703504 | AD18: =BB18 -> 6.6666667 | AE18: 11.266242 | AF18: PTE. | AG18: 60 | AH18: =SUM(AI18:AN18) -> 60 | AI18: 5 | AJ18: 0 | AK18: 5 | AL18: 45 | AM18: 0 | AN18: 5 | AP18: 40 | AQ18: =SUM(AR18:AY18) -> 20 | AR18: 5 | AS18: 0 | AT18: 13 | AU18: 0 | AV18: 0 | AW18: 0 | AX18: 0 | AY18: 2 | BA18: =(AH18*BF18)+(AQ18*BD18)+(AH18*BE18)+(AH18*BG18) -> 80 | BB18: =BA18/'Radiología simple.'!AO$8 -> 6.6666667 | BC18: =IF(BB18<9,"avanzada") -> avanzada | BD18: 1 | BE18: 0 | BF18: 1 | BG18: 0 | BH18: 19.67057 | BI18: 0 | BJ18: 29.000905 | BL18: =SUM(BH18,BI18,BJ18) -> 48.671475 | BN18: 25.003686 | BO18: 19.84414 | BP18: 0 | BQ18: 2.6211352 | BR18: =SUM(BL18,BN18,BO18,BP18,BQ18) -> 96.140436 | BT18: 680
A19: 0 | B19: 3 | C19: 0 | D19: 3 | E19: 0 | F19: 3 | G19: 0 | H19: 2 | I19: =CONCATENATE(A19,B19,C19,D19,E19,F19,G19,H19) -> 03030302 | J19: =CONCATENATE(A19,B19,C19,D19,E19,F19,G19,H19) -> 03030302 | L19: 70606 | S19: SERAM | U19: GASTRODUODENAL DOBLE CONTRASTE CON TRÁNSITO INTESTINAL | V19: Mantener | W19: Valoración de morfología y motilidad esofágica, gástrica, duodenal y de intestino delgado tras ingesta deaire y contraste (doble contraste) | Y19: GASTRODUODENAL DOBLE CONTRASTE CON TRÁNSITO INTESTINAL | Z19: Solicitar | AC19: 9.2897573 | AD19: =BB19 -> 9.1666667 | AE19: 12.13877 | AF19: PTE. | AG19: 70 | AH19: =SUM(AI19:AN19) -> 70 | AI19: 5 | AJ19: 0 | AK19: 10 | AL19: 50 | AM19: 0 | AN19: 5 | AP19: 40 | AQ19: =SUM(AR19:AY19) -> 40 | AR19: 5 | AS19: 0 | AT19: 13 | AU19: 0 | AV19: 20 | AW19: 0 | AX19: 0 | AY19: 2 | BA19: =(AH19*BF19)+(AQ19*BD19)+(AH19*BE19)+(AH19*BG19) -> 110 | BB19: =BA19/'Radiología simple.'!AO$8 -> 9.1666667 | BC19: {=_xlfn.IFS(BB19<4,"estandar",BB19>9,"compleja",BB19>4<9,"avanzada")} -> compleja | BD19: 1 | BE19: 0 | BF19: 1 | BG19: 0 | BH19: 22.948998 | BI19: 0 | BJ19: 29.000905 | BL19: =SUM(BH19,BI19,BJ19) -> 51.949903 | BN19: 29.170967 | BO19: 19.84414 | BP19: 0 | BQ19: 2.6211352 | BR19: =SUM(BL19,BN19,BO19,BP19,BQ19) -> 103.58615 | BT19: 680
A20: 0 | B20: 3 | C20: 0 | D20: 3 | E20: 0 | F20: 4 | G20: 0 | H20: 1 | I20: =CONCATENATE(A20,B20,C20,D20,E20,F20,G20,H20) -> 03030401 | J20: =CONCATENATE(A20,B20,C20,D20,E20,F20,G20,H20) -> 03030401 | L20: 70607 | S20: SERAM | T20: TRÁNSITO INTESTINAL | W20: Valoración de morfología y motilidad de intestino delgado tras ingesta de contraste | Y20: TRÁNSITO INTESTINAL | Z20: Solicitar | AC20: 8.7 | AD20: =BB20 -> 8.3333333 | AE20: 11.3 | AF20: PTE. | AG20: 60 | AH20: =SUM(AI20:AN20) -> 60 | AI20: 5 | AJ20: 0 | AK20: 10 | AL20: 40 | AM20: 0 | AN20: 5 | AP20: 40 | AQ20: =SUM(AR20:AY20) -> 40 | AR20: 5 | AS20: 0 | AT20: 33 | AU20: 0 | AV20: 0 | AW20: 0 | AX20: 0 | AY20: 2 | BA20: =(AH20*BF20)+(AQ20*BD20)+(AH20*BE20)+(AH20*BG20) -> 100 | BB20: =BA20/'Radiología simple.'!AO$8 -> 8.3333333 | BC20: {=_xlfn.IFS(BB20<4,"estandar",BB20>9,"compleja",BB20>4,"avanzada")} -> avanzada | BD20: 1 | BE20: 0 | BF20: 1 | BG20: 0 | BH20: 19.67057 | BI20: 0 | BJ20: 29.000905 | BL20: =SUM(BH20,BI20,BJ20) -> 48.671475 | BN20: 25.003686 | BO20: 19.84414 | BP20: 0 | BQ20: 2.6211352 | BR20: =SUM(BL20,BN20,BO20,BP20,BQ20) -> 96.140436 | BT20: 680
A21: 0 | B21: 3 | C21: 0 | D21: 3 | E21: 0 | F21: 5 | G21: 0 | H21: 1 | I21: =CONCATENATE(A21,B21,C21,D21,E21,F21,G21,H21) -> 03030501 | L21: 70608 | S21: SEDIA | U21: ENTEROCLISIS | V21: Eliminar | Y21: ENTEROCLISIS | BD21: 1 | BE21: 1 | BF21: 1 | BH21: 19.67057 | BI21: 0 | BJ21: 43.501357 | BL21: =SUM(BH21,BI21,BJ21) -> 63.171928 | BN21: 25.003686 | BO21: 19.84414 | BP21: 0 | BQ21: 2.6211352 | BR21: =SUM(BL21,BN21,BO21,BP21,BQ21) -> 110.64089 | BT21: 680
K23: 61 | T23: ENEMA | Y23: ENEMA
A24: 0 | B24: 3 | C24: 0 | D24: 3 | E24: 0 | F24: 6 | G24: 0 | H24: 0 | I24: =CONCATENATE(A24,B24,C24,D24,E24,F24,G24,H24) -> 03030600 | J24: =CONCATENATE(A24,B24,C24,D24,E24,F24,G24,H24) -> 03030600 | S24: SERAM | T24: ENEMA OPACO | V24: Mantener | Z24: Solicitar | BD24: 1 | BE24: 0 | BF24: 1 | BG24: 0
A25: 0 | B25: 3 | C25: 0 | D25: 3 | E25: 0 | F25: 6 | G25: 0 | H25: 1 | I25: =CONCATENATE(A25,B25,C25,D25,E25,F25,G25,H25) -> 03030601 | J25: =CONCATENATE(A25,B25,C25,D25,E25,F25,G25,H25) -> 03030601 | L25: 70611 | S25: SERAM | U25: ENEMA OPACO CONTRASTE SIMPLE | V25: Mantener | W25: Valoración de morfología del colon tras introducción rectal de contraste. | Y25: ENEMA OPACO CONTRASTE SIMPLE | Z25: Solicitar | AC25: 6.2345013 | AD25: =BB25 -> 3.75 | AE25: 8.6715679 | AF25: PTE. | AG25: 40 | AH25: 30 | AI25: 10 | AJ25: 0 | AK25: 10 | AL25: 15 | AM25: 0 | AN25: 5 | AP25: 30 | AQ25: =SUM(AR25:AY25) -> 15 | AR25: 5 | AS25: 0 | AT25: 8 | AU25: 0 | AV25: 0 | AW25: 0 | AX25: 0 | AY25: 2 | BA25: =(AH25*BF25)+(AQ25*BD25)+(AH25*BE25)+(AH25*BG25) -> 45 | BB25: =BA25/'Radiología simple.'!AO$8 -> 3.75 | BC25: {=_xlfn.IFS(BB25<4,"estandar",BB25>9,"compleja",BB25>4,"avanzada")} -> estandar | BD25: 1 | BE25: 0 | BF25: 1 | BG25: 0 | BH25: 13.113713 | BI25: 0 | BJ25: 21.750679 | BL25: =SUM(BH25,BI25,BJ25) -> 34.864392 | BN25: 16.669124 | BO25: 19.84414 | BP25: 0 | BQ25: 2.6211352 | BR25: =SUM(BL25,BN25,BO25,BP25,BQ25) -> 73.998791 | BT25: 570
A26: 0 | B26: 3 | C26: 0 | D26: 3 | E26: 0 | F26: 6 | G26: 0 | H26: 2 | I26: =CONCATENATE(A26,B26,C26,D26,E26,F26,G26,H26) -> 03030602 | J26: =CONCATENATE(A26,B26,C26,D26,E26,F26,G26,H26) -> 03030602 | L26: 70612 | S26: SERAM | U26: ENEMA OPACO DOBLE CONTRASTE | V26: Mantener | W26: Valoración de morfología del colon tras introducción rectal de gas y contraste (doble contraste) | Y26: ENEMA OPACO DOBLE CONTRASTE | Z26: Solicitar | AC26: 7.407008 | AD26: =BB26 -> 5.4166667 | AE26: 10.416623 | AF26: PTE. | AG26: 60 | AH26: 45 | AI26: 10 | AJ26: 0 | AK26: 20 | AL26: 25 | AM26: 0 | AN26: 5 | AP26: 30 | AQ26: =SUM(AR26:AY26) -> 20 | AR26: 5 | AS26: 0 | AT26: 13 | AU26: 0 | AV26: 0 | AW26: 0 | AX26: 0 | AY26: 2 | BA26: =(AH26*BF26)+(AQ26*BD26)+(AH26*BE26)+(AH26*BG26) -> 65 | BB26: =BA26/'Radiología simple.'!AO$8 -> 5.4166667 | BC26: {=_xlfn.IFS(BB26<4,"estandar",BB26>9,"compleja",BB26>4,"avanzada")} -> avanzada | BD26: 1 | BE26: 0 | BF26: 1 | BG26: 0 | BH26: 19.67057 | BI26: 0 | BJ26: 21.750679 | BL26: =SUM(BH26,BI26,BJ26) -> 41.421249 | BN26: 25.003686 | BO26: 19.84414 | BP26: 0 | BQ26: 2.6211352 | BR26: =SUM(BL26,BN26,BO26,BP26,BQ26) -> 88.89021 | BT26: 570
A27: 0 | B27: 3 | C27: 0 | D27: 3 | E27: 0 | F27: 6 | G27: 0 | H27: 3 | I27: =CONCATENATE(A27,B27,C27,D27,E27,F27,G27,H27) -> 03030603 | J27: =CONCATENATE(A27,B27,C27,D27,E27,F27,G27,H27) -> 03030603 | L27: 70613 | S27: SERAM | U27: ENEMA OPACO POR COLOSTOMÍA | V27: Mantener | W27: Valoración de morfología del colon tras introducción de contraste a través de colostomía | Y27: ENEMA OPACO POR COLOSTOMÍA | Z27: Solicitar | AC27: 6.2345013 | AD27: =BB27 -> 4.1666667 | AE27: 8.6715679 | AF27: PTE. | AG27: 40 | AH27: 30 | AI27: 10 | AJ27: 0 | AK27: 10 | AL27: 15 | AM27: 0 | AN27: 5 | AP27: 30 | AQ27: =SUM(AR27:AY27) -> 20 | AR27: 5 | AS27: 0 | AT27: 13 | AU27: 0 | AV27: 0 | AW27: 0 | AX27: 0 | AY27: 2 | BA27: =(AH27*BF27)+(AQ27*BD27)+(AH27*BE27)+(AH27*BG27) -> 50 | BB27: =BA27/'Radiología simple.'!AO$8 -> 4.1666667 | BC27: {=_xlfn.IFS(BB27<4,"estandar",BB27>9,"compleja",BB27>4,"avanzada")} -> avanzada | BD27: 1 | BE27: 0 | BF27: 1 | BG27: 0 | BH27: 13.113713 | BI27: 0 | BJ27: 21.750679 | BL27: =SUM(BH27,BI27,BJ27) -> 34.864392 | BN27: 16.669124 | BO27: 19.84414 | BP27: 0 | BQ27: 2.6211352 | BR27: =SUM(BL27,BN27,BO27,BP27,BQ27) -> 73.998791 | BT27: 570
A28: 0 | B28: 3 | C28: 0 | D28: 3 | E28: 0 | F28: 7 | G28: 0 | H28: 1 | I28: =CONCATENATE(A28,B28,C28,D28,E28,F28,G28,H28) -> 03030701 | J28: =CONCATENATE(A28,B28,C28,D28,E28,F28,G28,H28) -> 03030701 | L28: 70614 | S28: SERAM | T28: DEFECOGRAFÍA | V28: Mantener | W28: Valoración dinámica del mecanismo defecatorio tras introducción rectal de contraste | Y28: DEFECOGRAFÍA | Z28: Solicitar | AC28: 7.407008 | AD28: =BB28 -> 6.25 | AE28: 10.416623 | AF28: PTE. | AG28: 60 | AH28: 45 | AI28: 20 | AJ28: 0 | AK28: 10 | AL28: 25 | AM28: 0 | AN28: 5 | AP28: 30 | AQ28: =SUM(AR28:AY28) -> 30 | AR28: 15 | AS28: 0 | AT28: 13 | AU28: 0 | AV28: 0 | AW28: 0 | AX28: 0 | AY28: 2 | BA28: =(AH28*BF28)+(AQ28*BD28)+(AH28*BE28)+(AH28*BG28) -> 75 | BB28: =BA28/'Radiología simple.'!AO$8 -> 6.25 | BC28: {=_xlfn.IFS(BB28<4,"estandar",BB28>9,"compleja",BB28>4,"avanzada")} -> avanzada | BD28: 1 | BE28: 0 | BF28: 1 | BG28: 0 | BH28: 19.67057 | BI28: 0 | BJ28: 21.750679 | BL28: =SUM(BH28,BI28,BJ28) -> 41.421249 | BN28: 25.003686 | BO28: 19.84414 | BP28: 0 | BQ28: 2.6211352 | BR28: =SUM(BL28,BN28,BO28,BP28,BQ28) -> 88.89021 | BT28: 570
I30: =CONCATENATE(A30,B30,C30,D30,E30,F30,G30,H30) | K30: 70 | T30: OTRAS EXPLORACIONES DIGESTIVAS | Y30: OTRAS EXPLORACIONES DIGESTIVAS | Z30: Solicitar
A31: 0 | B31: 3 | C31: 0 | D31: 3 | E31: 0 | F31: 8 | G31: 0 | H31: 1 | I31: =CONCATENATE(A31,B31,C31,D31,E31,F31,G31,H31) -> 03030801 | J31: =CONCATENATE(A31,B31,C31,D31,E31,F31,G31,H31) -> 03030801 | L31: 70701 | S31: SERAM | T31: VIA BILIAR DIRECTA POR TUBO | V31: Mantener | W31: Valoración de vía biliar itras introducción de contraste a través de tubo exteriorizado | Y31: VIA BILIAR DIRECTA POR TUBO | Z31: Solicitar | AC31: 3.7654987 | AD31: =BB31 -> 3.3333333 | AE31: 4.1030084 | AF31: PTE. | AG31: 20 | AH31: =SUM(AI31:AN31) -> 20 | AI31: 10 | AJ31: 0 | AK31: 4 | AL31: 3 | AM31: 0 | AN31: 3 | AP31: 20 | AQ31: =SUM(AR31:AY31) -> 20 | AR31: 3 | AS31: 0 | AT31: 15 | AU31: 0 | AV31: 0 | AW31: 0 | AX31: 0 | AY31: 2 | BA31: =(AH31*BF31)+(AQ31*BD31)+(AH31*BE31)+(AH31*BG31) -> 40 | BB31: =BA31/'Radiología simple.'!AO$8 -> 3.3333333 | BC31: {=_xlfn.IFS(BB31<4,"estandar",BB31>9,"compleja",BB31>4,"avanzada")} -> estandar | BD31: 1 | BE31: 0 | BF31: 1 | BG31: 0 | BH31: 6.5568567 | BI31: 0 | BJ31: 14.500452 | BL31: =SUM(BH31,BI31,BJ31) -> 21.057309 | BN31: 8.3345619 | BO31: 3 | BP31: 0 | BQ31: 2.6211352 | BR31: =SUM(BL31,BN31,BO31,BP31,BQ31) -> 35.013006 | BT31: 10
A32: 0 | B32: 3 | C32: 0 | D32: 3 | E32: 0 | F32: 9 | G32: 0 | H32: 1 | I32: =CONCATENATE(A32,B32,C32,D32,E32,F32,G32,H32) -> 03030901 | J32: =CONCATENATE(A32,B32,C32,D32,E32,F32,G32,H32) -> 03030901 | L32: 70631 | S32: SERAM | T32: EXPLORACIONES ENDOSCÓPICAS Y OTRAS | V32: Mantener | W32: Realización de escopia para guía de procedimiento endoscópico | X32: SEDIA_ Ignoro que puede ser | Y32: EXPLORACIONES ENDOSCÓPICAS Y OTRAS | Z32: Solicitar | AC32: 3.51752 | AD32: =BB32 -> 5 | AE32: 5.8938787 | AF32: PTE. | AG32: 60 | AH32: =SUM(AI32:AN32) -> 60 | AI32: 10 | AJ32: 5 | AK32: 0 | AL32: 42 | AM32: 0 | AN32: 3 | BA32: =(AH32*BF32)+(AQ32*BD32)+(AH32*BE32)+(AH32*BG32) -> 60 | BB32: =BA32/'Radiología simple.'!AO$8 -> 5 | BC32: {=_xlfn.IFS(BB32<4,"estandar",BB32>9,"compleja",BB32>4,"avanzada")} -> avanzada | BD32: 1 | BE32: 0 | BF32: 1 | BG32: 0 | BH32: 19.67057 | BI32: 0 | BJ32: 0 | BL32: =SUM(BH32,BI32,BJ32) -> 19.67057 | BN32: 25.003686 | BO32: 3 | BP32: 0 | BQ32: 2.6211352 | BR32: =SUM(BL32,BN32,BO32,BP32,BQ32) -> 50.295391 | BT32: 10
A33: 0 | B33: 3 | C33: 0 | D33: 3 | E33: 1 | F33: 0 | G33: 0 | H33: 1 | I33: =CONCATENATE(A33,B33,C33,D33,E33,F33,G33,H33) -> 03031001 | J33: =CONCATENATE(A33,B33,C33,D33,E33,F33,G33,H33) -> 03031001 | L33: 70651 | S33: SERAM | T33: FISTULOGRAFÍA | V33: Mantener | W33: Valoración de trayecto fistuloso mediante introducción de contraste por orificio externo | Y33: FISTULOGRAFÍA | Z33: Solicitar | AC33: 3.7654987 | AD33: =BB33 -> 5 | AE33: 4.1030084 | AF33: PTE. | AG33: 20 | AH33: =SUM(AI33:AN33) -> 20 | AI33: 5 | AJ33: 0 | AK33: 5 | AL33: 7 | AM33: 0 | AN33: 3 | AP33: 20 | AQ33: =SUM(AR33:AY33) -> 20 | AR33: 3 | AS33: 0 | AT33: 15 | AU33: 0 | AV33: 0 | AW33: 0 | AX33: 0 | AY33: 2 | BA33: =(AH33*BF33)+(AQ33*BD33)+(AH33*BE33)+(AH33*BG33) -> 60 | BB33: =BA33/'Radiología simple.'!AO$8 -> 5 | BC33: {=_xlfn.IFS(BB33<4,"estandar",BB33>9,"compleja",BB33>4,"avanzada")} -> avanzada | BD33: 1 | BE33: 1 | BF33: 1 | BG33: 0 | BH33: 6.5568567 | BI33: 0 | BJ33: 14.500452 | BL33: =SUM(BH33,BI33,BJ33) -> 21.057309 | BN33: 8.3345619 | BO33: 3 | BP33: 0 | BQ33: 2.6211352 | BR33: =SUM(BL33,BN33,BO33,BP33,BQ33) -> 35.013006 | BT33: 20
S34: SENR | U34: VIDEOFLUOROSCOPIA EN ABDOMEN | V34: Eliminar | W34: esta incluida en ESOFAGO FUNCION DEGLUCION | Y34: VIDEOFLUOROSCOPIA EN ABDOMEN | BD34: 1 | BE34: 1 | BF34: 1
T36: RADIOLOGÍA GÉNITO-URINARIA | Y36: RADIOLOGÍA GÉNITO-URINARIA
A37: 0 | B37: 3 | C37: 0 | D37: 3 | E37: 1 | F37: 1 | G37: 0 | H37: 1 | I37: =CONCATENATE(A37,B37,C37,D37,E37,F37,G37,H37) -> 03031101 | J37: =CONCATENATE(A37,B37,C37,D37,E37,F37,G37,H37) -> 03031101 | L37: 70711 | S37: SERAM | T37: UROGRAFÍA INTRAVENOSA | V37: Mantener | W37: Estudio de la vía urinaria tras inyección de contraste IV y su excreción renal | Y37: UROGRAFÍA INTRAVENOSA | Z37: Solicitar | AC37: 4.9552013 | AD37: =BB37 -> 5.5 | AE37: 7.3144544 | AF37: PTE. | AG37: 50 | AH37: =SUM(AI37:AN37) -> 28 | AI37: 5 | AJ37: 0 | AK37: 10 | AL37: 10 | AM37: 0 | AN37: 3 | AP37: 10 | AQ37: =SUM(AR37:AY37) -> 10 | AR37: 3 | AS37: 0 | AT37: 5 | AU37: 0 | AV37: 0 | AW37: 0 | AX37: 0 | AY37: 2 | BA37: =(AH37*BF37)+(AQ37*BD37)+(AH37*BE37)+(AH37*BG37) -> 66 | BB37: =BA37/'Radiología simple.'!AO$8 -> 5.5 | BC37: {=_xlfn.IFS(BB37<4,"estandar",BB37>9,"compleja",BB37>4,"avanzada")} -> avanzada | BD37: 1 | BE37: 1 | BF37: 1 | BG37: 0 | BH37: 16.392142 | BI37: 4.0679608 | BJ37: 7.2502262 | BL37: =SUM(BH37,BI37,BJ37) -> 27.710329 | BN37: 20.836405 | BO37: 11.25 | BP37: 0 | BQ37: 2.6211352 | BR37: =SUM(BL37,BN37,BO37,BP37,BQ37) -> 62.417869 | BT37: 75
A38: 0 | B38: 3 | C38: 0 | D38: 3 | E38: 1 | F38: 2 | G38: 0 | H38: 1 | I38: =CONCATENATE(A38,B38,C38,D38,E38,F38,G38,H38) -> 03031201 | J38: =CONCATENATE(A38,B38,C38,D38,E38,F38,G38,H38) -> 03031201 | L38: 70712 | S38: SEDIA | T38: PIELOGRAFÍA POR CATETER O POR NEFROSTOMÍA | V38: Modificar | W38: Estudio de la vía urinaria tras introducción de contraste por catéter de nefrostomía | Y38: PIELOGRAFÍA POR TUBO (NEFROSTOGRAMA) | Z38: Solicitar | AC38: 4.0564741 | AD38: =BB38 -> 5 | AE38: 4.6452462 | AF38: PTE. | AG38: 20 | AH38: =SUM(AI38:AN38) -> 20 | AI38: 10 | AJ38: 0 | AK38: 2 | AL38: 5 | AM38: 0 | AN38: 3 | AP38: 20 | AQ38: =SUM(AR38:AY38) -> 20 | AR38: 3 | AS38: 0 | AT38: 10 | AU38: 5 | AV38: 0 | AW38: 0 | AX38: 0 | AY38: 2 | BA38: =(AH38*BF38)+(AQ38*BD38)+(AH38*BE38)+(AH38*BG38) -> 60 | BB38: =BA38/'Radiología simple.'!AO$8 -> 5 | BC38: {=_xlfn.IFS(BB38<4,"estandar",BB38>9,"compleja",BB38>4,"avanzada")} -> avanzada | BD38: 1 | BE38: 1 | BF38: 1 | BG38: 0 | BH38: 6.5568567 | BI38: 1.6271843 | BJ38: 14.500452 | BL38: =SUM(BH38,BI38,BJ38) -> 22.684494 | BN38: 8.3345619 | BO38: 6 | BP38: 0 | BQ38: 2.6211352 | BR38: =SUM(BL38,BN38,BO38,BP38,BQ38) -> 39.640191 | BT38: 40
A39: 0 | B39: 3 | C39: 0 | D39: 3 | E39: 1 | F39: 3 | G39: 0 | H39: 1 | I39: =CONCATENATE(A39,B39,C39,D39,E39,F39,G39,H39) -> 03031301 | J39: =CONCATENATE(A39,B39,C39,D39,E39,F39,G39,H39) -> 03031301 | L39: 70713 | S39: SERAM | T39: CISTOGRAFÍA | V39: Mantener | W39: Estudio vesical tras introducción de contraste a través de sonda | Y39: CISTOGRAFÍA | Z39: Solicitar | AC39: 4.7882152 | AD39: =BB39 -> 6.6666667 | AE39: 7.8191038 | AF39: PTE. | AG39: 30 | AH39: =SUM(AI39:AN39) -> 30 | AI39: 10 | AJ39: 0 | AK39: 10 | AL39: 7 | AM39: 0 | AN39: 3 | AP39: 20 | AQ39: =SUM(AR39:AY39) -> 20 | AR39: 3 | AS39: 0 | AT39: 10 | AU39: 5 | AV39: 0 | AW39: 0 | AX39: 0 | AY39: 2 | BA39: =(AH39*BF39)+(AQ39*BD39)+(AH39*BE39)+(AH39*BG39) -> 80 | BB39: =BA39/'Radiología simple.'!AO$8 -> 6.6666667 | BC39: {=_xlfn.IFS(BB39<4,"estandar",BB39>9,"compleja",BB39>4,"avanzada")} -> avanzada | BD39: 1 | BE39: 1 | BF39: 1 | BG39: 0 | BH39: 9.8352851 | BI39: 2.4407765 | BJ39: 14.500452 | BL39: =SUM(BH39,BI39,BJ39) -> 26.776514 | BN39: 12.501843 | BO39: 24.8248 | BP39: 0 | BQ39: 2.6211352 | BR39: =SUM(BL39,BN39,BO39,BP39,BQ39) -> 66.724292 | BT39: 250
A40: 0 | B40: 3 | C40: 0 | D40: 3 | E40: 1 | F40: 4 | G40: 0 | H40: 1 | I40: =CONCATENATE(A40,B40,C40,D40,E40,F40,G40,H40) -> 03031401 | J40: =CONCATENATE(A40,B40,C40,D40,E40,F40,G40,H40) -> 03031401 | L40: 70714 | S40: SERAM | T40: URETROCISTOGRAFÍA RETRÓGRADA Y SERIE MICCIONAL | V40: Mantener | W40: Estudio de uretra tras cateterización uretral e introducción de contraste. Valoración posterior vesical y de la uretra durante la micción. | Y40: URETROCISTOGRAFÍA RETRÓGRADA Y SERIE MICCIONAL | Z40: Solicitar | AC40: 7.5481933 | AD40: =BB40 -> 10.833333 | AE40: 10.60446 | AF40: PTE. | AG40: 50 | AH40: =SUM(AI40:AN40) -> 50 | AI40: 15 | AJ40: 0 | AK40: 10 | AL40: 22 | AM40: 0 | AN40: 3 | AP40: 30 | AQ40: =SUM(AR40:AY40) -> 30 | AR40: 3 | AS40: 0 | AT40: 10 | AU40: 15 | AV40: 0 | AW40: 0 | AX40: 0 | AY40: 2 | BA40: =(AH40*BF40)+(AQ40*BD40)+(AH40*BE40)+(AH40*BG40) -> 130 | BB40: =BA40/'Radiología simple.'!AO$8 -> 10.833333 | BC40: {=_xlfn.IFS(BB40<4,"estandar",BB40>9,"compleja",BB40>4,"avanzada")} -> compleja | BD40: 1 | BE40: 1 | BF40: 1 | BG40: 0 | BH40: 16.392142 | BI40: 4.0679608 | BJ40: 21.750679 | BL40: =SUM(BH40,BI40,BJ40) -> 42.210781 | BN40: 20.836405 | BO40: 24.8248 | BP40: 0 | BQ40: 2.6211352 | BR40: =SUM(BL40,BN40,BO40,BP40,BQ40) -> 90.493121 | BT40: 250
A41: 0 | B41: 3 | C41: 0 | D41: 3 | E41: 1 | F41: 5 | G41: 0 | H41: 1 | I41: =CONCATENATE(A41,B41,C41,D41,E41,F41,G41,H41) -> 03031501 | J41: =CONCATENATE(A41,B41,C41,D41,E41,F41,G41,H41) -> 03031501 | L41: 70715 | S41: SERAM | T41: PIELOGRAFÍA ASCENDENTE | V41: Mantener | W41: Estudio de vía urinaria tras introducción de contraste a través de catéter ureteral exteriorizado | Y41: PIELOGRAFÍA ASCENDENTE | Z41: Solicitar | AC41: 4.9552013 | AD41: =BB41 -> 9.1666667 | AE41: 6.6992318 | AF41: PTE. | AG41: 50 | AH41: =SUM(AI41:AN41) -> 50 | AI41: 15 | AJ41: 0 | AK41: 10 | AL41: 22 | AM41: 0 | AN41: 3 | AP41: 10 | AQ41: =SUM(AR41:AY41) -> 10 | AR41: 3 | AS41: 0 | AT41: 5 | AU41: 0 | AV41: 0 | AW41: 0 | AX41: 0 | AY41: 2 | BA41: =(AH41*BF41)+(AQ41*BD41)+(AH41*BE41)+(AH41*BG41) -> 110 | BB41: =BA41/'Radiología simple.'!AO$8 -> 9.1666667 | BC41: {=_xlfn.IFS(BB41<4,"estandar",BB41>9,"compleja",BB41>4,"avanzada")} -> compleja | BD41: 1 | BE41: 1 | BF41: 1 | BG41: 0 | BH41: 16.392142 | BI41: 4.0679608 | BJ41: 7.2502262 | BL41: =SUM(BH41,BI41,BJ41) -> 27.710329 | BN41: 20.836405 | BO41: 6 | BP41: 0 | BQ41: 2.6211352 | BR41: =SUM(BL41,BN41,BO41,BP41,BQ41) -> 57.167869 | BT41: 40
A42: 0 | B42: 3 | C42: 0 | D42: 3 | E42: 1 | F42: 6 | G42: 0 | H42: 1 | I42: =CONCATENATE(A42,B42,C42,D42,E42,F42,G42,H42) -> 03031601 | J42: =CONCATENATE(A42,B42,C42,D42,E42,F42,G42,H42) -> 03031601 | L42: 70716 | S42: SERAM | T42: HISTEROSALPINGOGRAFÍA | V42: Mantener | W42: Estudio de cavidad uterina y trompas tras introducción de contraste a través de orificio cervical | Y42: HISTEROSALPINGOGRAFÍA. | Z42: Solicitar | AC42: 6.0847112 | AD42: =BB42 -> 7.5 | AE42: 9.0408101 | AF42: PTE. | AG42: 30 | AH42: =SUM(AI42:AN42) -> 30 | AI42: 15 | AJ42: 0 | AK42: 5 | AL42: 7 | AM42: 0 | AN42: 3 | AP42: 30 | AQ42: =SUM(AR42:AY42) -> 30 | AR42: 3 | AS42: 0 | AT42: 10 | AU42: 15 | AV42: 0 | AW42: 0 | AX42: 0 | AY42: 2 | BA42: =(AH42*BF42)+(AQ42*BD42)+(AH42*BE42)+(AH42*BG42) -> 90 | BB42: =BA42/'Radiología simple.'!AO$8 -> 7.5 | BC42: {=_xlfn.IFS(BB42<4,"estandar",BB42>9,"compleja",BB42>4,"avanzada")} -> avanzada | BD42: 1 | BE42: 1 | BF42: 1 | BG42: 0 | BH42: 9.8352851 | BI42: 2.4407765 | BJ42: 21.750679 | BL42: =SUM(BH42,BI42,BJ42) -> 34.02674 | BN42: 12.501843 | BO42: 3 | BP42: 25 | BQ42: 2.6211352 | BR42: =SUM(BL42,BN42,BO42,BP42,BQ42) -> 77.149718 | BT42: 10
I43: =CONCATENATE(A43,B43,C43,D43,E43,F43,G43,H43) | S43: SEGECAlc | U43: SONOHISTEROSONOGRAFÍA | V43: Eliminar | W43: mover al catálogo de pruebas de Ecografía | Y43: SONOHISTEROSONOGRAFÍA | BD43: 1 | BE43: 1 | BF43: 1
T45: OTRAS EXPLORACIONES CONVENCIONALES CON CONTRASTE | Y45: OTRAS EXPLORACIONES CONVENCIONALES CON CONTRATE
A46: 0 | B46: 3 | C46: 0 | D46: 4 | E46: 0 | F46: 1 | G46: 0 | H46: 1 | I46: =CONCATENATE(A46,B46,C46,D46,E46,F46,G46,H46) -> 03040101 | J46: 03040101 | L46: 70621 | S46: SERAM | T46: SIALOGRAFÍA | V46: Mantener | W46: Estudio de la vía excretora salival (conductos de Wharton o Stenon) tras canalización de orificio de drenaje e introducción de contraste | Y46: SIALOGRAFÍA | Z46: Solicitar | AC46: 7.5309973 | AD46: =BB46 -> 6.6666667 | AE46: 11.988624 | AF46: PTE. | AG46: 40 | AH46: =SUM(AI46:AN46) -> 40 | AI46: 15 | AJ46: 0 | AK46: 12 | AL46: 10 | AM46: 0 | AN46: 3 | AP46: 40 | AQ46: =SUM(AR46:AY46) -> 40 | AR46: 3 | AS46: 0 | AT46: 25 | AU46: 10 | AV46: 0 | AW46: 0 | AX46: 0 | AY46: 2 | BA46: =(AH46*BF46)+(AQ46*BD46)+(AH46*BE46)+(AH46*BG46) -> 80 | BB46: =BA46/'Radiología simple.'!AO$8 -> 6.6666667 | BC46: {=_xlfn.IFS(BB46<4,"estandar",BB46>9,"compleja",BB46>4,"avanzada")} -> avanzada | BD46: 1 | BE46: 0 | BF46: 1 | BG46: 0 | BH46: 13.113713 | BI46: 0 | BJ46: 29.000905 | BL46: =SUM(BH46,BI46,BJ46) -> 42.114618 | BN46: 16.669124 | BO46: 3 | BP46: 37.9 | BQ46: 2.6211352 | BR46: =SUM(BL46,BN46,BO46,BP46,BQ46) -> 102.30488 | BT46: 2
A47: 0 | B47: 3 | C47: 0 | D47: 4 | E47: 0 | F47: 2 | G47: 0 | H47: 1 | I47: =CONCATENATE(A47,B47,C47,D47,E47,F47,G47,H47) -> 03040201 | J47: 03040201 | L47: 70221 | S47: SERAM | T47: DACRIOCISTOGRAFÍA | V47: Mantener | W47: Estudio de la vía lacrimal tras canalización de orificio lacrimal e introducción de contraste. | Y47: DACRIOCISTOGRAFÍA | Z47: Solicitar | AC47: 2.4690027 | AD47: =BB47 -> 3.3333333 | AE47: 7.6947102 | AF47: PTE. | AG47: 20 | AH47: =SUM(AI47:AN47) -> 30 | AI47: 15 | AJ47: 0 | AK47: 12 | AL47: 0 | AM47: 0 | AN47: 3 | AP47: 10 | AQ47: =SUM(AR47:AY47) -> 10 | AR47: 3 | AS47: 0 | AT47: 5 | AU47: 0 | AV47: 0 | AW47: 0 | AX47: 0 | AY47: 2 | BA47: =(AH47*BF47)+(AQ47*BD47)+(AH47*BE47)+(AH47*BG47) -> 40 | BB47: =BA47/'Radiología simple.'!AO$8 -> 3.3333333 | BC47: {=_xlfn.IFS(BB47<4,"estandar",BB47>9,"compleja",BB47>4,"avanzada")} -> estandar | BD47: 1 | BE47: 0 | BF47: 1 | BG47: 0 | BH47: 6.5568567 | BI47: 0 | BJ47: 7.2502262 | BL47: =SUM(BH47,BI47,BJ47) -> 13.807083 | BN47: 8.3345619 | BO47: 3 | BP47: 37.9 | BQ47: 2.6211352 | BR47: =SUM(BL47,BN47,BO47,BP47,BQ47) -> 65.66278 | BT47: 2

Sheet Unidad de Mama
A1: REVISADA
O2: OMC | T2: CATÁLOGO PRUEBAS Y PROCEDIMIENTOS SERAM 2024
I3: =CONCATENATE(A3,B3,C3,D3,E3,F3,G3,H3) | U3: MAMOGRAFÍA E INTERVENCIONISMO DE MAMA | X3: MAMOGRAFIA E INTERV. DE MAMA
A4: N1 Técnica | C4: N2 Órgano | E4: N3 Prueba | G4: N4 Procedimiento | I4: COD 2015 | J4: COD 2024 | K4: COD 2009 | L4: COD 2009 | M4: GRP ORD. | N4: Descriptor | O4: Complejidad | P4: Anestesia | Q4: CIEP 9 | R4: VALORACIÓN | S4: SEC. PROPONE | T4: PRUEBA | U4: PROCEDIMIENTO | V4: DECISION | W4: DESCRIPCION PROCEDIMIENTO | X4: EXPLORACIONES | Y4: CONSENT. INFORMADO | Z4: VERSIÓN CONSENT. | AA4: LINK CONSENTIMIENTO | AB4: UAR 2016 | AC4: UAR 2024 | AD4: URV 2016 | AE4: URV 2024 | AF4: TOS 2016 | AG4: TOS 2024 | AH4: Tl | AI4: Ts/d | AJ4: Tc | AK4: Taib | AL4: Taia | AM4: Tp | AO4: TM 2016 | AP4: TM 2024 | AQ4: Tl | AR4: Tpl | AS4: Tib | AT4: Tia | AU4: Tcom | AV4: Tp | AW4: Tacp | AX4: Tdf | AZ4: CAL. TIEMPO TOTAL | BA4: UAR 2024 | BB4: INDICE COMPLEJIDAD | BC4: Nº FE | BD4: Nº DUE | BE4: Nº TSID | BF4: Nº TCAE | BG4: Coste TER | BH4: Coste DUE | BI4: Coste médico | BJ4: Coste TCAE | BK4: Coste total personal | BL4: URA | BM4: Coste equipos | BN4: Coste contraste | BO4: Coste fungible | BP4: Coste PACS | BQ4: Coste total | BR4: URV | BS4: Contraste
I5: =CONCATENATE(A5,B5,C5,D5,E5,F5,G5,H5) | AZ5: Tper x nº per
I6: =CONCATENATE(A6,B6,C6,D6,E6,F6,G6,H6) | K6: =CONCATENATE(B6,C6,D6,E6,F6,G6,H6,I6) | L6: =CONCATENATE(C6,D6,E6,F6,G6,H6,I6,K6) | M6: =CONCATENATE(D6,E6,F6,G6,H6,I6,K6,L6) | N6: =CONCATENATE(E6,F6,G6,H6,I6,K6,L6,M6) | O6: =CONCATENATE(F6,G6,H6,I6,K6,L6,M6,N6) | P6: =CONCATENATE(G6,H6,I6,K6,L6,M6,N6,O6) | Q6: =CONCATENATE(H6,I6,K6,L6,M6,N6,O6,P6) | R6: =CONCATENATE(I6,K6,L6,M6,N6,O6,P6,Q6) | S6: =CONCATENATE(K6,L6,M6,N6,O6,P6,Q6,R6) | U6: =CONCATENATE(L6,M6,N6,O6,P6,Q6,R6,S6) | V6: =CONCATENATE(M6,N6,O6,P6,Q6,R6,S6,U6) | W6: =CONCATENATE(N6,O6,P6,Q6,R6,S6,U6,V6)
A7: 0 | B7: 2 | C7: 0 | D7: 0 | E7: 0 | F7: 0 | G7: 0 | H7: 0 | S7: SERAM | T7: MAMOGRAFÍA
A8: 0 | B8: 2 | C8: 0 | D8: 0 | E8: 0 | F8: 1 | G8: 0 | H8: 1 | I8: =CONCATENATE(A8,B8,C8,D8,E8,F8,G8,H8) -> 02000101 | J8: =CONCATENATE(A8,B8,C8,D8,E8,F8,G8,H8) -> 02000101 | L8: 72331 | S8: SERAM | T8: MAMOGRAFÍA BILATERAL 2P | V8: Mantener | W8: Adquisiciones craneocaudal y oblicua de las dos mamas en paciente sintomático | X8: MAMOGRAFÍA BILATERAL 2P | Y8: No existe | AB8: 2.8 | AC8: =BA8 -> 2.5 | AD8: 2.8861065 | AE8: PTE. | AF8: 15 | AG8: =SUM(AH8:AM8) -> 15 | AH8: 4 | AI8: 0 | AJ8: 0 | AK8: 9 | AL8: 0 | AM8: 2 | AO8: 15 | AP8: 15 | AQ8: 2 | AR8: 0 | AS8: 9 | AT8: 0 | AU8: 0 | AV8: 0 | AW8: 0 | AX8: 4 | AZ8: =(AG8*BE8)+(AP8*BC8)+(AG8*BD8)+(AG8*BF8) -> 30 | BA8: =AZ8/'Radiología simple.'!AO$8 -> 2.5 | BB8: {=_xlfn.IFS(BA8<4,"estandar",BA8>9,"compleja",BA8>4<9,"avanzada")} -> estandar | BC8: 1 | BD8: 0 | BE8: 1 | BF8: 0 | BG8: 4.9176425 | BH8: 0 | BI8: 10.875339 | BK8: =SUM(BG8,BH8,BI8) -> 15.792982 | BM8: 4.2459249 | BN8: 0 | BO8: 0 | BP8: 4.5896721 | BQ8: =SUM(BK8,BM8,BN8,BO8,BP8) -> 24.628579
A9: 0 | B9: 2 | C9: 0 | D9: 0 | E9: 0 | F9: 2 | G9: 0 | H9: 1 | I9: =CONCATENATE(A9,B9,C9,D9,E9,F9,G9,H9) -> 02000201 | J9: =CONCATENATE(A9,B9,C9,D9,E9,F9,G9,H9) -> 02000201 | L9: 72338 | S9: SERAM | T9: MAMOGRAFÍA UNILATERAL 2P | V9: Mantener | W9: Adquisiciones craneocaudal y oblicua de una mama en paciente sintomático | X9: MAMOGRAFÍA UNILATERAL 2P | Y9: No existe | AB9: 2 | AC9: =BA9 -> 2.25 | AD9: 2.2465297 | AE9: PTE. | AF9: 12 | AG9: =SUM(AH9:AM9) -> 12 | AH9: 4 | AI9: 0 | AJ9: 0 | AK9: 6 | AL9: 0 | AM9: 2 | AO9: 10 | AP9: 15 | AQ9: 2 | AR9: 0 | AS9: 6 | AT9: 0 | AU9: 0 | AV9: 0 | AW9: 0 | AX9: 2 | AZ9: =(AG9*BE9)+(AP9*BC9)+(AG9*BD9)+(AG9*BF9) -> 27 | BA9: =AZ9/'Radiología simple.'!AO$8 -> 2.25 | BB9: {=_xlfn.IFS(BA9<4,"estandar",BA9>9,"compleja",BA9>4<9,"avanzada")} -> estandar | BC9: 1 | BD9: 0 | BE9: 1 | BF9: 0 | BG9: 3.934114 | BH9: 0 | BI9: 7.2502262 | BK9: =SUM(BG9,BH9,BI9) -> 11.18434 | BM9: 3.39674 | BN9: 0 | BO9: 0 | BP9: 4.5896721 | BQ9: =SUM(BK9,BM9,BN9,BO9,BP9) -> 19.170752
